Workbook
Name SegmentaciónDeDatos_RESPONSABLE_FINAL: #N/A
Name SegmentaciónDeDatos_TIPO_DE_NOTIFICACIÓN: #N/A

Sheet Detalle1
A1: Detalles para Cuenta de TIPO DE NOTIFICACIÓN - RESPONSABLE FINAL: Fanny Villarraga
A3: ESTADO ACTUAL | B3: RESPONSABLE FINAL | C3: FECHA INICIO DE GESTION | D3: MEDICION DE INICIO DE GESTIÓN | E3: TIPO DE NOTIFICACIÓN | F3: FECHA REAL DE NOTIFICACIÓN | G3: DÍAS DE GESTIÓN | H3: ALERTA | I3: OBSERVACIONES | J3: ACTO ADMINISTRATIVO | K3: FECHA DEL ACTO ADMINISTRATIVO | L3: FECHA DE ASIGNACIÓN | M3: FECHA DE GESTION | N3: NOMBRE USUARIO A QUIEN SE REASIGNA GESTION DE NOTIFICACION | O3: FECHA DE REASIGNACIÓN | P3: FECHA DE GESTION REASIGNACION | Q3: PRODUCTO CONFORME | R3: MOTIVO | S3: SE REALIZA SUBSANACIÓN | T3: FECHA DE SUBSANACIÓN | U3: DEPENDENCIA QUE REMITE EL ACTO ADMINISTRATIVO | V3: RADICADO DE ENTRADA | W3: FECHA RADICADO DE ENTRADA | X3: CEDULA/NIT | Y3: NOMBRE PERSONA JURIDICA o NATURAL | Z3: DIRECCIÓN FÍSICA | AA3: CIUDAD | AB3: CORREO ELECTRÓNICO | AC3: TRÁMITE | AD3: DETALLE DEL TRAMITE (PLACAS, TIPO DE CREDENCIAL) | AE3: DECISIÓN | AF3: ¿APLICA CARGUE AL RUNT? | AG3: FECHA DEL CARGUE AL RUNT | AH3: ESTADO NOTIFICACION ELECTRONICA | AI3: PROCEDE NOTIFICACIÓN ELECTRONICA | AJ3: FECHA ENTREGA A 472 PARA NOTIFICACIÓN ELECTRONICA | AK3: ¿SE NOTIFICO ELECTRONICAMENTE? | AL3: FECHA MAXIMA PARA SEGUIMIENTO ENTREGA | AM3: FUE EFECTIVA? | AN3: FECHA EFECTIVA DE LA NOTIFICACIÓN ELECTRONICA | AO3: FORMULA CITACIÓN / AVISO | AP3: TIPO DE ENVIO | AQ3: FECHA DE REVISIÓN | AR3: FECHA DE FIRMA | AS3: NUMERO DE RADICADO DE SALIDA | AT3: FECHA DE ENVÍO | AU3: NUMERO DE GUIA (ENVIO FISICO) | AV3: SE ENTREGO EFECTIVAMENTE | AW3: FECHA EFECTIVA DE LA ENTREGA CITACIÓN | AX3: FECHA MAXIMA PARA SEGUIMIENTO ENTREGA - CITACIÓN Y/O COMUNICACIÓN | AY3: ESTADO PROCESO CITACIÓN | AZ3: FECHA MAXIMA DE PRESENTACIÓN DEL USUARIO | BA3: SE PRESENTÓ? | BB3: NOTIFICADOR PRESENCIAL | BC3: FECHA DE LA NOTIFICACION PERSONAL | BD3: FORMULA AVISO | BE3: FECHA ELABORACIÓN AVISO | BF3: FECHA REVISION AVISO | BG3: FECHA DE FIRMA DE AVISO | BH3: NUMERO DE RADICADO DEL AVISO | BI3: FECHA ENVÍO AVISO | BJ3: No GUIA DEL AVISO | BK3: SE ENTREGO AVISO EFECTIVAMENTE | BL3: FECHA MAXIMA PARA SEGUIMIENTO ENTREGA2 | BM3: ESTADO AVISO | BN3: ESTADO PUBLICACIÓN | BO3: FECHA DE PUBLICACIÓN EN PAGINA WEB | BP3: FECHA EFECTIVA DE NOTIFICACION POR AVISO | BQ3: FUE EFECTIVA LA PUBLICACIÓN | BR3: PROCEDE RECURSO | BS3: TIPO DE RECURSO QUE LE PROCEDE | BT3: TÉRMINO RECURSOS | BU3: FECHA ESTIMADA PARA REALIZAR DE EJECUTORIA | BV3: PROCEDE EJECUTORIA | BW3: FECHA TRÁMITE EJECUTORIA | BX3: FECHA DE REVISIÓN EJECUTORIA | BY3: FECHA FIRMA EJECUTORIA | BZ3: ESTADO EJECUTORIA | CA3: ESTADO TRASLADOS | CB3: PROCEDEN MEMORANDOS | CC3: DEPENDENCIA DEL MEMORANDO | CD3: FECHA DE REVISION MEMORANDO | CE3: FECHA FIRMA MEMORANDO | CF3: RADICADO | CG3: FECHA DE ENVIÓ MEMORANDO | CH3: PROCEDEN OFICIOS | CI3: FECHA DE REVISION OFICIO | CJ3: FECHA DE FIRMA OFICIO EXTERNO | CK3: RADICADO DEL OFICIO EXTERNO | CL3: FECHA DEL RADICADO OFICIO EXTERNO | CM3: FECHA ENVIO DEL OFICIO
A4: SIN GESTIÓN | B4: Fanny Villarraga | C4: 46038 | E4: PENDIENTE DE NOTIFICACIÓN | H4: A TIEMPO | I4: URGENTE PDTE PRUEBA DE ENTREGA 23-01 | J4: 20254200109557CS | K4: 46013 | L4: 46038 | M4: 46038 | Q4: SI | U4: 420 GRUPO DE ESQUEMAS AUTORPROTECCIÓN | V4: 205002061CE | W4: 45779 | X4: 900581703 | Y4: NEOSTAR SEGURIDAD DE COLOMBIA LTDA | Z4: CL 79 B NO. 55 47 | AA4: BOGOTÁ D.C. | AB4: NOTIFICACIONESJUDICIALES@NEOSECURITY.CO | AC4: DESBLINDAJE | AD4: JDV 825 | AE4: AUTORIZA | AF4: NO | AH4: PENDIENTE ENVÍO NOTIFICACIÓN ELECTRÓNICA | AI4: SI | AJ4: 46038 | AL4: 46045 | AO4: NOTIFICAR POR CITACION | AY4: PENDIENTE GESTIONAR CITACIÓN | BD4: NO APLICA | BM4: PENDIENTE HACER AVISO | BN4: EN TRÁMITE NOTIF. POR AVISO | BT4: #N/A | BU4: EN PROCESO NOTIFICACION / COMUNICACION | BZ4: PENDIENTE EJECUTORIA
A5: SIN GESTIÓN | B5: Fanny Villarraga | C5: 46038 | E5: PENDIENTE DE NOTIFICACIÓN | H5: A TIEMPO | I5: PDTE PRUEBA 23-01 | J5: 20264300000247CS | K5: 46037 | L5: 46038 | M5: 46038 | Q5: SI | U5: 430 - 444 GRUPO DE CONSULTORIA Y CAPACITACIÓN | V5: 2025015116CE | W5: 45931 | X5: 80722131 | Y5: OSCAR LEONARDO ALVAREZ ESTEVEZ | Z5: VIA SIRIVANA NO 14-120 CASA 5 CONJUNTO CARACARO | AA5: YOPAL CASANARE | AB5: oscar3742@hotmail.com | AC5: ACREDITACIÓN COMO CONSULTOR, ASESOR, E INVESTIGADOR EN SEGURIDAD PRIVADA, GUÍA O INSTRUCTOR CANINO | AD5: NO APLICA | AE5: CONCEDE | AF5: NO | AH5: PENDIENTE ENVÍO NOTIFICACIÓN ELECTRÓNICA | AI5: SI | AJ5: 46038 | AL5: 46045 | AO5: NOTIFICAR POR CITACION | AY5: PENDIENTE GESTIONAR CITACIÓN | BD5: NO APLICA | BM5: PENDIENTE HACER AVISO | BN5: EN TRÁMITE NOTIF. POR AVISO | BT5: #N/A | BU5: EN PROCESO NOTIFICACION / COMUNICACION | BZ5: PENDIENTE EJECUTORIA
A6: SIN GESTIÓN | B6: Fanny Villarraga | C6: 46038 | E6: PENDIENTE DE NOTIFICACIÓN | H6: A TIEMPO | I6: PDTE PRUEBA 23-01 | J6: 20264300000237CS | K6: 46037 | L6: 46038 | M6: 46038 | Q6: SI | U6: 430 - 444 GRUPO DE CONSULTORIA Y CAPACITACIÓN | V6: 2025015130CE | W6: 45931 | X6: 1052403953 | Y6: BRAYAN ALEXIS ESTEPA MENDIVELSO | Z6: CALLE 49C SUR NO 05-85 | AA6: BOGOTÁ D.C. | AB6: estepab093@gmail.com | AC6: ACREDITACIÓN COMO CONSULTOR, ASESOR, E INVESTIGADOR EN SEGURIDAD PRIVADA, GUÍA O INSTRUCTOR CANINO | AD6: NO APLICA | AE6: CONCEDE | AF6: NO | AH6: PENDIENTE ENVÍO NOTIFICACIÓN ELECTRÓNICA | AI6: SI | AJ6: 46038 | AL6: 46045 | AO6: NOTIFICAR POR CITACION | AY6: PENDIENTE GESTIONAR CITACIÓN | BD6: NO APLICA | BM6: PENDIENTE HACER AVISO | BN6: EN TRÁMITE NOTIF. POR AVISO | BT6: #N/A | BU6: EN PROCESO NOTIFICACION / COMUNICACION | BZ6: PENDIENTE EJECUTORIA
A7: SIN GESTIÓN | B7: Fanny Villarraga | C7: 46038 | E7: PENDIENTE DE NOTIFICACIÓN | H7: A TIEMPO | I7: PDTE PRUEBA 23-01 | J7: 20264300000227CS | K7: 46037 | L7: 46038 | M7: 46038 | Q7: SI | U7: 430 - 444 GRUPO DE CONSULTORIA Y CAPACITACIÓN | V7: 2025015246CE | W7: 45932 | X7: 88234363 | Y7: JHON ALEXIS GARCIA SANGUINO | Z7: Mz39 TRANSVESAL 10 NO 16A -50 ANIVERSARIO 1 | AA7: CÚCUTA | AB7: jhon.garcia363@casur.gov.co | AC7: ACREDITACIÓN COMO CONSULTOR, ASESOR, E INVESTIGADOR EN SEGURIDAD PRIVADA, GUÍA O INSTRUCTOR CANINO | AD7: NO APLICA | AE7: CONCEDE | AF7: NO | AH7: PENDIENTE ENVÍO NOTIFICACIÓN ELECTRÓNICA | AI7: SI | AJ7: 46038 | AL7: 46045 | AO7: NOTIFICAR POR CITACION | AY7: PENDIENTE GESTIONAR CITACIÓN | BD7: NO APLICA | BM7: PENDIENTE HACER AVISO | BN7: EN TRÁMITE NOTIF. POR AVISO | BT7: #N/A | BU7: EN PROCESO NOTIFICACION / COMUNICACION | BZ7: PENDIENTE EJECUTORIA
A8: SIN GESTIÓN | B8: Fanny Villarraga | C8: 46038 | E8: PENDIENTE DE NOTIFICACIÓN | H8: A TIEMPO | I8: PDTE PRUEBA 23-01 | J8: 20264300000217CS | K8: 46037 | L8: 46038 | M8: 46038 | Q8: SI | U8: 430 - 444 GRUPO DE CONSULTORIA Y CAPACITACIÓN | V8: 2025015249CE | W8: 45932 | X8: 80004495 | Y8: CESAR ZEUX ORTIZ VASQUEZ | Z8: CARRERA 50A NO 35-05 | AA8: BOGOTÁ D.C. | AB8: cesarzauxortizvasquez@gmail.com | AC8: ACREDITACIÓN COMO CONSULTOR, ASESOR, E INVESTIGADOR EN SEGURIDAD PRIVADA, GUÍA O INSTRUCTOR CANINO | AD8: NO APLICA | AE8: CONCEDE | AF8: NO | AH8: PENDIENTE ENVÍO NOTIFICACIÓN ELECTRÓNICA | AI8: SI | AJ8: 46038 | AL8: 46045 | AO8: NOTIFICAR POR CITACION | AY8: PENDIENTE GESTIONAR CITACIÓN | BD8: NO APLICA | BM8: PENDIENTE HACER AVISO | BN8: EN TRÁMITE NOTIF. POR AVISO | BT8: #N/A | BU8: EN PROCESO NOTIFICACION / COMUNICACION | BZ8: PENDIENTE EJECUTORIA
A9: SIN GESTIÓN | B9: Fanny Villarraga | C9: 46038 | E9: PENDIENTE DE NOTIFICACIÓN | H9: A TIEMPO | I9: PDTE PRUEBA 23-01 | J9: 20264300000207CS | K9: 46037 | L9: 46038 | M9: 46038 | Q9: SI | U9: 430 - 444 GRUPO DE CONSULTORIA Y CAPACITACIÓN | V9: 2025015265CE | W9: 45932 | X9: 3837973 | Y9: ALVARO DANIEL AGUDELO MORALES | Z9: CARRERA 14 NO 24A-77 BARRIO NUEVO MAJAGUAL | AA9: SINCELEJO SUCRE | AB9: dianagudelo0803@gimail.com | AC9: ACREDITACIÓN COMO CONSULTOR, ASESOR, E INVESTIGADOR EN SEGURIDAD PRIVADA, GUÍA O INSTRUCTOR CANINO | AD9: NO APLICA | AE9: CONCEDE | AF9: NO | AH9: PENDIENTE ENVÍO NOTIFICACIÓN ELECTRÓNICA | AI9: SI | AJ9: 46038 | AL9: 46045 | AO9: NOTIFICAR POR CITACION | AY9: PENDIENTE GESTIONAR CITACIÓN | BD9: NO APLICA | BM9: PENDIENTE HACER AVISO | BN9: EN TRÁMITE NOTIF. POR AVISO | BT9: #N/A | BU9: EN PROCESO NOTIFICACION / COMUNICACION | BZ9: PENDIENTE EJECUTORIA

Sheet Detalle2
A1: Detalles para Cuenta de TIPO DE NOTIFICACIÓN - RESPONSABLE FINAL: Zabdy Jiménez
A3: ESTADO ACTUAL | B3: RESPONSABLE FINAL | C3: FECHA INICIO DE GESTION | D3: MEDICION DE INICIO DE GESTIÓN | E3: TIPO DE NOTIFICACIÓN | F3: FECHA REAL DE NOTIFICACIÓN | G3: DÍAS DE GESTIÓN | H3: ALERTA | I3: OBSERVACIONES | J3: ACTO ADMINISTRATIVO | K3: FECHA DEL ACTO ADMINISTRATIVO | L3: FECHA DE ASIGNACIÓN | M3: FECHA DE GESTION | N3: NOMBRE USUARIO A QUIEN SE REASIGNA GESTION DE NOTIFICACION | O3: FECHA DE REASIGNACIÓN | P3: FECHA DE GESTION REASIGNACION | Q3: PRODUCTO CONFORME | R3: MOTIVO | S3: SE REALIZA SUBSANACIÓN | T3: FECHA DE SUBSANACIÓN | U3: DEPENDENCIA QUE REMITE EL ACTO ADMINISTRATIVO | V3: RADICADO DE ENTRADA | W3: FECHA RADICADO DE ENTRADA | X3: CEDULA/NIT | Y3: NOMBRE PERSONA JURIDICA o NATURAL | Z3: DIRECCIÓN FÍSICA | AA3: CIUDAD | AB3: CORREO ELECTRÓNICO | AC3: TRÁMITE | AD3: DETALLE DEL TRAMITE (PLACAS, TIPO DE CREDENCIAL) | AE3: DECISIÓN | AF3: ¿APLICA CARGUE AL RUNT? | AG3: FECHA DEL CARGUE AL RUNT | AH3: ESTADO NOTIFICACION ELECTRONICA | AI3: PROCEDE NOTIFICACIÓN ELECTRONICA | AJ3: FECHA ENTREGA A 472 PARA NOTIFICACIÓN ELECTRONICA | AK3: ¿SE NOTIFICO ELECTRONICAMENTE? | AL3: FECHA MAXIMA PARA SEGUIMIENTO ENTREGA | AM3: FUE EFECTIVA? | AN3: FECHA EFECTIVA DE LA NOTIFICACIÓN ELECTRONICA | AO3: FORMULA CITACIÓN / AVISO | AP3: TIPO DE ENVIO | AQ3: FECHA DE REVISIÓN | AR3: FECHA DE FIRMA | AS3: NUMERO DE RADICADO DE SALIDA | AT3: FECHA DE ENVÍO | AU3: NUMERO DE GUIA (ENVIO FISICO) | AV3: SE ENTREGO EFECTIVAMENTE | AW3: FECHA EFECTIVA DE LA ENTREGA CITACIÓN | AX3: FECHA MAXIMA PARA SEGUIMIENTO ENTREGA - CITACIÓN Y/O COMUNICACIÓN | AY3: ESTADO PROCESO CITACIÓN | AZ3: FECHA MAXIMA DE PRESENTACIÓN DEL USUARIO | BA3: SE PRESENTÓ? | BB3: NOTIFICADOR PRESENCIAL | BC3: FECHA DE LA NOTIFICACION PERSONAL | BD3: FORMULA AVISO | BE3: FECHA ELABORACIÓN AVISO | BF3: FECHA REVISION AVISO | BG3: FECHA DE FIRMA DE AVISO | BH3: NUMERO DE RADICADO DEL AVISO | BI3: FECHA ENVÍO AVISO | BJ3: No GUIA DEL AVISO | BK3: SE ENTREGO AVISO EFECTIVAMENTE | BL3: FECHA MAXIMA PARA SEGUIMIENTO ENTREGA2 | BM3: ESTADO AVISO | BN3: ESTADO PUBLICACIÓN | BO3: FECHA DE PUBLICACIÓN EN PAGINA WEB | BP3: FECHA EFECTIVA DE NOTIFICACION POR AVISO | BQ3: FUE EFECTIVA LA PUBLICACIÓN | BR3: PROCEDE RECURSO | BS3: TIPO DE RECURSO QUE LE PROCEDE | BT3: TÉRMINO RECURSOS | BU3: FECHA ESTIMADA PARA REALIZAR DE EJECUTORIA | BV3: PROCEDE EJECUTORIA | BW3: FECHA TRÁMITE EJECUTORIA | BX3: FECHA DE REVISIÓN EJECUTORIA | BY3: FECHA FIRMA EJECUTORIA | BZ3: ESTADO EJECUTORIA | CA3: ESTADO TRASLADOS | CB3: PROCEDEN MEMORANDOS | CC3: DEPENDENCIA DEL MEMORANDO | CD3: FECHA DE REVISION MEMORANDO | CE3: FECHA FIRMA MEMORANDO | CF3: RADICADO | CG3: FECHA DE ENVIÓ MEMORANDO | CH3: PROCEDEN OFICIOS | CI3: FECHA DE REVISION OFICIO | CJ3: FECHA DE FIRMA OFICIO EXTERNO | CK3: RADICADO DEL OFICIO EXTERNO | CL3: FECHA DEL RADICADO OFICIO EXTERNO | CM3: FECHA ENVIO DEL OFICIO
A4: SIN GESTIÓN | B4: Zabdy Jiménez | E4: PENDIENTE DE NOTIFICACIÓN | H4: A TIEMPO | J4: 20264300000407CS | K4: 46037 | L4: 46038 | V4: 2025014626CE | AF4: NO | AH4: PENDIENTE NOTIFICACIÓN ELECTRÓNICA | AO4: NO APLICA | AY4: NO APLICA | BD4: NO APLICA | BM4: PENDIENTE HACER AVISO | BN4: EN TRÁMITE NOTIF. POR AVISO | BT4: #N/A | BU4: EN PROCESO NOTIFICACION / COMUNICACION | BZ4: PENDIENTE EJECUTORIA
A5: SIN GESTIÓN | B5: Zabdy Jiménez | E5: PENDIENTE DE NOTIFICACIÓN | H5: A TIEMPO | J5: 20264300000397CS | K5: 46037 | L5: 46038 | V5: 2025014733CE | AF5: NO | AH5: PENDIENTE NOTIFICACIÓN ELECTRÓNICA | AO5: NO APLICA | AY5: NO APLICA | BD5: NO APLICA | BM5: PENDIENTE HACER AVISO | BN5: EN TRÁMITE NOTIF. POR AVISO | BT5: #N/A | BU5: EN PROCESO NOTIFICACION / COMUNICACION | BZ5: PENDIENTE EJECUTORIA
A6: SIN GESTIÓN | B6: Zabdy Jiménez | E6: PENDIENTE DE NOTIFICACIÓN | H6: A TIEMPO | J6: 20264300000387CS | K6: 46037 | L6: 46038 | V6: 2025014928CE | AF6: NO | AH6: PENDIENTE NOTIFICACIÓN ELECTRÓNICA | AO6: NO APLICA | AY6: NO APLICA | BD6: NO APLICA | BM6: PENDIENTE HACER AVISO | BN6: EN TRÁMITE NOTIF. POR AVISO | BT6: #N/A | BU6: EN PROCESO NOTIFICACION / COMUNICACION | BZ6: PENDIENTE EJECUTORIA
A7: SIN GESTIÓN | B7: Zabdy Jiménez | E7: PENDIENTE DE NOTIFICACIÓN | H7: A TIEMPO | J7: 20264300000377CS | K7: 46037 | L7: 46038 | V7: 2025014972CE | AF7: NO | AH7: PENDIENTE NOTIFICACIÓN ELECTRÓNICA | AO7: NO APLICA | AY7: NO APLICA | BD7: NO APLICA | BM7: PENDIENTE HACER AVISO | BN7: EN TRÁMITE NOTIF. POR AVISO | BT7: #N/A | BU7: EN PROCESO NOTIFICACION / COMUNICACION | BZ7: PENDIENTE EJECUTORIA
A8: SIN GESTIÓN | B8: Zabdy Jiménez | E8: PENDIENTE DE NOTIFICACIÓN | H8: A TIEMPO | J8: 20264300000367CS | K8: 46037 | L8: 46038 | V8: 2025016537CE | AF8: NO | AH8: PENDIENTE NOTIFICACIÓN ELECTRÓNICA | AO8: NO APLICA | AY8: NO APLICA | BD8: NO APLICA | BM8: PENDIENTE HACER AVISO | BN8: EN TRÁMITE NOTIF. POR AVISO | BT8: #N/A | BU8: EN PROCESO NOTIFICACION / COMUNICACION | BZ8: PENDIENTE EJECUTORIA
A9: SIN GESTIÓN | B9: Zabdy Jiménez | E9: PENDIENTE DE NOTIFICACIÓN | H9: A TIEMPO | I9: URGENTE | J9: 20262300000577CS | K9: 46037 | L9: 46037 | M9: 46037 | Q9: NO | V9: 1815-SAN-SAN | X9: 860521986 | Y9: ARMOR INTERNATIONAL S.A.S | Z9: Avenida Calle 9 50 51 PARQUE EMPRESARIAL LAS AMERICAS | AA9: BOGOTA, D.C. | AB9: ARMOR@ARMORINTERNATIONAL.COM | AC9: REVOCATORIA DIRECTA | AD9: NO APLICA | AF9: NO | AH9: PENDIENTE ENVÍO NOTIFICACIÓN ELECTRÓNICA | AI9: SI | AJ9: 46037 | AL9: 46044 | AO9: NOTIFICAR POR CITACION | AY9: PENDIENTE GESTIONAR CITACIÓN | BD9: NO APLICA | BM9: PENDIENTE HACER AVISO | BN9: EN TRÁMITE NOTIF. POR AVISO | BT9: #N/A | BU9: EN PROCESO NOTIFICACION / COMUNICACION | BZ9: PENDIENTE EJECUTORIA
A10: SIN GESTIÓN | B10: Zabdy Jiménez | E10: PENDIENTE DE NOTIFICACIÓN | H10: VENCIDO | J10: 20254100108757CS | L10: 46035 | V10: 2024016592 | AF10: NO | AH10: PENDIENTE NOTIFICACIÓN ELECTRÓNICA | AO10: NO APLICA | AY10: NO APLICA | BD10: NO APLICA | BM10: PENDIENTE HACER AVISO | BN10: EN TRÁMITE NOTIF. POR AVISO | BT10: #N/A | BU10: EN PROCESO NOTIFICACION / COMUNICACION | BZ10: PENDIENTE EJECUTORIA
A11: SIN GESTIÓN | B11: Zabdy Jiménez | C11: 46038 | E11: PENDIENTE DE NOTIFICACIÓN | H11: VENCIDO | J11: 20254200108747CS | K11: 46009 | L11: 46035 | M11: 46038 | Q11: NO | V11: 2025002052CE | W11: 45779 | X11: 900581703 | Y11: NEOSTAR SEGURIDAD DE COLOMBIA LTDA - ALAN PERLMAN KATZ | Z11: CL 79 B NO. 55 47 | AA11: BOGOTA, D.C. | AB11: NOTIFICACIONESJUDICIALES@NEOSECURITY.CO | AC11: DESBLINDAJE | AD11: IWY 925 | AE11: AUTORIZA | AF11: NO | AH11: PENDIENTE ENVÍO NOTIFICACIÓN ELECTRÓNICA | AI11: SI | AJ11: 46038 | AL11: 46045 | AO11: NOTIFICAR POR CITACION | AY11: PENDIENTE GESTIONAR CITACIÓN | BD11: NO APLICA | BM11: PENDIENTE HACER AVISO | BN11: EN TRÁMITE NOTIF. POR AVISO | BT11: #N/A | BU11: EN PROCESO NOTIFICACION / COMUNICACION | BZ11: PENDIENTE EJECUTORIA
A12: SIN GESTIÓN | B12: Zabdy Jiménez | E12: PENDIENTE DE NOTIFICACIÓN | H12: VENCIDO | J12: 20252300108417CS | L12: 46035 | V12: 1068/2024/SAN | AF12: NO | AH12: PENDIENTE NOTIFICACIÓN ELECTRÓNICA | AO12: NO APLICA | AY12: NO APLICA | BD12: NO APLICA | BM12: PENDIENTE HACER AVISO | BN12: EN TRÁMITE NOTIF. POR AVISO | BT12: #N/A | BU12: EN PROCESO NOTIFICACION / COMUNICACION | BZ12: PENDIENTE EJECUTORIA
A13: SIN GESTIÓN | B13: Zabdy Jiménez | E13: PENDIENTE DE NOTIFICACIÓN | H13: VENCIDO | J13: 20252300108407CS | L13: 46035 | V13: 1049/2024/SAN | AF13: NO | AH13: PENDIENTE NOTIFICACIÓN ELECTRÓNICA | AO13: NO APLICA | AY13: NO APLICA | BD13: NO APLICA | BM13: PENDIENTE HACER AVISO | BN13: EN TRÁMITE NOTIF. POR AVISO | BT13: #N/A | BU13: EN PROCESO NOTIFICACION / COMUNICACION | BZ13: PENDIENTE EJECUTORIA
A14: SIN GESTIÓN | B14: Zabdy Jiménez | E14: PENDIENTE DE NOTIFICACIÓN | H14: VENCIDO | J14: 20252300108397CS | L14: 46035 | V14: 1038/2024/SAN | AF14: NO | AH14: PENDIENTE NOTIFICACIÓN ELECTRÓNICA | AO14: NO APLICA | AY14: NO APLICA | BD14: NO APLICA | BM14: PENDIENTE HACER AVISO | BN14: EN TRÁMITE NOTIF. POR AVISO | BT14: #N/A | BU14: EN PROCESO NOTIFICACION / COMUNICACION | BZ14: PENDIENTE EJECUTORIA
A15: SIN GESTIÓN | B15: Zabdy Jiménez | E15: PENDIENTE DE NOTIFICACIÓN | H15: VENCIDO | J15: 20252300108387CS | L15: 46035 | V15: 1027/2024/SAN | AF15: NO | AH15: PENDIENTE NOTIFICACIÓN ELECTRÓNICA | AO15: NO APLICA | AY15: NO APLICA | BD15: NO APLICA | BM15: PENDIENTE HACER AVISO | BN15: EN TRÁMITE NOTIF. POR AVISO | BT15: #N/A | BU15: EN PROCESO NOTIFICACION / COMUNICACION | BZ15: PENDIENTE EJECUTORIA
A16: SIN GESTIÓN | B16: Zabdy Jiménez | E16: PENDIENTE DE NOTIFICACIÓN | H16: VENCIDO | J16: 20252300108377CS | L16: 46035 | V16: 989/2024/SAN | AF16: NO | AH16: PENDIENTE NOTIFICACIÓN ELECTRÓNICA | AO16: NO APLICA | AY16: NO APLICA | BD16: NO APLICA | BM16: PENDIENTE HACER AVISO | BN16: EN TRÁMITE NOTIF. POR AVISO | BT16: #N/A | BU16: EN PROCESO NOTIFICACION / COMUNICACION | BZ16: PENDIENTE EJECUTORIA
A17: SIN GESTIÓN | B17: Zabdy Jiménez | E17: PENDIENTE DE NOTIFICACIÓN | H17: VENCIDO | I17: P.DTE PRUEBA DE ENTREGA FISICA | J17: 20252300108357CS | L17: 46035 | V17: 968/2024/SAN | AF17: NO | AH17: PENDIENTE NOTIFICACIÓN ELECTRÓNICA | AO17: NO APLICA | AY17: NO APLICA | BD17: NO APLICA | BM17: PENDIENTE HACER AVISO | BN17: EN TRÁMITE NOTIF. POR AVISO | BT17: #N/A | BU17: EN PROCESO NOTIFICACION / COMUNICACION | BZ17: PENDIENTE EJECUTORIA
A18: SIN GESTIÓN | B18: Zabdy Jiménez | E18: PENDIENTE DE NOTIFICACIÓN | H18: VENCIDO | I18: P.DTE PRUEBA DE ENTREGA FISICA | J18: 20252300108347CS | L18: 46035 | V18: 848/2024/SAN | AF18: NO | AH18: PENDIENTE NOTIFICACIÓN ELECTRÓNICA | AO18: NO APLICA | AY18: NO APLICA | BD18: NO APLICA | BM18: PENDIENTE HACER AVISO | BN18: EN TRÁMITE NOTIF. POR AVISO | BT18: #N/A | BU18: EN PROCESO NOTIFICACION / COMUNICACION | BZ18: PENDIENTE EJECUTORIA
A19: SIN GESTIÓN | B19: Zabdy Jiménez | E19: PENDIENTE DE NOTIFICACIÓN | H19: VENCIDO | I19: P.DTE PRUEBA DE ENTREGA FISICA | J19: 20252300108337CS | K19: 46009 | L19: 46035 | M19: 46038 | V19: 693/2024/SAN | AF19: NO | AH19: PENDIENTE NOTIFICACIÓN ELECTRÓNICA | AO19: NO APLICA | AY19: NO APLICA | BD19: NO APLICA | BM19: PENDIENTE HACER AVISO | BN19: EN TRÁMITE NOTIF. POR AVISO | BT19: #N/A | BU19: EN PROCESO NOTIFICACION / COMUNICACION | BZ19: PENDIENTE EJECUTORIA

Sheet BASE
A1: ESTADO ACTUAL | B1: RESPONSABLE FINAL | C1: FECHA INICIO DE GESTION | D1: MEDICION DE INICIO DE GESTIÓN | E1: TIPO DE NOTIFICACIÓN | F1: FECHA REAL DE NOTIFICACIÓN | G1: DÍAS DE GESTIÓN | H1: ALERTA | I1: OBSERVACIONES | J1: ACTO ADMINISTRATIVO | K1: FECHA DEL ACTO ADMINISTRATIVO | L1: FECHA DE ASIGNACIÓN | M1: FECHA DE GESTION | N1: NOMBRE USUARIO A QUIEN SE REASIGNA GESTION DE NOTIFICACION | O1: FECHA DE REASIGNACIÓN | P1: FECHA DE GESTION REASIGNACION | Q1: PRODUCTO CONFORME | R1: MOTIVO | S1: SE REALIZA SUBSANACIÓN | T1: FECHA DE SUBSANACIÓN | U1: DEPENDENCIA QUE REMITE EL ACTO ADMINISTRATIVO | V1: RADICADO DE ENTRADA | W1: FECHA RADICADO DE ENTRADA | X1: REP. LEGAL | Y1: CEDULA/NIT | Z1: NOMBRE PERSONA JURIDICA o NATURAL | AA1: DIRECCIÓN FÍSICA | AB1: CIUDAD | AC1: CORREO ELECTRÓNICO | AD1: TRÁMITE | AE1: DETALLE DEL TRAMITE (PLACAS, TIPO DE CREDENCIAL) | AF1: DECISIÓN | AG1: ¿APLICA CARGUE AL RUNT? | AH1: FECHA DEL CARGUE AL RUNT | AI1: ESTADO NOTIFICACION ELECTRONICA | AJ1: PROCEDE NOTIFICACIÓN ELECTRONICA | AK1: FECHA ENTREGA A 472 PARA NOTIFICACIÓN ELECTRONICA | AL1: ¿SE NOTIFICO ELECTRONICAMENTE? | AM1: FECHA MAXIMA PARA SEGUIMIENTO ENTREGA | AN1: FUE EFECTIVA? | AO1: FECHA EFECTIVA DE LA NOTIFICACIÓN ELECTRONICA | AP1: FORMULA CITACIÓN / AVISO | AQ1: TIPO DE ENVIO | AR1: FECHA DE REVISIÓN | AS1: FECHA DE FIRMA | AT1: NUMERO DE RADICADO DE SALIDA | AU1: FECHA DE ENVÍO | AV1: NUMERO DE GUIA (ENVIO FISICO) | AW1: SE ENTREGO EFECTIVAMENTE | AX1: FECHA EFECTIVA DE LA ENTREGA CITACIÓN | AY1: FECHA MAXIMA PARA SEGUIMIENTO ENTREGA - CITACIÓN Y/O COMUNICACIÓN | AZ1: ESTADO PROCESO CITACIÓN | BA1: FECHA MAXIMA DE PRESENTACIÓN DEL USUARIO | BB1: SE PRESENTÓ? | BC1: NOTIFICADOR PRESENCIAL | BD1: FECHA DE LA NOTIFICACION PERSONAL | BE1: FORMULA AVISO | BF1: FECHA ELABORACIÓN AVISO | BG1: FECHA REVISION AVISO | BH1: FECHA DE FIRMA DE AVISO | BI1: NUMERO DE RADICADO DEL AVISO | BJ1: FECHA ENVÍO AVISO | BK1: No GUIA DEL AVISO | BL1: SE ENTREGO AVISO EFECTIVAMENTE | BM1: FECHA MAXIMA PARA SEGUIMIENTO ENTREGA | BN1: ESTADO AVISO | BO1: ESTADO PUBLICACIÓN | BP1: FECHA DE PUBLICACIÓN EN PAGINA WEB | BQ1: FECHA EFECTIVA DE NOTIFICACION POR AVISO | BR1: FUE EFECTIVA LA PUBLICACIÓN | BS1: PROCEDE RECURSO | BT1: TIPO DE RECURSO QUE LE PROCEDE | BU1: TÉRMINO RECURSOS | BV1: FECHA ESTIMADA PARA REALIZAR DE EJECUTORIA | BW1: PROCEDE EJECUTORIA | BX1: FECHA TRÁMITE EJECUTORIA | BY1: FECHA DE REVISIÓN EJECUTORIA | BZ1: FECHA FIRMA EJECUTORIA | CA1: ESTADO EJECUTORIA | CB1: ESTADO TRASLADOS | CC1: PROCEDEN MEMORANDOS | CD1: DEPENDENCIA DEL MEMORANDO | CE1: FECHA DE REVISION MEMORANDO | CF1: FECHA FIRMA MEMORANDO | CG1: RADICADO | CH1: FECHA DE ENVIÓ MEMORANDO | CI1: PROCEDEN OFICIOS | CJ1: FECHA DE REVISION OFICIO | CK1: FECHA DE FIRMA OFICIO EXTERNO | CL1: RADICADO DEL OFICIO EXTERNO | CM1: FECHA DEL RADICADO OFICIO EXTERNO | CN1: FECHA ENVIO DEL OFICIO
A2: =IF( AND(Q2="NO",S2<>"SI"), "TERMINADO PRODUCTO NO CONFORME", IF( AND( COUNTBLANK(AJ2:AO2)=COLUMNS(AJ2:AO2), COUNTBLANK(AQ2:AY2)=COLUMNS(AQ2:AY2), COUNTBLANK(BC2:BD2)=COLUMNS(BC2:BD2), COUNTBLANK(BF2:BM2)=COLUMNS(BF2:BM2), COUNTBLANK(BP2:BR2)=COLUMNS(BP2:BR2) ), "SIN GESTIÓN", IF( AND(BC2<>"",BD2<>"",AO2="",AX2="",BQ2=""), "NOTIFICADO POR CONDUCTA CONCLUYENTE", IF( AI2="NOTIFICACIÓN ELECTRÓNICA EFECTIVA", CA2, IF( OR( AI2="NO PROCEDE NOTIFICACIÓN ELECTRÓNICA", AI2="REALIZAR CITACIÓN", AI2="NOTIFICACIÓN ELECTRÓNICA NO EFECTIVA" ), IF( AZ2="HACER AVISO", IF( OR( BN2="NOTIFICACIÓN POR AVISO TERMINADA", BN2="NOTIFICACIÓN PERSONAL COMPLETA" ), CA2, BN2 ), AZ2 ), AI2 ) ) ) )) -> PENDIENTE HACER EJECUTORIA | B2: Rafael Bonilla | E2: =IF(AN2="SI", "NOTIFICACIÓN ELECTRÓNICA", IF(AND(BC2<>"",BD2<>""), "NOTIFICACIÓN PERSONAL", IF(BL2="SI", "NOTIFICACIÓN POR AVISO", "PENDIENTE NOTIFICACIÓN" ))) -> NOTIFICACIÓN ELECTRÓNICA | F2: =IF( AND(AN2<>"SI",AW2<>"SI",BL2<>"SI",BC2="",BD2=""), "PENDIENTE NOTIFICACIÓN", IF(AN2="SI", AO2, IF(AW2="SI", AX2, IF(AND(BC2<>"",BD2<>""), BD2, IF(BL2="SI", BQ2, "PENDIENTE NOTIFICACIÓN" ))))) -> 46028 | G2: =IF( OR( C2="", F2="PENDIENTE NOTIFICACIÓN", NOT(ISNUMBER(C2)), NOT(ISNUMBER(F2)), F2<C2 ), "", F2-C2 ) | H2: =IF( L2="", "", IF( NETWORKDAYS(L2,IF(M2<>"",M2,TODAY()),FESTIVOS_CO!A:A)>2, "VENCIDO", IF( NETWORKDAYS(L2,IF(M2<>"",M2,TODAY()),FESTIVOS_CO!A:A)=2, "ALERTA", "A TIEMPO" ))) -> A TIEMPO | J2: 20262300000027CS | K2: 46028 | L2: 46028 | M2: 46028 | Q2: SI | U2: 230 GRUPO DE SANCIONES | V2: 136-204-SAN | W2: 45852 | X2: JULIAN ALBENIZ GUTIERREZ ARTETA | Y2: 901626828 | Z2: BLINK SEGURIDAD PRIVADA LTDA | AA2: CRA 49 B # 74 - 153 | AB2: BARRANQUILLA | AC2: gerenciacomercial@blinkseguridad.com | AD2: RESUELVE RECURSO DE REPOSICIÓN | AE2: NO APLICA | AF2: CONFIRMA | AG2: NO | AI2: =IF(AL2="NO", "REALIZAR CITACIÓN", IF(AND(AJ2="SI",AL2<>"SI",AL2<>"NO"), "PENDIENTE ENTREGA NOTIFICACIÓN ELECTRÓNICA", IF(AND(AJ2="SI",AL2="SI",AN2="SI"), "NOTIFICACIÓN ELECTRÓNICA EFECTIVA", IF(AND(AJ2="",AK2="",AL2="",AM2="",AN2="",AO2=""), "PENDIENTE NOTIFICACIÓN ELECTRÓNICA", IF(AJ2="NO", "NO PROCEDE NOTIFICACIÓN ELECTRÓNICA", IF(AND(AJ2="SI",F2=""), "PENDIENTE ENVÍO NOTIFICACIÓN ELECTRÓNICA", IF(AND(AJ2="SI",TODAY()-F2<=5), "EN ESPERA DE NOTIFICACIÓN ELECTRÓNICA (5 DÍAS)", "NOTIFICACIÓN ELECTRÓNICA NO EFECTIVA" ))))))) -> NOTIFICACIÓN ELECTRÓNICA EFECTIVA | AJ2: SI | AK2: 46028 | AL2: SI | AM2: =IF(AK2="","",WORKDAY(AK2,5,FESTIVOS_CO!A:A)) -> 46036 | AN2: SI | AO2: 46028 | AP2: =IF( ISNUMBER(SEARCH("PENDIENTE",UPPER(AI2))), "NO APLICA", IF( COUNTBLANK(AJ2:AL2)=COUNTA(AJ2:AL2), "NO APLICA", IF( UPPER(AN2)="SI", "NO PROCEDE CITACION", "NOTIFICAR POR CITACION" ) ) ) -> NO PROCEDE CITACION | AY2: =IF(AU2="","",WORKDAY(AU2,5,FESTIVOS_CO!A:A)) | AZ2: =IF( AND(AO2="",AX2="",BQ2="",BC2<>"",BD2<>""), "NOTIFICADO POR CONDUCTA CONCLUYENTE", IF(AP2="NO PROCEDE CITACION", "NO PROCEDE", IF(AP2="NO APLICA", "NO APLICA", IF(AW2="NO", "HACER AVISO", IF(AQ2="", "PENDIENTE GESTIONAR CITACIÓN", IF(AS2="", "PENDIENTE FIRMA", IF(AR2="", "PENDIENTE REVISIÓN", IF(AT2="", "PENDIENTE RADICAR", "CITACIÓN COMPLETA EN ESPERA PRESENTACION PERSONAL" )))))))) -> NO PROCEDE | BA2: =IF(AX2="","",WORKDAY(AX2,5,FESTIVOS_CO!A:A)) | BE2: =IF(AZ2="NO PROCEDE", "NO PROCEDE",IF(OR(AZ2="HACER AVISO",BB2="NO"), "HACER AVISO", "NO APLICA")) -> NO PROCEDE | BM2: =IF(BJ2="","",WORKDAY(BJ2,5,FESTIVOS_CO!A:A)) | BN2: =IF( AND(AZ2="CITACIÓN COMPLETA EN ESPERA DE NOTIFICACION PERSONAL",BB2="NO"), "PENDIENTE HACER AVISO", IF(AND(BC2<>"",BD2<>""), "NOTIFICACIÓN PERSONAL COMPLETA", IF(BR2="SI", "NOTIFICACIÓN POR AVISO TERMINADA", IF(BE2="NO PROCEDE", "NO PROCEDE", IF(BF2="", "PENDIENTE HACER AVISO", IF(BG2="", "PENDIENTE REVISIÓN AVISO", IF(BH2="", "PENDIENTE FIRMA AVISO", IF(BI2="", "PENDIENTE RADICAR AVISO", IF(BL2="", "EN TRÁMITE DE ENTREGA AVISO", IF(BL2="NO", "PUBLICAR AVISO CARTELERA", IF(BL2="SI", "VERIFICAR SI PROCEDE RECURSO", IF(BE2="HACER AVISO", "HACER AVISO", "NO APLICA" )))))))))))) -> NO PROCEDE | BO2: =IF(BN2="NOTIFICACIÓN PERSONAL COMPLETA", "NO PROCEDE AVISO", IF(BR2="SI", "NOTIFICACION POR AVISO TERMINADA", IF(BE2="NO PROCEDE", "NO PROCEDE AVISO", IF(BN2="VERIFICAR SI PROCEDE RECURSO", "NOTIFICACIÓN POR AVISO COMPLETA", "EN TRÁMITE NOTIF. POR AVISO" )))) -> NO PROCEDE AVISO | BQ2: =IF(BP2="","",WORKDAY(BP2,5,FESTIVOS_CO!A:A)) | BS2: SI | BT2: RECURSO DE REPOSICION EN SUBSIDIO APELACION | BU2: =VLOOKUP(BT2,Hoja2!$C:$D,2,0) -> 10 | BV2: =IF( AND(AO2="",BD2="",BQ2=""), "EN PROCESO NOTIFICACION / COMUNICACION", IF( BT2="", "NO APLICA", IF( BU2=60, IF(AO2<>"",AO2,IF(BD2<>"",BD2,BQ2))+60, WORKDAY( IF(AO2<>"",AO2,IF(BD2<>"",BD2,BQ2)), BU2, FESTIVOS_CO!A:A ) ) )) -> 46043 | BW2: SI | CA2: =IF(BW2<>"SI", "PENDIENTE EJECUTORIA", IF(AND(BX2="",BY2="",BZ2=""), "PENDIENTE HACER EJECUTORIA", IF(AND(BX2<>"",BY2="",BZ2=""), "PENDIENTE REVISION EJECUTORIA", IF(AND(BX2<>"",BY2<>"",BZ2=""), "PENDIENTE FIRMA EJECUTORIA", "PROCESO EJECUTORIA TERMINADO" )))) -> PENDIENTE HACER EJECUTORIA | CB2: =IF(CC2="NO", "NO APLICA", IF(CC2="SI", IF(COUNTBLANK(CC2:CH2)>0, "PENDIENTE MEMORANDO", "MEMORANDOS ENVIADOS" ), IF(CI2="NO", "NO APLICA", IF(CI2="SI", IF(COUNTBLANK(CJ2:CN2)>0, "PENDIENTES OFICIOS", "OFICIOS ENVIADOS" ), "" ) ) ))
A3: =IF( AND(Q3="NO",S3<>"SI"), "TERMINADO PRODUCTO NO CONFORME", IF( AND( COUNTBLANK(AJ3:AO3)=COLUMNS(AJ3:AO3), COUNTBLANK(AQ3:AY3)=COLUMNS(AQ3:AY3), COUNTBLANK(BC3:BD3)=COLUMNS(BC3:BD3), COUNTBLANK(BF3:BM3)=COLUMNS(BF3:BM3), COUNTBLANK(BP3:BR3)=COLUMNS(BP3:BR3) ), "SIN GESTIÓN", IF( AND(BC3<>"",BD3<>"",AO3="",AX3="",BQ3=""), "NOTIFICADO POR CONDUCTA CONCLUYENTE", IF( AI3="NOTIFICACIÓN ELECTRÓNICA EFECTIVA", CA3, IF( OR( AI3="NO PROCEDE NOTIFICACIÓN ELECTRÓNICA", AI3="REALIZAR CITACIÓN", AI3="NOTIFICACIÓN ELECTRÓNICA NO EFECTIVA" ), IF( AZ3="HACER AVISO", IF( OR( BN3="NOTIFICACIÓN POR AVISO TERMINADA", BN3="NOTIFICACIÓN PERSONAL COMPLETA" ), CA3, BN3 ), AZ3 ), AI3 ) ) ) )) -> NOTIFICADO POR CONDUCTA CONCLUYENTE | B3: Catalina Rodriguez | C3: 46028 | D3: 46028 | E3: =IF(AN3="SI", "NOTIFICACIÓN ELECTRÓNICA", IF(AND(BC3<>"",BD3<>""), "NOTIFICACIÓN PERSONAL", IF(BL3="SI", "NOTIFICACIÓN POR AVISO", "PENDIENTE NOTIFICACIÓN" ))) -> NOTIFICACIÓN PERSONAL | F3: =IF( AND(AN3<>"SI",AW3<>"SI",BL3<>"SI",BC3="",BD3=""), "PENDIENTE NOTIFICACIÓN", IF(AN3="SI", AO3, IF(AW3="SI", AX3, IF(AND(BC3<>"",BD3<>""), BD3, IF(BL3="SI", BQ3, "PENDIENTE NOTIFICACIÓN" ))))) -> 46028 | G3: =IF( OR( C3="", F3="PENDIENTE NOTIFICACIÓN", NOT(ISNUMBER(C3)), NOT(ISNUMBER(F3)), F3<C3 ), "", F3-C3 ) -> 0 | H3: =IF( L3="", "", IF( NETWORKDAYS(L3,IF(M3<>"",M3,TODAY()),FESTIVOS_CO!A:A)>2, "VENCIDO", IF( NETWORKDAYS(L3,IF(M3<>"",M3,TODAY()),FESTIVOS_CO!A:A)=2, "ALERTA", "A TIEMPO" ))) -> A TIEMPO | J3: 20264100000057CS | K3: 46028 | L3: 46028 | M3: 46028 | Q3: SI | U3: 410 GRUPO DE PERMISOS DE ESTADO EMPRESARIALES | V3: 202501031CE | W3: 45987 | Y3: 802.013.698-6 | Z3: FULL PROTECTION LTDA | AC3: NO APLICA | AD3: APERTURA DE SUCURSALES Y AGENCIAS PARA SERVICIOS DE VIGILANCIA Y SEGURIDAD PRIVADA | AE3: NO APLICA | AF3: AUTORIZA | AG3: NO | AI3: =IF(AL3="NO", "REALIZAR CITACIÓN", IF(AND(AJ3="SI",AL3<>"SI",AL3<>"NO"), "PENDIENTE ENTREGA NOTIFICACIÓN ELECTRÓNICA", IF(AND(AJ3="SI",AL3="SI",AN3="SI"), "NOTIFICACIÓN ELECTRÓNICA EFECTIVA", IF(AND(AJ3="",AK3="",AL3="",AM3="",AN3="",AO3=""), "PENDIENTE NOTIFICACIÓN ELECTRÓNICA", IF(AJ3="NO", "NO PROCEDE NOTIFICACIÓN ELECTRÓNICA", IF(AND(AJ3="SI",F3=""), "PENDIENTE ENVÍO NOTIFICACIÓN ELECTRÓNICA", IF(AND(AJ3="SI",TODAY()-F3<=5), "EN ESPERA DE NOTIFICACIÓN ELECTRÓNICA (5 DÍAS)", "NOTIFICACIÓN ELECTRÓNICA NO EFECTIVA" ))))))) -> NO PROCEDE NOTIFICACIÓN ELECTRÓNICA | AJ3: NO | AM3: =IF(AK3="","",WORKDAY(AK3,5,FESTIVOS_CO!A:A)) | AP3: =IF( ISNUMBER(SEARCH("PENDIENTE",UPPER(AI3))), "NO APLICA", IF( COUNTBLANK(AJ3:AL3)=COUNTA(AJ3:AL3), "NO APLICA", IF( UPPER(AN3)="SI", "NO PROCEDE CITACION", "NOTIFICAR POR CITACION" ) ) ) -> NOTIFICAR POR CITACION | AY3: =IF(AU3="","",WORKDAY(AU3,5,FESTIVOS_CO!A:A)) | AZ3: =IF( AND(AO3="",AX3="",BQ3="",BC3<>"",BD3<>""), "NOTIFICADO POR CONDUCTA CONCLUYENTE", IF(AP3="NO PROCEDE CITACION", "NO PROCEDE", IF(AP3="NO APLICA", "NO APLICA", IF(AW3="NO", "HACER AVISO", IF(AQ3="", "PENDIENTE GESTIONAR CITACIÓN", IF(AS3="", "PENDIENTE FIRMA", IF(AR3="", "PENDIENTE REVISIÓN", IF(AT3="", "PENDIENTE RADICAR", "CITACIÓN COMPLETA EN ESPERA PRESENTACION PERSONAL" )))))))) -> NOTIFICADO POR CONDUCTA CONCLUYENTE | BA3: =IF(AX3="","",WORKDAY(AX3,5,FESTIVOS_CO!A:A)) | BC3: CATALINA RODRIGUEZ | BD3: 46028 | BE3: =IF(AZ3="NO PROCEDE", "NO PROCEDE",IF(OR(AZ3="HACER AVISO",BB3="NO"), "HACER AVISO", "NO APLICA")) -> NO APLICA | BM3: =IF(BJ3="","",WORKDAY(BJ3,5,FESTIVOS_CO!A:A)) | BN3: =IF( AND(AZ3="CITACIÓN COMPLETA EN ESPERA DE NOTIFICACION PERSONAL",BB3="NO"), "PENDIENTE HACER AVISO", IF(AND(BC3<>"",BD3<>""), "NOTIFICACIÓN PERSONAL COMPLETA", IF(BR3="SI", "NOTIFICACIÓN POR AVISO TERMINADA", IF(BE3="NO PROCEDE", "NO PROCEDE", IF(BF3="", "PENDIENTE HACER AVISO", IF(BG3="", "PENDIENTE REVISIÓN AVISO", IF(BH3="", "PENDIENTE FIRMA AVISO", IF(BI3="", "PENDIENTE RADICAR AVISO", IF(BL3="", "EN TRÁMITE DE ENTREGA AVISO", IF(BL3="NO", "PUBLICAR AVISO CARTELERA", IF(BL3="SI", "VERIFICAR SI PROCEDE RECURSO", IF(BE3="HACER AVISO", "HACER AVISO", "NO APLICA" )))))))))))) -> NOTIFICACIÓN PERSONAL COMPLETA | BO3: =IF(BN3="NOTIFICACIÓN PERSONAL COMPLETA", "NO PROCEDE AVISO", IF(BR3="SI", "NOTIFICACION POR AVISO TERMINADA", IF(BE3="NO PROCEDE", "NO PROCEDE AVISO", IF(BN3="VERIFICAR SI PROCEDE RECURSO", "NOTIFICACIÓN POR AVISO COMPLETA", "EN TRÁMITE NOTIF. POR AVISO" )))) -> NO PROCEDE AVISO | BQ3: =IF(BP3="","",WORKDAY(BP3,5,FESTIVOS_CO!A:A)) | BU3: =VLOOKUP(BT3,Hoja2!$C:$D,2,0) -> #N/A | BV3: =IF( AND(AO3="",BD3="",BQ3=""), "EN PROCESO NOTIFICACION / COMUNICACION", IF( BT3="", "NO APLICA", IF( BU3=60, IF(AO3<>"",AO3,IF(BD3<>"",BD3,BQ3))+60, WORKDAY( IF(AO3<>"",AO3,IF(BD3<>"",BD3,BQ3)), BU3, FESTIVOS_CO!A:A ) ) )) -> NO APLICA | BW3: SI | BX3: 46044 | BY3: 46044 | BZ3: 46045 | CA3: =IF(BW3<>"SI", "PENDIENTE EJECUTORIA", IF(AND(BX3="",BY3="",BZ3=""), "PENDIENTE HACER EJECUTORIA", IF(AND(BX3<>"",BY3="",BZ3=""), "PENDIENTE REVISION EJECUTORIA", IF(AND(BX3<>"",BY3<>"",BZ3=""), "PENDIENTE FIRMA EJECUTORIA", "PROCESO EJECUTORIA TERMINADO" )))) -> PROCESO EJECUTORIA TERMINADO | CB3: =IF(CC3="NO", "NO APLICA", IF(CC3="SI", IF(COUNTBLANK(CC3:CH3)>0, "PENDIENTE MEMORANDO", "MEMORANDOS ENVIADOS" ), IF(CI3="NO", "NO APLICA", IF(CI3="SI", IF(COUNTBLANK(CJ3:CN3)>0, "PENDIENTES OFICIOS", "OFICIOS ENVIADOS" ), "" ) ) ))
A4: =IF( AND(Q4="NO",S4<>"SI"), "TERMINADO PRODUCTO NO CONFORME", IF( AND( COUNTBLANK(AJ4:AO4)=COLUMNS(AJ4:AO4), COUNTBLANK(AQ4:AY4)=COLUMNS(AQ4:AY4), COUNTBLANK(BC4:BD4)=COLUMNS(BC4:BD4), COUNTBLANK(BF4:BM4)=COLUMNS(BF4:BM4), COUNTBLANK(BP4:BR4)=COLUMNS(BP4:BR4) ), "SIN GESTIÓN", IF( AND(BC4<>"",BD4<>"",AO4="",AX4="",BQ4=""), "NOTIFICADO POR CONDUCTA CONCLUYENTE", IF( AI4="NOTIFICACIÓN ELECTRÓNICA EFECTIVA", CA4, IF( OR( AI4="NO PROCEDE NOTIFICACIÓN ELECTRÓNICA", AI4="REALIZAR CITACIÓN", AI4="NOTIFICACIÓN ELECTRÓNICA NO EFECTIVA" ), IF( AZ4="HACER AVISO", IF( OR( BN4="NOTIFICACIÓN POR AVISO TERMINADA", BN4="NOTIFICACIÓN PERSONAL COMPLETA" ), CA4, BN4 ), AZ4 ), AI4 ) ) ) )) -> NOTIFICADO POR CONDUCTA CONCLUYENTE | B4: Catalina Rodriguez | C4: 46028 | D4: 46028 | E4: =IF(AN4="SI", "NOTIFICACIÓN ELECTRÓNICA", IF(AND(BC4<>"",BD4<>""), "NOTIFICACIÓN PERSONAL", IF(BL4="SI", "NOTIFICACIÓN POR AVISO", "PENDIENTE NOTIFICACIÓN" ))) -> NOTIFICACIÓN PERSONAL | F4: =IF( AND(AN4<>"SI",AW4<>"SI",BL4<>"SI",BC4="",BD4=""), "PENDIENTE NOTIFICACIÓN", IF(AN4="SI", AO4, IF(AW4="SI", AX4, IF(AND(BC4<>"",BD4<>""), BD4, IF(BL4="SI", BQ4, "PENDIENTE NOTIFICACIÓN" ))))) -> 46028 | G4: =IF( OR( C4="", F4="PENDIENTE NOTIFICACIÓN", NOT(ISNUMBER(C4)), NOT(ISNUMBER(F4)), F4<C4 ), "", F4-C4 ) -> 0 | H4: =IF( L4="", "", IF( NETWORKDAYS(L4,IF(M4<>"",M4,TODAY()),FESTIVOS_CO!A:A)>2, "VENCIDO", IF( NETWORKDAYS(L4,IF(M4<>"",M4,TODAY()),FESTIVOS_CO!A:A)=2, "ALERTA", "A TIEMPO" ))) -> A TIEMPO | J4: 20264100000047CS | K4: 46028 | L4: 46028 | M4: 46028 | Q4: SI | U4: 410 GRUPO DE PERMISOS DE ESTADO EMPRESARIALES | V4: 2025014750CE | W4: 45925 | Y4: 802.013.698-6 | Z4: FULL PROTECTION LTDA | AC4: NO APLICA | AD4: APERTURA DE SUCURSALES Y AGENCIAS PARA SERVICIOS DE VIGILANCIA Y SEGURIDAD PRIVADA | AE4: NO APLICA | AF4: AUTORIZA | AG4: NO | AI4: =IF(AL4="NO", "REALIZAR CITACIÓN", IF(AND(AJ4="SI",AL4<>"SI",AL4<>"NO"), "PENDIENTE ENTREGA NOTIFICACIÓN ELECTRÓNICA", IF(AND(AJ4="SI",AL4="SI",AN4="SI"), "NOTIFICACIÓN ELECTRÓNICA EFECTIVA", IF(AND(AJ4="",AK4="",AL4="",AM4="",AN4="",AO4=""), "PENDIENTE NOTIFICACIÓN ELECTRÓNICA", IF(AJ4="NO", "NO PROCEDE NOTIFICACIÓN ELECTRÓNICA", IF(AND(AJ4="SI",F4=""), "PENDIENTE ENVÍO NOTIFICACIÓN ELECTRÓNICA", IF(AND(AJ4="SI",TODAY()-F4<=5), "EN ESPERA DE NOTIFICACIÓN ELECTRÓNICA (5 DÍAS)", "NOTIFICACIÓN ELECTRÓNICA NO EFECTIVA" ))))))) -> NO PROCEDE NOTIFICACIÓN ELECTRÓNICA | AJ4: NO | AM4: =IF(AK4="","",WORKDAY(AK4,5,FESTIVOS_CO!A:A)) | AP4: =IF( ISNUMBER(SEARCH("PENDIENTE",UPPER(AI4))), "NO APLICA", IF( COUNTBLANK(AJ4:AL4)=COUNTA(AJ4:AL4), "NO APLICA", IF( UPPER(AN4)="SI", "NO PROCEDE CITACION", "NOTIFICAR POR CITACION" ) ) ) -> NOTIFICAR POR CITACION | AY4: =IF(AU4="","",WORKDAY(AU4,5,FESTIVOS_CO!A:A)) | AZ4: =IF( AND(AO4="",AX4="",BQ4="",BC4<>"",BD4<>""), "NOTIFICADO POR CONDUCTA CONCLUYENTE", IF(AP4="NO PROCEDE CITACION", "NO PROCEDE", IF(AP4="NO APLICA", "NO APLICA", IF(AW4="NO", "HACER AVISO", IF(AQ4="", "PENDIENTE GESTIONAR CITACIÓN", IF(AS4="", "PENDIENTE FIRMA", IF(AR4="", "PENDIENTE REVISIÓN", IF(AT4="", "PENDIENTE RADICAR", "CITACIÓN COMPLETA EN ESPERA PRESENTACION PERSONAL" )))))))) -> NOTIFICADO POR CONDUCTA CONCLUYENTE | BA4: =IF(AX4="","",WORKDAY(AX4,5,FESTIVOS_CO!A:A)) | BC4: CATALINA RODRIGUEZ | BD4: 46028 | BE4: =IF(AZ4="NO PROCEDE", "NO PROCEDE",IF(OR(AZ4="HACER AVISO",BB4="NO"), "HACER AVISO", "NO APLICA")) -> NO APLICA | BM4: =IF(BJ4="","",WORKDAY(BJ4,5,FESTIVOS_CO!A:A)) | BN4: =IF( AND(AZ4="CITACIÓN COMPLETA EN ESPERA DE NOTIFICACION PERSONAL",BB4="NO"), "PENDIENTE HACER AVISO", IF(AND(BC4<>"",BD4<>""), "NOTIFICACIÓN PERSONAL COMPLETA", IF(BR4="SI", "NOTIFICACIÓN POR AVISO TERMINADA", IF(BE4="NO PROCEDE", "NO PROCEDE", IF(BF4="", "PENDIENTE HACER AVISO", IF(BG4="", "PENDIENTE REVISIÓN AVISO", IF(BH4="", "PENDIENTE FIRMA AVISO", IF(BI4="", "PENDIENTE RADICAR AVISO", IF(BL4="", "EN TRÁMITE DE ENTREGA AVISO", IF(BL4="NO", "PUBLICAR AVISO CARTELERA", IF(BL4="SI", "VERIFICAR SI PROCEDE RECURSO", IF(BE4="HACER AVISO", "HACER AVISO", "NO APLICA" )))))))))))) -> NOTIFICACIÓN PERSONAL COMPLETA | BO4: =IF(BN4="NOTIFICACIÓN PERSONAL COMPLETA", "NO PROCEDE AVISO", IF(BR4="SI", "NOTIFICACION POR AVISO TERMINADA", IF(BE4="NO PROCEDE", "NO PROCEDE AVISO", IF(BN4="VERIFICAR SI PROCEDE RECURSO", "NOTIFICACIÓN POR AVISO COMPLETA", "EN TRÁMITE NOTIF. POR AVISO" )))) -> NO PROCEDE AVISO | BQ4: =IF(BP4="","",WORKDAY(BP4,5,FESTIVOS_CO!A:A)) | BU4: =VLOOKUP(BT4,Hoja2!$C:$D,2,0) -> #N/A | BV4: =IF( AND(AO4="",BD4="",BQ4=""), "EN PROCESO NOTIFICACION / COMUNICACION", IF( BT4="", "NO APLICA", IF( BU4=60, IF(AO4<>"",AO4,IF(BD4<>"",BD4,BQ4))+60, WORKDAY( IF(AO4<>"",AO4,IF(BD4<>"",BD4,BQ4)), BU4, FESTIVOS_CO!A:A ) ) )) -> NO APLICA | BW4: SI | BX4: 46075 | BY4: 46044 | BZ4: 46045 | CA4: =IF(BW4<>"SI", "PENDIENTE EJECUTORIA", IF(AND(BX4="",BY4="",BZ4=""), "PENDIENTE HACER EJECUTORIA", IF(AND(BX4<>"",BY4="",BZ4=""), "PENDIENTE REVISION EJECUTORIA", IF(AND(BX4<>"",BY4<>"",BZ4=""), "PENDIENTE FIRMA EJECUTORIA", "PROCESO EJECUTORIA TERMINADO" )))) -> PROCESO EJECUTORIA TERMINADO | CB4: =IF(CC4="NO", "NO APLICA", IF(CC4="SI", IF(COUNTBLANK(CC4:CH4)>0, "PENDIENTE MEMORANDO", "MEMORANDOS ENVIADOS" ), IF(CI4="NO", "NO APLICA", IF(CI4="SI", IF(COUNTBLANK(CJ4:CN4)>0, "PENDIENTES OFICIOS", "OFICIOS ENVIADOS" ), "" ) ) ))
A5: =IF( AND(Q5="NO",S5<>"SI"), "TERMINADO PRODUCTO NO CONFORME", IF( AND( COUNTBLANK(AJ5:AO5)=COLUMNS(AJ5:AO5), COUNTBLANK(AQ5:AY5)=COLUMNS(AQ5:AY5), COUNTBLANK(BC5:BD5)=COLUMNS(BC5:BD5), COUNTBLANK(BF5:BM5)=COLUMNS(BF5:BM5), COUNTBLANK(BP5:BR5)=COLUMNS(BP5:BR5) ), "SIN GESTIÓN", IF( AND(BC5<>"",BD5<>"",AO5="",AX5="",BQ5=""), "NOTIFICADO POR CONDUCTA CONCLUYENTE", IF( AI5="NOTIFICACIÓN ELECTRÓNICA EFECTIVA", CA5, IF( OR( AI5="NO PROCEDE NOTIFICACIÓN ELECTRÓNICA", AI5="REALIZAR CITACIÓN", AI5="NOTIFICACIÓN ELECTRÓNICA NO EFECTIVA" ), IF( AZ5="HACER AVISO", IF( OR( BN5="NOTIFICACIÓN POR AVISO TERMINADA", BN5="NOTIFICACIÓN PERSONAL COMPLETA" ), CA5, BN5 ), AZ5 ), AI5 ) ) ) )) -> NOTIFICADO POR CONDUCTA CONCLUYENTE | B5: Catalina Rodriguez | C5: 46028 | D5: 46028 | E5: =IF(AN5="SI", "NOTIFICACIÓN ELECTRÓNICA", IF(AND(BC5<>"",BD5<>""), "NOTIFICACIÓN PERSONAL", IF(BL5="SI", "NOTIFICACIÓN POR AVISO", "PENDIENTE NOTIFICACIÓN" ))) -> NOTIFICACIÓN PERSONAL | F5: =IF( AND(AN5<>"SI",AW5<>"SI",BL5<>"SI",BC5="",BD5=""), "PENDIENTE NOTIFICACIÓN", IF(AN5="SI", AO5, IF(AW5="SI", AX5, IF(AND(BC5<>"",BD5<>""), BD5, IF(BL5="SI", BQ5, "PENDIENTE NOTIFICACIÓN" ))))) -> 46028 | G5: =IF( OR( C5="", F5="PENDIENTE NOTIFICACIÓN", NOT(ISNUMBER(C5)), NOT(ISNUMBER(F5)), F5<C5 ), "", F5-C5 ) -> 0 | H5: =IF( L5="", "", IF( NETWORKDAYS(L5,IF(M5<>"",M5,TODAY()),FESTIVOS_CO!A:A)>2, "VENCIDO", IF( NETWORKDAYS(L5,IF(M5<>"",M5,TODAY()),FESTIVOS_CO!A:A)=2, "ALERTA", "A TIEMPO" ))) -> A TIEMPO | J5: 20264100000037CS | K5: 46028 | L5: 46028 | M5: 46028 | Q5: SI | U5: 410 GRUPO DE PERMISOS DE ESTADO EMPRESARIALES | V5: 2025006443CE | W5: 45817 | Y5: 802.013.698-6 | Z5: FULL PROTECTION LTDA | AC5: NO APLICA | AD5: CAMBIO REPRESENTANTE LEGAL, ADMINISTRADOR Y/O GERENTES DE SUCURSALES O AGENCIAS. | AE5: NO APLICA | AF5: AUTORIZA | AG5: NO | AI5: =IF(AL5="NO", "REALIZAR CITACIÓN", IF(AND(AJ5="SI",AL5<>"SI",AL5<>"NO"), "PENDIENTE ENTREGA NOTIFICACIÓN ELECTRÓNICA", IF(AND(AJ5="SI",AL5="SI",AN5="SI"), "NOTIFICACIÓN ELECTRÓNICA EFECTIVA", IF(AND(AJ5="",AK5="",AL5="",AM5="",AN5="",AO5=""), "PENDIENTE NOTIFICACIÓN ELECTRÓNICA", IF(AJ5="NO", "NO PROCEDE NOTIFICACIÓN ELECTRÓNICA", IF(AND(AJ5="SI",F5=""), "PENDIENTE ENVÍO NOTIFICACIÓN ELECTRÓNICA", IF(AND(AJ5="SI",TODAY()-F5<=5), "EN ESPERA DE NOTIFICACIÓN ELECTRÓNICA (5 DÍAS)", "NOTIFICACIÓN ELECTRÓNICA NO EFECTIVA" ))))))) -> NO PROCEDE NOTIFICACIÓN ELECTRÓNICA | AJ5: NO | AM5: =IF(AK5="","",WORKDAY(AK5,5,FESTIVOS_CO!A:A)) | AP5: =IF( ISNUMBER(SEARCH("PENDIENTE",UPPER(AI5))), "NO APLICA", IF( COUNTBLANK(AJ5:AL5)=COUNTA(AJ5:AL5), "NO APLICA", IF( UPPER(AN5)="SI", "NO PROCEDE CITACION", "NOTIFICAR POR CITACION" ) ) ) -> NOTIFICAR POR CITACION | AY5: =IF(AU5="","",WORKDAY(AU5,5,FESTIVOS_CO!A:A)) | AZ5: =IF( AND(AO5="",AX5="",BQ5="",BC5<>"",BD5<>""), "NOTIFICADO POR CONDUCTA CONCLUYENTE", IF(AP5="NO PROCEDE CITACION", "NO PROCEDE", IF(AP5="NO APLICA", "NO APLICA", IF(AW5="NO", "HACER AVISO", IF(AQ5="", "PENDIENTE GESTIONAR CITACIÓN", IF(AS5="", "PENDIENTE FIRMA", IF(AR5="", "PENDIENTE REVISIÓN", IF(AT5="", "PENDIENTE RADICAR", "CITACIÓN COMPLETA EN ESPERA PRESENTACION PERSONAL" )))))))) -> NOTIFICADO POR CONDUCTA CONCLUYENTE | BA5: =IF(AX5="","",WORKDAY(AX5,5,FESTIVOS_CO!A:A)) | BC5: CATALINA RODRIGUEZ | BD5: 46028 | BE5: =IF(AZ5="NO PROCEDE", "NO PROCEDE",IF(OR(AZ5="HACER AVISO",BB5="NO"), "HACER AVISO", "NO APLICA")) -> NO APLICA | BM5: =IF(BJ5="","",WORKDAY(BJ5,5,FESTIVOS_CO!A:A)) | BN5: =IF( AND(AZ5="CITACIÓN COMPLETA EN ESPERA DE NOTIFICACION PERSONAL",BB5="NO"), "PENDIENTE HACER AVISO", IF(AND(BC5<>"",BD5<>""), "NOTIFICACIÓN PERSONAL COMPLETA", IF(BR5="SI", "NOTIFICACIÓN POR AVISO TERMINADA", IF(BE5="NO PROCEDE", "NO PROCEDE", IF(BF5="", "PENDIENTE HACER AVISO", IF(BG5="", "PENDIENTE REVISIÓN AVISO", IF(BH5="", "PENDIENTE FIRMA AVISO", IF(BI5="", "PENDIENTE RADICAR AVISO", IF(BL5="", "EN TRÁMITE DE ENTREGA AVISO", IF(BL5="NO", "PUBLICAR AVISO CARTELERA", IF(BL5="SI", "VERIFICAR SI PROCEDE RECURSO", IF(BE5="HACER AVISO", "HACER AVISO", "NO APLICA" )))))))))))) -> NOTIFICACIÓN PERSONAL COMPLETA | BO5: =IF(BN5="NOTIFICACIÓN PERSONAL COMPLETA", "NO PROCEDE AVISO", IF(BR5="SI", "NOTIFICACION POR AVISO TERMINADA", IF(BE5="NO PROCEDE", "NO PROCEDE AVISO", IF(BN5="VERIFICAR SI PROCEDE RECURSO", "NOTIFICACIÓN POR AVISO COMPLETA", "EN TRÁMITE NOTIF. POR AVISO" )))) -> NO PROCEDE AVISO | BQ5: =IF(BP5="","",WORKDAY(BP5,5,FESTIVOS_CO!A:A)) | BU5: =VLOOKUP(BT5,Hoja2!$C:$D,2,0) -> #N/A | BV5: =IF( AND(AO5="",BD5="",BQ5=""), "EN PROCESO NOTIFICACION / COMUNICACION", IF( BT5="", "NO APLICA", IF( BU5=60, IF(AO5<>"",AO5,IF(BD5<>"",BD5,BQ5))+60, WORKDAY( IF(AO5<>"",AO5,IF(BD5<>"",BD5,BQ5)), BU5, FESTIVOS_CO!A:A ) ) )) -> NO APLICA | BW5: SI | BX5: 46044 | BY5: 46044 | BZ5: 46045 | CA5: =IF(BW5<>"SI", "PENDIENTE EJECUTORIA", IF(AND(BX5="",BY5="",BZ5=""), "PENDIENTE HACER EJECUTORIA", IF(AND(BX5<>"",BY5="",BZ5=""), "PENDIENTE REVISION EJECUTORIA", IF(AND(BX5<>"",BY5<>"",BZ5=""), "PENDIENTE FIRMA EJECUTORIA", "PROCESO EJECUTORIA TERMINADO" )))) -> PROCESO EJECUTORIA TERMINADO | CB5: =IF(CC5="NO", "NO APLICA", IF(CC5="SI", IF(COUNTBLANK(CC5:CH5)>0, "PENDIENTE MEMORANDO", "MEMORANDOS ENVIADOS" ), IF(CI5="NO", "NO APLICA", IF(CI5="SI", IF(COUNTBLANK(CJ5:CN5)>0, "PENDIENTES OFICIOS", "OFICIOS ENVIADOS" ), "" ) ) ))
A6: =IF( AND(Q6="NO",S6<>"SI"), "TERMINADO PRODUCTO NO CONFORME", IF( AND( COUNTBLANK(AJ6:AO6)=COLUMNS(AJ6:AO6), COUNTBLANK(AQ6:AY6)=COLUMNS(AQ6:AY6), COUNTBLANK(BC6:BD6)=COLUMNS(BC6:BD6), COUNTBLANK(BF6:BM6)=COLUMNS(BF6:BM6), COUNTBLANK(BP6:BR6)=COLUMNS(BP6:BR6) ), "SIN GESTIÓN", IF( AND(BC6<>"",BD6<>"",AO6="",AX6="",BQ6=""), "NOTIFICADO POR CONDUCTA CONCLUYENTE", IF( AI6="NOTIFICACIÓN ELECTRÓNICA EFECTIVA", CA6, IF( OR( AI6="NO PROCEDE NOTIFICACIÓN ELECTRÓNICA", AI6="REALIZAR CITACIÓN", AI6="NOTIFICACIÓN ELECTRÓNICA NO EFECTIVA" ), IF( AZ6="HACER AVISO", IF( OR( BN6="NOTIFICACIÓN POR AVISO TERMINADA", BN6="NOTIFICACIÓN PERSONAL COMPLETA" ), CA6, BN6 ), AZ6 ), AI6 ) ) ) )) -> PROCESO EJECUTORIA TERMINADO | B6: Karen Aguilar | C6: 46029 | D6: 46029 | E6: =IF(AN6="SI", "NOTIFICACIÓN ELECTRÓNICA", IF(AND(BC6<>"",BD6<>""), "NOTIFICACIÓN PERSONAL", IF(BL6="SI", "NOTIFICACIÓN POR AVISO", "PENDIENTE NOTIFICACIÓN" ))) -> NOTIFICACIÓN ELECTRÓNICA | F6: =IF( AND(AN6<>"SI",AW6<>"SI",BL6<>"SI",BC6="",BD6=""), "PENDIENTE NOTIFICACIÓN", IF(AN6="SI", AO6, IF(AW6="SI", AX6, IF(AND(BC6<>"",BD6<>""), BD6, IF(BL6="SI", BQ6, "PENDIENTE NOTIFICACIÓN" ))))) -> 46029 | G6: =IF( OR( C6="", F6="PENDIENTE NOTIFICACIÓN", NOT(ISNUMBER(C6)), NOT(ISNUMBER(F6)), F6<C6 ), "", F6-C6 ) -> 0 | H6: =IF( L6="", "", IF( NETWORKDAYS(L6,IF(M6<>"",M6,TODAY()),FESTIVOS_CO!A:A)>2, "VENCIDO", IF( NETWORKDAYS(L6,IF(M6<>"",M6,TODAY()),FESTIVOS_CO!A:A)=2, "ALERTA", "A TIEMPO" ))) -> A TIEMPO | J6: 20264200000067CS | K6: 46028 | L6: 46029 | M6: 46029 | Q6: SI | U6: 420 GRUPO DE ESQUEMAS AUTORPROTECCIÓN | V6: 2025014552CE | W6: 45923 | Y6: 900284434-6 | Z6: VEBLINCO LIMITADA | AC6: principal@veblinco.com | AD6: DESBLINDAJE | AE6: HBM109 | AF6: AUTORIZA | AG6: SI | AI6: =IF(AL6="NO", "REALIZAR CITACIÓN", IF(AND(AJ6="SI",AL6<>"SI",AL6<>"NO"), "PENDIENTE ENTREGA NOTIFICACIÓN ELECTRÓNICA", IF(AND(AJ6="SI",AL6="SI",AN6="SI"), "NOTIFICACIÓN ELECTRÓNICA EFECTIVA", IF(AND(AJ6="",AK6="",AL6="",AM6="",AN6="",AO6=""), "PENDIENTE NOTIFICACIÓN ELECTRÓNICA", IF(AJ6="NO", "NO PROCEDE NOTIFICACIÓN ELECTRÓNICA", IF(AND(AJ6="SI",F6=""), "PENDIENTE ENVÍO NOTIFICACIÓN ELECTRÓNICA", IF(AND(AJ6="SI",TODAY()-F6<=5), "EN ESPERA DE NOTIFICACIÓN ELECTRÓNICA (5 DÍAS)", "NOTIFICACIÓN ELECTRÓNICA NO EFECTIVA" ))))))) -> NOTIFICACIÓN ELECTRÓNICA EFECTIVA | AJ6: SI | AK6: 46029 | AL6: SI | AM6: =IF(AK6="","",WORKDAY(AK6,5,FESTIVOS_CO!A:A)) -> 46037 | AN6: SI | AO6: 46029 | AP6: =IF( ISNUMBER(SEARCH("PENDIENTE",UPPER(AI6))), "NO APLICA", IF( COUNTBLANK(AJ6:AL6)=COUNTA(AJ6:AL6), "NO APLICA", IF( UPPER(AN6)="SI", "NO PROCEDE CITACION", "NOTIFICAR POR CITACION" ) ) ) -> NO PROCEDE CITACION | AY6: =IF(AU6="","",WORKDAY(AU6,5,FESTIVOS_CO!A:A)) | AZ6: =IF( AND(AO6="",AX6="",BQ6="",BC6<>"",BD6<>""), "NOTIFICADO POR CONDUCTA CONCLUYENTE", IF(AP6="NO PROCEDE CITACION", "NO PROCEDE", IF(AP6="NO APLICA", "NO APLICA", IF(AW6="NO", "HACER AVISO", IF(AQ6="", "PENDIENTE GESTIONAR CITACIÓN", IF(AS6="", "PENDIENTE FIRMA", IF(AR6="", "PENDIENTE REVISIÓN", IF(AT6="", "PENDIENTE RADICAR", "CITACIÓN COMPLETA EN ESPERA PRESENTACION PERSONAL" )))))))) -> NO PROCEDE | BA6: =IF(AX6="","",WORKDAY(AX6,5,FESTIVOS_CO!A:A)) | BE6: =IF(AZ6="NO PROCEDE", "NO PROCEDE",IF(OR(AZ6="HACER AVISO",BB6="NO"), "HACER AVISO", "NO APLICA")) -> NO PROCEDE | BM6: =IF(BJ6="","",WORKDAY(BJ6,5,FESTIVOS_CO!A:A)) | BN6: =IF( AND(AZ6="CITACIÓN COMPLETA EN ESPERA DE NOTIFICACION PERSONAL",BB6="NO"), "PENDIENTE HACER AVISO", IF(AND(BC6<>"",BD6<>""), "NOTIFICACIÓN PERSONAL COMPLETA", IF(BR6="SI", "NOTIFICACIÓN POR AVISO TERMINADA", IF(BE6="NO PROCEDE", "NO PROCEDE", IF(BF6="", "PENDIENTE HACER AVISO", IF(BG6="", "PENDIENTE REVISIÓN AVISO", IF(BH6="", "PENDIENTE FIRMA AVISO", IF(BI6="", "PENDIENTE RADICAR AVISO", IF(BL6="", "EN TRÁMITE DE ENTREGA AVISO", IF(BL6="NO", "PUBLICAR AVISO CARTELERA", IF(BL6="SI", "VERIFICAR SI PROCEDE RECURSO", IF(BE6="HACER AVISO", "HACER AVISO", "NO APLICA" )))))))))))) -> NO PROCEDE | BO6: =IF(BN6="NOTIFICACIÓN PERSONAL COMPLETA", "NO PROCEDE AVISO", IF(BR6="SI", "NOTIFICACION POR AVISO TERMINADA", IF(BE6="NO PROCEDE", "NO PROCEDE AVISO", IF(BN6="VERIFICAR SI PROCEDE RECURSO", "NOTIFICACIÓN POR AVISO COMPLETA", "EN TRÁMITE NOTIF. POR AVISO" )))) -> NO PROCEDE AVISO | BQ6: =IF(BP6="","",WORKDAY(BP6,5,FESTIVOS_CO!A:A)) | BS6: SI | BT6: RECURSO DE REPOSICION | BU6: =VLOOKUP(BT6,Hoja2!$C:$D,2,0) -> 10 | BV6: =IF( AND(AO6="",BD6="",BQ6=""), "EN PROCESO NOTIFICACION / COMUNICACION", IF( BT6="", "NO APLICA", IF( BU6=60, IF(AO6<>"",AO6,IF(BD6<>"",BD6,BQ6))+60, WORKDAY( IF(AO6<>"",AO6,IF(BD6<>"",BD6,BQ6)), BU6, FESTIVOS_CO!A:A ) ) )) -> 46044 | BW6: SI | BY6: 46052 | CA6: =IF(BW6<>"SI", "PENDIENTE EJECUTORIA", IF(AND(BX6="",BY6="",BZ6=""), "PENDIENTE HACER EJECUTORIA", IF(AND(BX6<>"",BY6="",BZ6=""), "PENDIENTE REVISION EJECUTORIA", IF(AND(BX6<>"",BY6<>"",BZ6=""), "PENDIENTE FIRMA EJECUTORIA", "PROCESO EJECUTORIA TERMINADO" )))) -> PROCESO EJECUTORIA TERMINADO | CB6: =IF(CC6="NO", "NO APLICA", IF(CC6="SI", IF(COUNTBLANK(CC6:CH6)>0, "PENDIENTE MEMORANDO", "MEMORANDOS ENVIADOS" ), IF(CI6="NO", "NO APLICA", IF(CI6="SI", IF(COUNTBLANK(CJ6:CN6)>0, "PENDIENTES OFICIOS", "OFICIOS ENVIADOS" ), "" ) ) ))
A7: =IF( AND(Q7="NO",S7<>"SI"), "TERMINADO PRODUCTO NO CONFORME", IF( AND( COUNTBLANK(AJ7:AO7)=COLUMNS(AJ7:AO7), COUNTBLANK(AQ7:AY7)=COLUMNS(AQ7:AY7), COUNTBLANK(BC7:BD7)=COLUMNS(BC7:BD7), COUNTBLANK(BF7:BM7)=COLUMNS(BF7:BM7), COUNTBLANK(BP7:BR7)=COLUMNS(BP7:BR7) ), "SIN GESTIÓN", IF( AND(BC7<>"",BD7<>"",AO7="",AX7="",BQ7=""), "NOTIFICADO POR CONDUCTA CONCLUYENTE", IF( AI7="NOTIFICACIÓN ELECTRÓNICA EFECTIVA", CA7, IF( OR( AI7="NO PROCEDE NOTIFICACIÓN ELECTRÓNICA", AI7="REALIZAR CITACIÓN", AI7="NOTIFICACIÓN ELECTRÓNICA NO EFECTIVA" ), IF( AZ7="HACER AVISO", IF( OR( BN7="NOTIFICACIÓN POR AVISO TERMINADA", BN7="NOTIFICACIÓN PERSONAL COMPLETA" ), CA7, BN7 ), AZ7 ), AI7 ) ) ) )) -> PROCESO EJECUTORIA TERMINADO | B7: Karen Aguilar | C7: 46029 | D7: 46029 | E7: =IF(AN7="SI", "NOTIFICACIÓN ELECTRÓNICA", IF(AND(BC7<>"",BD7<>""), "NOTIFICACIÓN PERSONAL", IF(BL7="SI", "NOTIFICACIÓN POR AVISO", "PENDIENTE NOTIFICACIÓN" ))) -> NOTIFICACIÓN ELECTRÓNICA | F7: =IF( AND(AN7<>"SI",AW7<>"SI",BL7<>"SI",BC7="",BD7=""), "PENDIENTE NOTIFICACIÓN", IF(AN7="SI", AO7, IF(AW7="SI", AX7, IF(AND(BC7<>"",BD7<>""), BD7, IF(BL7="SI", BQ7, "PENDIENTE NOTIFICACIÓN" ))))) -> 46029 | G7: =IF( OR( C7="", F7="PENDIENTE NOTIFICACIÓN", NOT(ISNUMBER(C7)), NOT(ISNUMBER(F7)), F7<C7 ), "", F7-C7 ) -> 0 | H7: =IF( L7="", "", IF( NETWORKDAYS(L7,IF(M7<>"",M7,TODAY()),FESTIVOS_CO!A:A)>2, "VENCIDO", IF( NETWORKDAYS(L7,IF(M7<>"",M7,TODAY()),FESTIVOS_CO!A:A)=2, "ALERTA", "A TIEMPO" ))) -> A TIEMPO | J7: 20264200000097CS | K7: 46029 | L7: 46029 | M7: 46029 | Q7: SI | U7: 420 GRUPO DE ESQUEMAS AUTORPROTECCIÓN | V7: 2025018608CE | W7: 45974 | Y7: 805003895-9 | Z7: PERSONERÍA SANTIAGO DE CALI | AC7: despacho@personeriacali.gov.co | AD7: BLINDAJE Y USO DE VEHÍCULO. | AE7: OJZ781 | AF7: AUTORIZA | AG7: SI | AI7: =IF(AL7="NO", "REALIZAR CITACIÓN", IF(AND(AJ7="SI",AL7<>"SI",AL7<>"NO"), "PENDIENTE ENTREGA NOTIFICACIÓN ELECTRÓNICA", IF(AND(AJ7="SI",AL7="SI",AN7="SI"), "NOTIFICACIÓN ELECTRÓNICA EFECTIVA", IF(AND(AJ7="",AK7="",AL7="",AM7="",AN7="",AO7=""), "PENDIENTE NOTIFICACIÓN ELECTRÓNICA", IF(AJ7="NO", "NO PROCEDE NOTIFICACIÓN ELECTRÓNICA", IF(AND(AJ7="SI",F7=""), "PENDIENTE ENVÍO NOTIFICACIÓN ELECTRÓNICA", IF(AND(AJ7="SI",TODAY()-F7<=5), "EN ESPERA DE NOTIFICACIÓN ELECTRÓNICA (5 DÍAS)", "NOTIFICACIÓN ELECTRÓNICA NO EFECTIVA" ))))))) -> NOTIFICACIÓN ELECTRÓNICA EFECTIVA | AJ7: SI | AK7: 46029 | AL7: SI | AM7: =IF(AK7="","",WORKDAY(AK7,5,FESTIVOS_CO!A:A)) -> 46037 | AN7: SI | AO7: 46029 | AP7: =IF( ISNUMBER(SEARCH("PENDIENTE",UPPER(AI7))), "NO APLICA", IF( COUNTBLANK(AJ7:AL7)=COUNTA(AJ7:AL7), "NO APLICA", IF( UPPER(AN7)="SI", "NO PROCEDE CITACION", "NOTIFICAR POR CITACION" ) ) ) -> NO PROCEDE CITACION | AY7: =IF(AU7="","",WORKDAY(AU7,5,FESTIVOS_CO!A:A)) | AZ7: =IF( AND(AO7="",AX7="",BQ7="",BC7<>"",BD7<>""), "NOTIFICADO POR CONDUCTA CONCLUYENTE", IF(AP7="NO PROCEDE CITACION", "NO PROCEDE", IF(AP7="NO APLICA", "NO APLICA", IF(AW7="NO", "HACER AVISO", IF(AQ7="", "PENDIENTE GESTIONAR CITACIÓN", IF(AS7="", "PENDIENTE FIRMA", IF(AR7="", "PENDIENTE REVISIÓN", IF(AT7="", "PENDIENTE RADICAR", "CITACIÓN COMPLETA EN ESPERA PRESENTACION PERSONAL" )))))))) -> NO PROCEDE | BA7: =IF(AX7="","",WORKDAY(AX7,5,FESTIVOS_CO!A:A)) | BE7: =IF(AZ7="NO PROCEDE", "NO PROCEDE",IF(OR(AZ7="HACER AVISO",BB7="NO"), "HACER AVISO", "NO APLICA")) -> NO PROCEDE | BM7: =IF(BJ7="","",WORKDAY(BJ7,5,FESTIVOS_CO!A:A)) | BN7: =IF( AND(AZ7="CITACIÓN COMPLETA EN ESPERA DE NOTIFICACION PERSONAL",BB7="NO"), "PENDIENTE HACER AVISO", IF(AND(BC7<>"",BD7<>""), "NOTIFICACIÓN PERSONAL COMPLETA", IF(BR7="SI", "NOTIFICACIÓN POR AVISO TERMINADA", IF(BE7="NO PROCEDE", "NO PROCEDE", IF(BF7="", "PENDIENTE HACER AVISO", IF(BG7="", "PENDIENTE REVISIÓN AVISO", IF(BH7="", "PENDIENTE FIRMA AVISO", IF(BI7="", "PENDIENTE RADICAR AVISO", IF(BL7="", "EN TRÁMITE DE ENTREGA AVISO", IF(BL7="NO", "PUBLICAR AVISO CARTELERA", IF(BL7="SI", "VERIFICAR SI PROCEDE RECURSO", IF(BE7="HACER AVISO", "HACER AVISO", "NO APLICA" )))))))))))) -> NO PROCEDE | BO7: =IF(BN7="NOTIFICACIÓN PERSONAL COMPLETA", "NO PROCEDE AVISO", IF(BR7="SI", "NOTIFICACION POR AVISO TERMINADA", IF(BE7="NO PROCEDE", "NO PROCEDE AVISO", IF(BN7="VERIFICAR SI PROCEDE RECURSO", "NOTIFICACIÓN POR AVISO COMPLETA", "EN TRÁMITE NOTIF. POR AVISO" )))) -> NO PROCEDE AVISO | BQ7: =IF(BP7="","",WORKDAY(BP7,5,FESTIVOS_CO!A:A)) | BS7: SI | BT7: RECURSO DE REPOSICION | BU7: =VLOOKUP(BT7,Hoja2!$C:$D,2,0) -> 10 | BV7: =IF( AND(AO7="",BD7="",BQ7=""), "EN PROCESO NOTIFICACION / COMUNICACION", IF( BT7="", "NO APLICA", IF( BU7=60, IF(AO7<>"",AO7,IF(BD7<>"",BD7,BQ7))+60, WORKDAY( IF(AO7<>"",AO7,IF(BD7<>"",BD7,BQ7)), BU7, FESTIVOS_CO!A:A ) ) )) -> 46044 | BW7: SI | BY7: 46052 | CA7: =IF(BW7<>"SI", "PENDIENTE EJECUTORIA", IF(AND(BX7="",BY7="",BZ7=""), "PENDIENTE HACER EJECUTORIA", IF(AND(BX7<>"",BY7="",BZ7=""), "PENDIENTE REVISION EJECUTORIA", IF(AND(BX7<>"",BY7<>"",BZ7=""), "PENDIENTE FIRMA EJECUTORIA", "PROCESO EJECUTORIA TERMINADO" )))) -> PROCESO EJECUTORIA TERMINADO | CB7: =IF(CC7="NO", "NO APLICA", IF(CC7="SI", IF(COUNTBLANK(CC7:CH7)>0, "PENDIENTE MEMORANDO", "MEMORANDOS ENVIADOS" ), IF(CI7="NO", "NO APLICA", IF(CI7="SI", IF(COUNTBLANK(CJ7:CN7)>0, "PENDIENTES OFICIOS", "OFICIOS ENVIADOS" ), "" ) ) ))
A8: =IF( AND(Q8="NO",S8<>"SI"), "TERMINADO PRODUCTO NO CONFORME", IF( AND( COUNTBLANK(AJ8:AO8)=COLUMNS(AJ8:AO8), COUNTBLANK(AQ8:AY8)=COLUMNS(AQ8:AY8), COUNTBLANK(BC8:BD8)=COLUMNS(BC8:BD8), COUNTBLANK(BF8:BM8)=COLUMNS(BF8:BM8), COUNTBLANK(BP8:BR8)=COLUMNS(BP8:BR8) ), "SIN GESTIÓN", IF( AND(BC8<>"",BD8<>"",AO8="",AX8="",BQ8=""), "NOTIFICADO POR CONDUCTA CONCLUYENTE", IF( AI8="NOTIFICACIÓN ELECTRÓNICA EFECTIVA", CA8, IF( OR( AI8="NO PROCEDE NOTIFICACIÓN ELECTRÓNICA", AI8="REALIZAR CITACIÓN", AI8="NOTIFICACIÓN ELECTRÓNICA NO EFECTIVA" ), IF( AZ8="HACER AVISO", IF( OR( BN8="NOTIFICACIÓN POR AVISO TERMINADA", BN8="NOTIFICACIÓN PERSONAL COMPLETA" ), CA8, BN8 ), AZ8 ), AI8 ) ) ) )) -> CITACIÓN COMPLETA EN ESPERA PRESENTACION PERSONAL | B8: Samuel Flórez | C8: 46031 | D8: 46031 | E8: =IF(AN8="SI", "NOTIFICACIÓN ELECTRÓNICA", IF(AND(BC8<>"",BD8<>""), "NOTIFICACIÓN PERSONAL", IF(BL8="SI", "NOTIFICACIÓN POR AVISO", "PENDIENTE NOTIFICACIÓN" ))) -> PENDIENTE NOTIFICACIÓN | F8: =IF( AND(AN8<>"SI",AW8<>"SI",BL8<>"SI",BC8="",BD8=""), "PENDIENTE NOTIFICACIÓN", IF(AN8="SI", AO8, IF(AW8="SI", AX8, IF(AND(BC8<>"",BD8<>""), BD8, IF(BL8="SI", BQ8, "PENDIENTE NOTIFICACIÓN" ))))) -> 46041 | G8: =IF( OR( C8="", F8="PENDIENTE NOTIFICACIÓN", NOT(ISNUMBER(C8)), NOT(ISNUMBER(F8)), F8<C8 ), "", F8-C8 ) -> 10 | H8: =IF( L8="", "", IF( NETWORKDAYS(L8,IF(M8<>"",M8,TODAY()),FESTIVOS_CO!A:A)>2, "VENCIDO", IF( NETWORKDAYS(L8,IF(M8<>"",M8,TODAY()),FESTIVOS_CO!A:A)=2, "ALERTA", "A TIEMPO" ))) -> ALERTA | I8: P.TE HACER AVISO | J8: 20252300108347CS | K8: 46009 | L8: 46030 | M8: 46031 | Q8: SI | U8: 230 GRUPO DE SANCIONES | V8: 848/2024/SAN | W8: NO APLICA | Y8: 900023731 | Z8: AVALLTECH S.A. - MARTHA LUCY ARBOLEDA LOPEZ | AA8: CLL 25 N # 5 N 57 OFICINA 323 | AB8: CALI | AC8: asistente3@herreraasociados.co | AD8: APERTURA SANCIONATORIA / FORMULACIÓN DE CARGOS | AE8: NO APLICA | AF8: APERTURA | AG8: NO | AI8: =IF(AL8="NO", "REALIZAR CITACIÓN", IF(AND(AJ8="SI",AL8<>"SI",AL8<>"NO"), "PENDIENTE ENTREGA NOTIFICACIÓN ELECTRÓNICA", IF(AND(AJ8="SI",AL8="SI",AN8="SI"), "NOTIFICACIÓN ELECTRÓNICA EFECTIVA", IF(AND(AJ8="",AK8="",AL8="",AM8="",AN8="",AO8=""), "PENDIENTE NOTIFICACIÓN ELECTRÓNICA", IF(AJ8="NO", "NO PROCEDE NOTIFICACIÓN ELECTRÓNICA", IF(AND(AJ8="SI",F8=""), "PENDIENTE ENVÍO NOTIFICACIÓN ELECTRÓNICA", IF(AND(AJ8="SI",TODAY()-F8<=5), "EN ESPERA DE NOTIFICACIÓN ELECTRÓNICA (5 DÍAS)", "NOTIFICACIÓN ELECTRÓNICA NO EFECTIVA" ))))))) -> NO PROCEDE NOTIFICACIÓN ELECTRÓNICA | AJ8: NO | AM8: =IF(AK8="","",WORKDAY(AK8,5,FESTIVOS_CO!A:A)) | AP8: =IF( ISNUMBER(SEARCH("PENDIENTE",UPPER(AI8))), "NO APLICA", IF( COUNTBLANK(AJ8:AL8)=COUNTA(AJ8:AL8), "NO APLICA", IF( UPPER(AN8)="SI", "NO PROCEDE CITACION", "NOTIFICAR POR CITACION" ) ) ) -> NOTIFICAR POR CITACION | AQ8: FÍSICO | AR8: 46031 | AS8: 46036 | AT8: 20263700001521CS | AU8: 46036 | AV8: RA551729653CO | AW8: SI | AX8: 46041 | AY8: =IF(AU8="","",WORKDAY(AU8,5,FESTIVOS_CO!A:A)) -> 46043 | AZ8: =IF( AND(AO8="",AX8="",BQ8="",BC8<>"",BD8<>""), "NOTIFICADO POR CONDUCTA CONCLUYENTE", IF(AP8="NO PROCEDE CITACION", "NO PROCEDE", IF(AP8="NO APLICA", "NO APLICA", IF(AW8="NO", "HACER AVISO", IF(AQ8="", "PENDIENTE GESTIONAR CITACIÓN", IF(AS8="", "PENDIENTE FIRMA", IF(AR8="", "PENDIENTE REVISIÓN", IF(AT8="", "PENDIENTE RADICAR", "CITACIÓN COMPLETA EN ESPERA PRESENTACION PERSONAL" )))))))) -> CITACIÓN COMPLETA EN ESPERA PRESENTACION PERSONAL | BA8: =IF(AX8="","",WORKDAY(AX8,5,FESTIVOS_CO!A:A)) -> 46048 | BE8: =IF(AZ8="NO PROCEDE", "NO PROCEDE",IF(OR(AZ8="HACER AVISO",BB8="NO"), "HACER AVISO", "NO APLICA")) -> NO APLICA | BM8: =IF(BJ8="","",WORKDAY(BJ8,5,FESTIVOS_CO!A:A)) | BN8: =IF( AND(AZ8="CITACIÓN COMPLETA EN ESPERA DE NOTIFICACION PERSONAL",BB8="NO"), "PENDIENTE HACER AVISO", IF(AND(BC8<>"",BD8<>""), "NOTIFICACIÓN PERSONAL COMPLETA", IF(BR8="SI", "NOTIFICACIÓN POR AVISO TERMINADA", IF(BE8="NO PROCEDE", "NO PROCEDE", IF(BF8="", "PENDIENTE HACER AVISO", IF(BG8="", "PENDIENTE REVISIÓN AVISO", IF(BH8="", "PENDIENTE FIRMA AVISO", IF(BI8="", "PENDIENTE RADICAR AVISO", IF(BL8="", "EN TRÁMITE DE ENTREGA AVISO", IF(BL8="NO", "PUBLICAR AVISO CARTELERA", IF(BL8="SI", "VERIFICAR SI PROCEDE RECURSO", IF(BE8="HACER AVISO", "HACER AVISO", "NO APLICA" )))))))))))) -> PENDIENTE HACER AVISO | BO8: =IF(BN8="NOTIFICACIÓN PERSONAL COMPLETA", "NO PROCEDE AVISO", IF(BR8="SI", "NOTIFICACION POR AVISO TERMINADA", IF(BE8="NO PROCEDE", "NO PROCEDE AVISO", IF(BN8="VERIFICAR SI PROCEDE RECURSO", "NOTIFICACIÓN POR AVISO COMPLETA", "EN TRÁMITE NOTIF. POR AVISO" )))) -> EN TRÁMITE NOTIF. POR AVISO | BQ8: =IF(BP8="","",WORKDAY(BP8,5,FESTIVOS_CO!A:A)) | BU8: =VLOOKUP(BT8,Hoja2!$C:$D,2,0) -> #N/A | BV8: =IF( AND(AO8="",BD8="",BQ8=""), "EN PROCESO NOTIFICACION / COMUNICACION", IF( BT8="", "NO APLICA", IF( BU8=60, IF(AO8<>"",AO8,IF(BD8<>"",BD8,BQ8))+60, WORKDAY( IF(AO8<>"",AO8,IF(BD8<>"",BD8,BQ8)), BU8, FESTIVOS_CO!A:A ) ) )) -> EN PROCESO NOTIFICACION / COMUNICACION | CA8: =IF(BW8<>"SI", "PENDIENTE EJECUTORIA", IF(AND(BX8="",BY8="",BZ8=""), "PENDIENTE HACER EJECUTORIA", IF(AND(BX8<>"",BY8="",BZ8=""), "PENDIENTE REVISION EJECUTORIA", IF(AND(BX8<>"",BY8<>"",BZ8=""), "PENDIENTE FIRMA EJECUTORIA", "PROCESO EJECUTORIA TERMINADO" )))) -> PENDIENTE EJECUTORIA | CB8: =IF(CC8="NO", "NO APLICA", IF(CC8="SI", IF(COUNTBLANK(CC8:CH8)>0, "PENDIENTE MEMORANDO", "MEMORANDOS ENVIADOS" ), IF(CI8="NO", "NO APLICA", IF(CI8="SI", IF(COUNTBLANK(CJ8:CN8)>0, "PENDIENTES OFICIOS", "OFICIOS ENVIADOS" ), "" ) ) ))
A9: =IF( AND(Q9="NO",S9<>"SI"), "TERMINADO PRODUCTO NO CONFORME", IF( AND( COUNTBLANK(AJ9:AO9)=COLUMNS(AJ9:AO9), COUNTBLANK(AQ9:AY9)=COLUMNS(AQ9:AY9), COUNTBLANK(BC9:BD9)=COLUMNS(BC9:BD9), COUNTBLANK(BF9:BM9)=COLUMNS(BF9:BM9), COUNTBLANK(BP9:BR9)=COLUMNS(BP9:BR9) ), "SIN GESTIÓN", IF( AND(BC9<>"",BD9<>"",AO9="",AX9="",BQ9=""), "NOTIFICADO POR CONDUCTA CONCLUYENTE", IF( AI9="NOTIFICACIÓN ELECTRÓNICA EFECTIVA", CA9, IF( OR( AI9="NO PROCEDE NOTIFICACIÓN ELECTRÓNICA", AI9="REALIZAR CITACIÓN", AI9="NOTIFICACIÓN ELECTRÓNICA NO EFECTIVA" ), IF( AZ9="HACER AVISO", IF( OR( BN9="NOTIFICACIÓN POR AVISO TERMINADA", BN9="NOTIFICACIÓN PERSONAL COMPLETA" ), CA9, BN9 ), AZ9 ), AI9 ) ) ) )) -> CITACIÓN COMPLETA EN ESPERA PRESENTACION PERSONAL | B9: Samuel Flórez | C9: 46031 | D9: 46031 | E9: =IF(AN9="SI", "NOTIFICACIÓN ELECTRÓNICA", IF(AND(BC9<>"",BD9<>""), "NOTIFICACIÓN PERSONAL", IF(BL9="SI", "NOTIFICACIÓN POR AVISO", "PENDIENTE NOTIFICACIÓN" ))) -> PENDIENTE NOTIFICACIÓN | F9: =IF( AND(AN9<>"SI",AW9<>"SI",BL9<>"SI",BC9="",BD9=""), "PENDIENTE NOTIFICACIÓN", IF(AN9="SI", AO9, IF(AW9="SI", AX9, IF(AND(BC9<>"",BD9<>""), BD9, IF(BL9="SI", BQ9, "PENDIENTE NOTIFICACIÓN" ))))) -> 46041 | G9: =IF( OR( C9="", F9="PENDIENTE NOTIFICACIÓN", NOT(ISNUMBER(C9)), NOT(ISNUMBER(F9)), F9<C9 ), "", F9-C9 ) -> 10 | H9: =IF( L9="", "", IF( NETWORKDAYS(L9,IF(M9<>"",M9,TODAY()),FESTIVOS_CO!A:A)>2, "VENCIDO", IF( NETWORKDAYS(L9,IF(M9<>"",M9,TODAY()),FESTIVOS_CO!A:A)=2, "ALERTA", "A TIEMPO" ))) -> ALERTA | I9: P.TE HACER AVISO | J9: 20252300108357CS | K9: 46009 | L9: 46030 | M9: 46031 | Q9: SI | U9: 230 GRUPO DE SANCIONES | V9: 968/2024/SAN | W9: NO APLICA | Y9: 13440520 | Z9: ESTRADA GLOBAL IMPORTACIONES ahora -ESTRADA MELENDEZ JESUS MARÍA | AA9: CALLE 4 65 51 | AB9: MEDELLÍN | AC9: gpsyrepuestos@hotmail.com | AD9: APERTURA SANCIONATORIA / FORMULACIÓN DE CARGOS | AE9: NO APLICA | AF9: APERTURA | AG9: NO | AI9: =IF(AL9="NO", "REALIZAR CITACIÓN", IF(AND(AJ9="SI",AL9<>"SI",AL9<>"NO"), "PENDIENTE ENTREGA NOTIFICACIÓN ELECTRÓNICA", IF(AND(AJ9="SI",AL9="SI",AN9="SI"), "NOTIFICACIÓN ELECTRÓNICA EFECTIVA", IF(AND(AJ9="",AK9="",AL9="",AM9="",AN9="",AO9=""), "PENDIENTE NOTIFICACIÓN ELECTRÓNICA", IF(AJ9="NO", "NO PROCEDE NOTIFICACIÓN ELECTRÓNICA", IF(AND(AJ9="SI",F9=""), "PENDIENTE ENVÍO NOTIFICACIÓN ELECTRÓNICA", IF(AND(AJ9="SI",TODAY()-F9<=5), "EN ESPERA DE NOTIFICACIÓN ELECTRÓNICA (5 DÍAS)", "NOTIFICACIÓN ELECTRÓNICA NO EFECTIVA" ))))))) -> NO PROCEDE NOTIFICACIÓN ELECTRÓNICA | AJ9: NO | AM9: =IF(AK9="","",WORKDAY(AK9,5,FESTIVOS_CO!A:A)) | AP9: =IF( ISNUMBER(SEARCH("PENDIENTE",UPPER(AI9))), "NO APLICA", IF( COUNTBLANK(AJ9:AL9)=COUNTA(AJ9:AL9), "NO APLICA", IF( UPPER(AN9)="SI", "NO PROCEDE CITACION", "NOTIFICAR POR CITACION" ) ) ) -> NOTIFICAR POR CITACION | AQ9: FÍSICO | AR9: 46031 | AS9: 46036 | AT9: 20263700001531CS | AU9: 46036 | AV9: RA551729667CO | AW9: SI | AX9: 46041 | AY9: =IF(AU9="","",WORKDAY(AU9,5,FESTIVOS_CO!A:A)) -> 46043 | AZ9: =IF( AND(AO9="",AX9="",BQ9="",BC9<>"",BD9<>""), "NOTIFICADO POR CONDUCTA CONCLUYENTE", IF(AP9="NO PROCEDE CITACION", "NO PROCEDE", IF(AP9="NO APLICA", "NO APLICA", IF(AW9="NO", "HACER AVISO", IF(AQ9="", "PENDIENTE GESTIONAR CITACIÓN", IF(AS9="", "PENDIENTE FIRMA", IF(AR9="", "PENDIENTE REVISIÓN", IF(AT9="", "PENDIENTE RADICAR", "CITACIÓN COMPLETA EN ESPERA PRESENTACION PERSONAL" )))))))) -> CITACIÓN COMPLETA EN ESPERA PRESENTACION PERSONAL | BA9: =IF(AX9="","",WORKDAY(AX9,5,FESTIVOS_CO!A:A)) -> 46048 | BE9: =IF(AZ9="NO PROCEDE", "NO PROCEDE",IF(OR(AZ9="HACER AVISO",BB9="NO"), "HACER AVISO", "NO APLICA")) -> NO APLICA | BM9: =IF(BJ9="","",WORKDAY(BJ9,5,FESTIVOS_CO!A:A)) | BN9: =IF( AND(AZ9="CITACIÓN COMPLETA EN ESPERA DE NOTIFICACION PERSONAL",BB9="NO"), "PENDIENTE HACER AVISO", IF(AND(BC9<>"",BD9<>""), "NOTIFICACIÓN PERSONAL COMPLETA", IF(BR9="SI", "NOTIFICACIÓN POR AVISO TERMINADA", IF(BE9="NO PROCEDE", "NO PROCEDE", IF(BF9="", "PENDIENTE HACER AVISO", IF(BG9="", "PENDIENTE REVISIÓN AVISO", IF(BH9="", "PENDIENTE FIRMA AVISO", IF(BI9="", "PENDIENTE RADICAR AVISO", IF(BL9="", "EN TRÁMITE DE ENTREGA AVISO", IF(BL9="NO", "PUBLICAR AVISO CARTELERA", IF(BL9="SI", "VERIFICAR SI PROCEDE RECURSO", IF(BE9="HACER AVISO", "HACER AVISO", "NO APLICA" )))))))))))) -> PENDIENTE HACER AVISO | BO9: =IF(BN9="NOTIFICACIÓN PERSONAL COMPLETA", "NO PROCEDE AVISO", IF(BR9="SI", "NOTIFICACION POR AVISO TERMINADA", IF(BE9="NO PROCEDE", "NO PROCEDE AVISO", IF(BN9="VERIFICAR SI PROCEDE RECURSO", "NOTIFICACIÓN POR AVISO COMPLETA", "EN TRÁMITE NOTIF. POR AVISO" )))) -> EN TRÁMITE NOTIF. POR AVISO | BQ9: =IF(BP9="","",WORKDAY(BP9,5,FESTIVOS_CO!A:A)) | BU9: =VLOOKUP(BT9,Hoja2!$C:$D,2,0) -> #N/A | BV9: =IF( AND(AO9="",BD9="",BQ9=""), "EN PROCESO NOTIFICACION / COMUNICACION", IF( BT9="", "NO APLICA", IF( BU9=60, IF(AO9<>"",AO9,IF(BD9<>"",BD9,BQ9))+60, WORKDAY( IF(AO9<>"",AO9,IF(BD9<>"",BD9,BQ9)), BU9, FESTIVOS_CO!A:A ) ) )) -> EN PROCESO NOTIFICACION / COMUNICACION | CA9: =IF(BW9<>"SI", "PENDIENTE EJECUTORIA", IF(AND(BX9="",BY9="",BZ9=""), "PENDIENTE HACER EJECUTORIA", IF(AND(BX9<>"",BY9="",BZ9=""), "PENDIENTE REVISION EJECUTORIA", IF(AND(BX9<>"",BY9<>"",BZ9=""), "PENDIENTE FIRMA EJECUTORIA", "PROCESO EJECUTORIA TERMINADO" )))) -> PENDIENTE EJECUTORIA | CB9: =IF(CC9="NO", "NO APLICA", IF(CC9="SI", IF(COUNTBLANK(CC9:CH9)>0, "PENDIENTE MEMORANDO", "MEMORANDOS ENVIADOS" ), IF(CI9="NO", "NO APLICA", IF(CI9="SI", IF(COUNTBLANK(CJ9:CN9)>0, "PENDIENTES OFICIOS", "OFICIOS ENVIADOS" ), "" ) ) ))
A10: =IF( AND(Q10="NO",S10<>"SI"), "TERMINADO PRODUCTO NO CONFORME", IF( AND( COUNTBLANK(AJ10:AO10)=COLUMNS(AJ10:AO10), COUNTBLANK(AQ10:AY10)=COLUMNS(AQ10:AY10), COUNTBLANK(BC10:BD10)=COLUMNS(BC10:BD10), COUNTBLANK(BF10:BM10)=COLUMNS(BF10:BM10), COUNTBLANK(BP10:BR10)=COLUMNS(BP10:BR10) ), "SIN GESTIÓN", IF( AND(BC10<>"",BD10<>"",AO10="",AX10="",BQ10=""), "NOTIFICADO POR CONDUCTA CONCLUYENTE", IF( AI10="NOTIFICACIÓN ELECTRÓNICA EFECTIVA", CA10, IF( OR( AI10="NO PROCEDE NOTIFICACIÓN ELECTRÓNICA", AI10="REALIZAR CITACIÓN", AI10="NOTIFICACIÓN ELECTRÓNICA NO EFECTIVA" ), IF( AZ10="HACER AVISO", IF( OR( BN10="NOTIFICACIÓN POR AVISO TERMINADA", BN10="NOTIFICACIÓN PERSONAL COMPLETA" ), CA10, BN10 ), AZ10 ), AI10 ) ) ) )) -> PENDIENTE HACER AVISO | B10: Samuel Flórez | C10: 46031 | D10: 46031 | E10: =IF(AN10="SI", "NOTIFICACIÓN ELECTRÓNICA", IF(AND(BC10<>"",BD10<>""), "NOTIFICACIÓN PERSONAL", IF(BL10="SI", "NOTIFICACIÓN POR AVISO", "PENDIENTE NOTIFICACIÓN" ))) -> PENDIENTE NOTIFICACIÓN | F10: =IF( AND(AN10<>"SI",AW10<>"SI",BL10<>"SI",BC10="",BD10=""), "PENDIENTE NOTIFICACIÓN", IF(AN10="SI", AO10, IF(AW10="SI", AX10, IF(AND(BC10<>"",BD10<>""), BD10, IF(BL10="SI", BQ10, "PENDIENTE NOTIFICACIÓN" ))))) -> PENDIENTE NOTIFICACIÓN | G10: =IF( OR( C10="", F10="PENDIENTE NOTIFICACIÓN", NOT(ISNUMBER(C10)), NOT(ISNUMBER(F10)), F10<C10 ), "", F10-C10 ) | H10: =IF( L10="", "", IF( NETWORKDAYS(L10,IF(M10<>"",M10,TODAY()),FESTIVOS_CO!A:A)>2, "VENCIDO", IF( NETWORKDAYS(L10,IF(M10<>"",M10,TODAY()),FESTIVOS_CO!A:A)=2, "ALERTA", "A TIEMPO" ))) -> ALERTA | I10: P.TE HACER AVISO | J10: 20252300108367CS | K10: 46009 | L10: 46030 | M10: 46031 | Q10: SI | U10: 230 GRUPO DE SANCIONES | V10: 983/2024/SAN | W10: NO APLICA | Y10: 900453601 | Z10: FUERZA TECNOLOGICA SAS - DIOMER ERNESTO HERNANDEZ DUQUE | AA10: CARRERA 46 78 49 | AB10: MEDELLÍN | AC10: diomerhd@hotmail.com | AD10: APERTURA SANCIONATORIA / FORMULACIÓN DE CARGOS | AE10: NO APLICA | AF10: APERTURA | AG10: NO | AI10: =IF(AL10="NO", "REALIZAR CITACIÓN", IF(AND(AJ10="SI",AL10<>"SI",AL10<>"NO"), "PENDIENTE ENTREGA NOTIFICACIÓN ELECTRÓNICA", IF(AND(AJ10="SI",AL10="SI",AN10="SI"), "NOTIFICACIÓN ELECTRÓNICA EFECTIVA", IF(AND(AJ10="",AK10="",AL10="",AM10="",AN10="",AO10=""), "PENDIENTE NOTIFICACIÓN ELECTRÓNICA", IF(AJ10="NO", "NO PROCEDE NOTIFICACIÓN ELECTRÓNICA", IF(AND(AJ10="SI",F10=""), "PENDIENTE ENVÍO NOTIFICACIÓN ELECTRÓNICA", IF(AND(AJ10="SI",TODAY()-F10<=5), "EN ESPERA DE NOTIFICACIÓN ELECTRÓNICA (5 DÍAS)", "NOTIFICACIÓN ELECTRÓNICA NO EFECTIVA" ))))))) -> NO PROCEDE NOTIFICACIÓN ELECTRÓNICA | AJ10: NO | AM10: =IF(AK10="","",WORKDAY(AK10,5,FESTIVOS_CO!A:A)) | AP10: =IF( ISNUMBER(SEARCH("PENDIENTE",UPPER(AI10))), "NO APLICA", IF( COUNTBLANK(AJ10:AL10)=COUNTA(AJ10:AL10), "NO APLICA", IF( UPPER(AN10)="SI", "NO PROCEDE CITACION", "NOTIFICAR POR CITACION" ) ) ) -> NOTIFICAR POR CITACION | AQ10: FÍSICO | AR10: 46031 | AS10: 46037 | AT10: 20263700001731CS | AU10: 46038 | AW10: NO | AY10: =IF(AU10="","",WORKDAY(AU10,5,FESTIVOS_CO!A:A)) -> 46045 | AZ10: =IF( AND(AO10="",AX10="",BQ10="",BC10<>"",BD10<>""), "NOTIFICADO POR CONDUCTA CONCLUYENTE", IF(AP10="NO PROCEDE CITACION", "NO PROCEDE", IF(AP10="NO APLICA", "NO APLICA", IF(AW10="NO", "HACER AVISO", IF(AQ10="", "PENDIENTE GESTIONAR CITACIÓN", IF(AS10="", "PENDIENTE FIRMA", IF(AR10="", "PENDIENTE REVISIÓN", IF(AT10="", "PENDIENTE RADICAR", "CITACIÓN COMPLETA EN ESPERA PRESENTACION PERSONAL" )))))))) -> HACER AVISO | BA10: =IF(AX10="","",WORKDAY(AX10,5,FESTIVOS_CO!A:A)) | BE10: =IF(AZ10="NO PROCEDE", "NO PROCEDE",IF(OR(AZ10="HACER AVISO",BB10="NO"), "HACER AVISO", "NO APLICA")) -> HACER AVISO | BM10: =IF(BJ10="","",WORKDAY(BJ10,5,FESTIVOS_CO!A:A)) | BN10: =IF( AND(AZ10="CITACIÓN COMPLETA EN ESPERA DE NOTIFICACION PERSONAL",BB10="NO"), "PENDIENTE HACER AVISO", IF(AND(BC10<>"",BD10<>""), "NOTIFICACIÓN PERSONAL COMPLETA", IF(BR10="SI", "NOTIFICACIÓN POR AVISO TERMINADA", IF(BE10="NO PROCEDE", "NO PROCEDE", IF(BF10="", "PENDIENTE HACER AVISO", IF(BG10="", "PENDIENTE REVISIÓN AVISO", IF(BH10="", "PENDIENTE FIRMA AVISO", IF(BI10="", "PENDIENTE RADICAR AVISO", IF(BL10="", "EN TRÁMITE DE ENTREGA AVISO", IF(BL10="NO", "PUBLICAR AVISO CARTELERA", IF(BL10="SI", "VERIFICAR SI PROCEDE RECURSO", IF(BE10="HACER AVISO", "HACER AVISO", "NO APLICA" )))))))))))) -> PENDIENTE HACER AVISO | BO10: =IF(BN10="NOTIFICACIÓN PERSONAL COMPLETA", "NO PROCEDE AVISO", IF(BR10="SI", "NOTIFICACION POR AVISO TERMINADA", IF(BE10="NO PROCEDE", "NO PROCEDE AVISO", IF(BN10="VERIFICAR SI PROCEDE RECURSO", "NOTIFICACIÓN POR AVISO COMPLETA", "EN TRÁMITE NOTIF. POR AVISO" )))) -> EN TRÁMITE NOTIF. POR AVISO | BQ10: =IF(BP10="","",WORKDAY(BP10,5,FESTIVOS_CO!A:A)) | BU10: =VLOOKUP(BT10,Hoja2!$C:$D,2,0) -> #N/A | BV10: =IF( AND(AO10="",BD10="",BQ10=""), "EN PROCESO NOTIFICACION / COMUNICACION", IF( BT10="", "NO APLICA", IF( BU10=60, IF(AO10<>"",AO10,IF(BD10<>"",BD10,BQ10))+60, WORKDAY( IF(AO10<>"",AO10,IF(BD10<>"",BD10,BQ10)), BU10, FESTIVOS_CO!A:A ) ) )) -> EN PROCESO NOTIFICACION / COMUNICACION | CA10: =IF(BW10<>"SI", "PENDIENTE EJECUTORIA", IF(AND(BX10="",BY10="",BZ10=""), "PENDIENTE HACER EJECUTORIA", IF(AND(BX10<>"",BY10="",BZ10=""), "PENDIENTE REVISION EJECUTORIA", IF(AND(BX10<>"",BY10<>"",BZ10=""), "PENDIENTE FIRMA EJECUTORIA", "PROCESO EJECUTORIA TERMINADO" )))) -> PENDIENTE EJECUTORIA | CB10: =IF(CC10="NO", "NO APLICA", IF(CC10="SI", IF(COUNTBLANK(CC10:CH10)>0, "PENDIENTE MEMORANDO", "MEMORANDOS ENVIADOS" ), IF(CI10="NO", "NO APLICA", IF(CI10="SI", IF(COUNTBLANK(CJ10:CN10)>0, "PENDIENTES OFICIOS", "OFICIOS ENVIADOS" ), "" ) ) ))
A11: =IF( AND(Q11="NO",S11<>"SI"), "TERMINADO PRODUCTO NO CONFORME", IF( AND( COUNTBLANK(AJ11:AO11)=COLUMNS(AJ11:AO11), COUNTBLANK(AQ11:AY11)=COLUMNS(AQ11:AY11), COUNTBLANK(BC11:BD11)=COLUMNS(BC11:BD11), COUNTBLANK(BF11:BM11)=COLUMNS(BF11:BM11), COUNTBLANK(BP11:BR11)=COLUMNS(BP11:BR11) ), "SIN GESTIÓN", IF( AND(BC11<>"",BD11<>"",AO11="",AX11="",BQ11=""), "NOTIFICADO POR CONDUCTA CONCLUYENTE", IF( AI11="NOTIFICACIÓN ELECTRÓNICA EFECTIVA", CA11, IF( OR( AI11="NO PROCEDE NOTIFICACIÓN ELECTRÓNICA", AI11="REALIZAR CITACIÓN", AI11="NOTIFICACIÓN ELECTRÓNICA NO EFECTIVA" ), IF( AZ11="HACER AVISO", IF( OR( BN11="NOTIFICACIÓN POR AVISO TERMINADA", BN11="NOTIFICACIÓN PERSONAL COMPLETA" ), CA11, BN11 ), AZ11 ), AI11 ) ) ) )) -> CITACIÓN COMPLETA EN ESPERA PRESENTACION PERSONAL | B11: Samuel Flórez | C11: 46031 | D11: 46031 | E11: =IF(AN11="SI", "NOTIFICACIÓN ELECTRÓNICA", IF(AND(BC11<>"",BD11<>""), "NOTIFICACIÓN PERSONAL", IF(BL11="SI", "NOTIFICACIÓN POR AVISO", "PENDIENTE NOTIFICACIÓN" ))) -> PENDIENTE NOTIFICACIÓN | F11: =IF( AND(AN11<>"SI",AW11<>"SI",BL11<>"SI",BC11="",BD11=""), "PENDIENTE NOTIFICACIÓN", IF(AN11="SI", AO11, IF(AW11="SI", AX11, IF(AND(BC11<>"",BD11<>""), BD11, IF(BL11="SI", BQ11, "PENDIENTE NOTIFICACIÓN" ))))) -> 46038 | G11: =IF( OR( C11="", F11="PENDIENTE NOTIFICACIÓN", NOT(ISNUMBER(C11)), NOT(ISNUMBER(F11)), F11<C11 ), "", F11-C11 ) -> 7 | H11: =IF( L11="", "", IF( NETWORKDAYS(L11,IF(M11<>"",M11,TODAY()),FESTIVOS_CO!A:A)>2, "VENCIDO", IF( NETWORKDAYS(L11,IF(M11<>"",M11,TODAY()),FESTIVOS_CO!A:A)=2, "ALERTA", "A TIEMPO" ))) -> ALERTA | I11: P.TE HACER AVISO | J11: 20252300108377CS | K11: 46009 | L11: 46030 | M11: 46031 | Q11: SI | U11: 230 GRUPO DE SANCIONES | V11: 989/2024/SAN | W11: NO APLICA | Y11: 830081484 | Z11: GENERAL PROTECCION SERVICE LTDA - JAIME ARTURO MARQUEZ BENITEZ | AA11: DIAGONAL 86 A # 103 D -22 INT 246 | AB11: BOGOTÁ | AC11: gps_ltda@yahoo.com | AD11: APERTURA SANCIONATORIA / FORMULACIÓN DE CARGOS | AE11: NO APLICA | AF11: APERTURA | AG11: NO | AI11: =IF(AL11="NO", "REALIZAR CITACIÓN", IF(AND(AJ11="SI",AL11<>"SI",AL11<>"NO"), "PENDIENTE ENTREGA NOTIFICACIÓN ELECTRÓNICA", IF(AND(AJ11="SI",AL11="SI",AN11="SI"), "NOTIFICACIÓN ELECTRÓNICA EFECTIVA", IF(AND(AJ11="",AK11="",AL11="",AM11="",AN11="",AO11=""), "PENDIENTE NOTIFICACIÓN ELECTRÓNICA", IF(AJ11="NO", "NO PROCEDE NOTIFICACIÓN ELECTRÓNICA", IF(AND(AJ11="SI",F11=""), "PENDIENTE ENVÍO NOTIFICACIÓN ELECTRÓNICA", IF(AND(AJ11="SI",TODAY()-F11<=5), "EN ESPERA DE NOTIFICACIÓN ELECTRÓNICA (5 DÍAS)", "NOTIFICACIÓN ELECTRÓNICA NO EFECTIVA" ))))))) -> NO PROCEDE NOTIFICACIÓN ELECTRÓNICA | AJ11: NO | AM11: =IF(AK11="","",WORKDAY(AK11,5,FESTIVOS_CO!A:A)) | AP11: =IF( ISNUMBER(SEARCH("PENDIENTE",UPPER(AI11))), "NO APLICA", IF( COUNTBLANK(AJ11:AL11)=COUNTA(AJ11:AL11), "NO APLICA", IF( UPPER(AN11)="SI", "NO PROCEDE CITACION", "NOTIFICAR POR CITACION" ) ) ) -> NOTIFICAR POR CITACION | AQ11: FÍSICO | AR11: 46031 | AS11: 46036 | AT11: 20263700001541CS | AU11: 46036 | AV11: RA551729675CO | AW11: SI | AX11: 46038 | AY11: =IF(AU11="","",WORKDAY(AU11,5,FESTIVOS_CO!A:A)) -> 46043 | AZ11: =IF( AND(AO11="",AX11="",BQ11="",BC11<>"",BD11<>""), "NOTIFICADO POR CONDUCTA CONCLUYENTE", IF(AP11="NO PROCEDE CITACION", "NO PROCEDE", IF(AP11="NO APLICA", "NO APLICA", IF(AW11="NO", "HACER AVISO", IF(AQ11="", "PENDIENTE GESTIONAR CITACIÓN", IF(AS11="", "PENDIENTE FIRMA", IF(AR11="", "PENDIENTE REVISIÓN", IF(AT11="", "PENDIENTE RADICAR", "CITACIÓN COMPLETA EN ESPERA PRESENTACION PERSONAL" )))))))) -> CITACIÓN COMPLETA EN ESPERA PRESENTACION PERSONAL | BA11: =IF(AX11="","",WORKDAY(AX11,5,FESTIVOS_CO!A:A)) -> 46045 | BE11: =IF(AZ11="NO PROCEDE", "NO PROCEDE",IF(OR(AZ11="HACER AVISO",BB11="NO"), "HACER AVISO", "NO APLICA")) -> NO APLICA | BM11: =IF(BJ11="","",WORKDAY(BJ11,5,FESTIVOS_CO!A:A)) | BN11: =IF( AND(AZ11="CITACIÓN COMPLETA EN ESPERA DE NOTIFICACION PERSONAL",BB11="NO"), "PENDIENTE HACER AVISO", IF(AND(BC11<>"",BD11<>""), "NOTIFICACIÓN PERSONAL COMPLETA", IF(BR11="SI", "NOTIFICACIÓN POR AVISO TERMINADA", IF(BE11="NO PROCEDE", "NO PROCEDE", IF(BF11="", "PENDIENTE HACER AVISO", IF(BG11="", "PENDIENTE REVISIÓN AVISO", IF(BH11="", "PENDIENTE FIRMA AVISO", IF(BI11="", "PENDIENTE RADICAR AVISO", IF(BL11="", "EN TRÁMITE DE ENTREGA AVISO", IF(BL11="NO", "PUBLICAR AVISO CARTELERA", IF(BL11="SI", "VERIFICAR SI PROCEDE RECURSO", IF(BE11="HACER AVISO", "HACER AVISO", "NO APLICA" )))))))))))) -> PENDIENTE HACER AVISO | BO11: =IF(BN11="NOTIFICACIÓN PERSONAL COMPLETA", "NO PROCEDE AVISO", IF(BR11="SI", "NOTIFICACION POR AVISO TERMINADA", IF(BE11="NO PROCEDE", "NO PROCEDE AVISO", IF(BN11="VERIFICAR SI PROCEDE RECURSO", "NOTIFICACIÓN POR AVISO COMPLETA", "EN TRÁMITE NOTIF. POR AVISO" )))) -> EN TRÁMITE NOTIF. POR AVISO | BQ11: =IF(BP11="","",WORKDAY(BP11,5,FESTIVOS_CO!A:A)) | BU11: =VLOOKUP(BT11,Hoja2!$C:$D,2,0) -> #N/A | BV11: =IF( AND(AO11="",BD11="",BQ11=""), "EN PROCESO NOTIFICACION / COMUNICACION", IF( BT11="", "NO APLICA", IF( BU11=60, IF(AO11<>"",AO11,IF(BD11<>"",BD11,BQ11))+60, WORKDAY( IF(AO11<>"",AO11,IF(BD11<>"",BD11,BQ11)), BU11, FESTIVOS_CO!A:A ) ) )) -> EN PROCESO NOTIFICACION / COMUNICACION | CA11: =IF(BW11<>"SI", "PENDIENTE EJECUTORIA", IF(AND(BX11="",BY11="",BZ11=""), "PENDIENTE HACER EJECUTORIA", IF(AND(BX11<>"",BY11="",BZ11=""), "PENDIENTE REVISION EJECUTORIA", IF(AND(BX11<>"",BY11<>"",BZ11=""), "PENDIENTE FIRMA EJECUTORIA", "PROCESO EJECUTORIA TERMINADO" )))) -> PENDIENTE EJECUTORIA | CB11: =IF(CC11="NO", "NO APLICA", IF(CC11="SI", IF(COUNTBLANK(CC11:CH11)>0, "PENDIENTE MEMORANDO", "MEMORANDOS ENVIADOS" ), IF(CI11="NO", "NO APLICA", IF(CI11="SI", IF(COUNTBLANK(CJ11:CN11)>0, "PENDIENTES OFICIOS", "OFICIOS ENVIADOS" ), "" ) ) ))
A12: =IF( AND(Q12="NO",S12<>"SI"), "TERMINADO PRODUCTO NO CONFORME", IF( AND( COUNTBLANK(AJ12:AO12)=COLUMNS(AJ12:AO12), COUNTBLANK(AQ12:AY12)=COLUMNS(AQ12:AY12), COUNTBLANK(BC12:BD12)=COLUMNS(BC12:BD12), COUNTBLANK(BF12:BM12)=COLUMNS(BF12:BM12), COUNTBLANK(BP12:BR12)=COLUMNS(BP12:BR12) ), "SIN GESTIÓN", IF( AND(BC12<>"",BD12<>"",AO12="",AX12="",BQ12=""), "NOTIFICADO POR CONDUCTA CONCLUYENTE", IF( AI12="NOTIFICACIÓN ELECTRÓNICA EFECTIVA", CA12, IF( OR( AI12="NO PROCEDE NOTIFICACIÓN ELECTRÓNICA", AI12="REALIZAR CITACIÓN", AI12="NOTIFICACIÓN ELECTRÓNICA NO EFECTIVA" ), IF( AZ12="HACER AVISO", IF( OR( BN12="NOTIFICACIÓN POR AVISO TERMINADA", BN12="NOTIFICACIÓN PERSONAL COMPLETA" ), CA12, BN12 ), AZ12 ), AI12 ) ) ) )) -> NOTIFICACIÓN PERSONAL COMPLETA | B12: Rafael Bonilla | E12: =IF(AN12="SI", "NOTIFICACIÓN ELECTRÓNICA", IF(AND(BC12<>"",BD12<>""), "NOTIFICACIÓN PERSONAL", IF(BL12="SI", "NOTIFICACIÓN POR AVISO", "PENDIENTE NOTIFICACIÓN" ))) -> NOTIFICACIÓN PERSONAL | F12: =IF( AND(AN12<>"SI",AW12<>"SI",BL12<>"SI",BC12="",BD12=""), "PENDIENTE NOTIFICACIÓN", IF(AN12="SI", AO12, IF(AW12="SI", AX12, IF(AND(BC12<>"",BD12<>""), BD12, IF(BL12="SI", BQ12, "PENDIENTE NOTIFICACIÓN" ))))) -> 46041 | G12: =IF( OR( C12="", F12="PENDIENTE NOTIFICACIÓN", NOT(ISNUMBER(C12)), NOT(ISNUMBER(F12)), F12<C12 ), "", F12-C12 ) | H12: =IF( L12="", "", IF( NETWORKDAYS(L12,IF(M12<>"",M12,TODAY()),FESTIVOS_CO!A:A)>2, "VENCIDO", IF( NETWORKDAYS(L12,IF(M12<>"",M12,TODAY()),FESTIVOS_CO!A:A)=2, "ALERTA", "A TIEMPO" ))) -> ALERTA | I12: 10 folios | J12: 20252300108387CS | K12: 46009 | L12: 46030 | M12: 46033 | Q12: SI | U12: 230 GRUPO DE SANCIONES | V12: 1027/2024/SAN | W12: NO APLICA | Y12: 900134948 | Z12: IKUSI COLOMBIA S.A.S | AA12: Carrera 12 # 90 - 20 oficina 408 Bogota | AB12: BOGOTÁ | AC12: info@jimenezduarte.com | AD12: APERTURA SANCIONATORIA / FORMULACIÓN DE CARGOS | AE12: NO APLICA | AF12: APERTURA | AG12: NO | AI12: =IF(AL12="NO", "REALIZAR CITACIÓN", IF(AND(AJ12="SI",AL12<>"SI",AL12<>"NO"), "PENDIENTE ENTREGA NOTIFICACIÓN ELECTRÓNICA", IF(AND(AJ12="SI",AL12="SI",AN12="SI"), "NOTIFICACIÓN ELECTRÓNICA EFECTIVA", IF(AND(AJ12="",AK12="",AL12="",AM12="",AN12="",AO12=""), "PENDIENTE NOTIFICACIÓN ELECTRÓNICA", IF(AJ12="NO", "NO PROCEDE NOTIFICACIÓN ELECTRÓNICA", IF(AND(AJ12="SI",F12=""), "PENDIENTE ENVÍO NOTIFICACIÓN ELECTRÓNICA", IF(AND(AJ12="SI",TODAY()-F12<=5), "EN ESPERA DE NOTIFICACIÓN ELECTRÓNICA (5 DÍAS)", "NOTIFICACIÓN ELECTRÓNICA NO EFECTIVA" ))))))) -> NO PROCEDE NOTIFICACIÓN ELECTRÓNICA | AJ12: NO | AM12: =IF(AK12="","",WORKDAY(AK12,5,FESTIVOS_CO!A:A)) | AP12: =IF( ISNUMBER(SEARCH("PENDIENTE",UPPER(AI12))), "NO APLICA", IF( COUNTBLANK(AJ12:AL12)=COUNTA(AJ12:AL12), "NO APLICA", IF( UPPER(AN12)="SI", "NO PROCEDE CITACION", "NOTIFICAR POR CITACION" ) ) ) -> NOTIFICAR POR CITACION | AQ12: VIRTUAL | AR12: 46036 | AS12: 46041 | AT12: 20263700003731CS | AU12: 46041 | AV12: 20263700003731CS | AW12: SI | AX12: 46041 | AY12: =IF(AU12="","",WORKDAY(AU12,5,FESTIVOS_CO!A:A)) -> 46048 | AZ12: =IF( AND(BB12="SI",BC12<>"",BD12<>""), "NOTIFICACIÓN PERSONAL COMPLETA", IF( AND(AO12="",AX12="",BQ12="",BC12<>"",BD12<>""), "NOTIFICADO POR CONDUCTA CONCLUYENTE", IF(AP12="NO PROCEDE CITACION", "NO PROCEDE", IF(AP12="NO APLICA", "NO APLICA", IF(AW12="NO", "HACER AVISO", IF(AQ12="", "PENDIENTE GESTIONAR CITACIÓN", IF(AS12="", "PENDIENTE FIRMA", IF(AR12="", "PENDIENTE REVISIÓN", IF(AT12="", "PENDIENTE RADICAR", "CITACIÓN COMPLETA EN ESPERA PRESENTACION PERSONAL" ))))))))) -> NOTIFICACIÓN PERSONAL COMPLETA | BA12: =IF(AX12="","",WORKDAY(AX12,5,FESTIVOS_CO!A:A)) -> 46048 | BB12: SI | BC12: CATALINA RODRIGUEZ | BD12: 46044 | BE12: =IF(AZ12="NO PROCEDE", "NO PROCEDE",IF(OR(AZ12="HACER AVISO",BB12="NO"), "HACER AVISO", "NO APLICA")) -> NO APLICA | BM12: =IF(BJ12="","",WORKDAY(BJ12,5,FESTIVOS_CO!A:A)) | BN12: =IF( AND(AZ12="CITACIÓN COMPLETA EN ESPERA DE NOTIFICACION PERSONAL",BB12="NO"), "PENDIENTE HACER AVISO", IF(AND(BC12<>"",BD12<>""), "NOTIFICACIÓN PERSONAL COMPLETA", IF(BR12="SI", "NOTIFICACIÓN POR AVISO TERMINADA", IF(BE12="NO PROCEDE", "NO PROCEDE", IF(BF12="", "PENDIENTE HACER AVISO", IF(BG12="", "PENDIENTE REVISIÓN AVISO", IF(BH12="", "PENDIENTE FIRMA AVISO", IF(BI12="", "PENDIENTE RADICAR AVISO", IF(BL12="", "EN TRÁMITE DE ENTREGA AVISO", IF(BL12="NO", "PUBLICAR AVISO CARTELERA", IF(BL12="SI", "VERIFICAR SI PROCEDE RECURSO", IF(BE12="HACER AVISO", "HACER AVISO", "NO APLICA" )))))))))))) -> NOTIFICACIÓN PERSONAL COMPLETA | BO12: =IF(BN12="NOTIFICACIÓN PERSONAL COMPLETA", "NO PROCEDE AVISO", IF(BR12="SI", "NOTIFICACION POR AVISO TERMINADA", IF(BE12="NO PROCEDE", "NO PROCEDE AVISO", IF(BN12="VERIFICAR SI PROCEDE RECURSO", "NOTIFICACIÓN POR AVISO COMPLETA", "EN TRÁMITE NOTIF. POR AVISO" )))) -> NO PROCEDE AVISO | BQ12: =IF(BP12="","",WORKDAY(BP12,5,FESTIVOS_CO!A:A)) | BS12: NO | BT12: NO APLICA | BU12: =VLOOKUP(BT12,Hoja2!$C:$D,2,0) -> 0 | BV12: =IF( AND(AO12="",BD12="",BQ12=""), "EN PROCESO NOTIFICACION / COMUNICACION", IF( BT12="", "NO APLICA", IF( BU12=60, IF(AO12<>"",AO12,IF(BD12<>"",BD12,BQ12))+60, WORKDAY( IF(AO12<>"",AO12,IF(BD12<>"",BD12,BQ12)), BU12, FESTIVOS_CO!A:A ) ) )) -> 46044 | CA12: =IF(BW12<>"SI", "PENDIENTE EJECUTORIA", IF(AND(BX12="",BY12="",BZ12=""), "PENDIENTE HACER EJECUTORIA", IF(AND(BX12<>"",BY12="",BZ12=""), "PENDIENTE REVISION EJECUTORIA", IF(AND(BX12<>"",BY12<>"",BZ12=""), "PENDIENTE FIRMA EJECUTORIA", "PROCESO EJECUTORIA TERMINADO" )))) -> PENDIENTE EJECUTORIA | CB12: =IF(CC12="NO", "NO APLICA", IF(CC12="SI", IF(COUNTBLANK(CC12:CH12)>0, "PENDIENTE MEMORANDO", "MEMORANDOS ENVIADOS" ), IF(CI12="NO", "NO APLICA", IF(CI12="SI", IF(COUNTBLANK(CJ12:CN12)>0, "PENDIENTES OFICIOS", "OFICIOS ENVIADOS" ), "" ) ) ))
A13: =IF( AND(Q13="NO",S13<>"SI"), "TERMINADO PRODUCTO NO CONFORME", IF( AND( COUNTBLANK(AJ13:AO13)=COLUMNS(AJ13:AO13), COUNTBLANK(AQ13:AY13)=COLUMNS(AQ13:AY13), COUNTBLANK(BC13:BD13)=COLUMNS(BC13:BD13), COUNTBLANK(BF13:BM13)=COLUMNS(BF13:BM13), COUNTBLANK(BP13:BR13)=COLUMNS(BP13:BR13) ), "SIN GESTIÓN", IF( AND(BC13<>"",BD13<>"",AO13="",AX13="",BQ13=""), "NOTIFICADO POR CONDUCTA CONCLUYENTE", IF( AI13="NOTIFICACIÓN ELECTRÓNICA EFECTIVA", CA13, IF( OR( AI13="NO PROCEDE NOTIFICACIÓN ELECTRÓNICA", AI13="REALIZAR CITACIÓN", AI13="NOTIFICACIÓN ELECTRÓNICA NO EFECTIVA" ), IF( AZ13="HACER AVISO", IF( OR( BN13="NOTIFICACIÓN POR AVISO TERMINADA", BN13="NOTIFICACIÓN PERSONAL COMPLETA" ), CA13, BN13 ), AZ13 ), AI13 ) ) ) )) -> CITACIÓN COMPLETA EN ESPERA PRESENTACION PERSONAL | B13: Rafael Bonilla | E13: =IF(AN13="SI", "NOTIFICACIÓN ELECTRÓNICA", IF(AND(BC13<>"",BD13<>""), "NOTIFICACIÓN PERSONAL", IF(BL13="SI", "NOTIFICACIÓN POR AVISO", "PENDIENTE NOTIFICACIÓN" ))) -> PENDIENTE NOTIFICACIÓN | F13: =IF( AND(AN13<>"SI",AW13<>"SI",BL13<>"SI",BC13="",BD13=""), "PENDIENTE NOTIFICACIÓN", IF(AN13="SI", AO13, IF(AW13="SI", AX13, IF(AND(BC13<>"",BD13<>""), BD13, IF(BL13="SI", BQ13, "PENDIENTE NOTIFICACIÓN" ))))) -> 46041 | G13: =IF( OR( C13="", F13="PENDIENTE NOTIFICACIÓN", NOT(ISNUMBER(C13)), NOT(ISNUMBER(F13)), F13<C13 ), "", F13-C13 ) | H13: =IF( L13="", "", IF( NETWORKDAYS(L13,IF(M13<>"",M13,TODAY()),FESTIVOS_CO!A:A)>2, "VENCIDO", IF( NETWORKDAYS(L13,IF(M13<>"",M13,TODAY()),FESTIVOS_CO!A:A)=2, "ALERTA", "A TIEMPO" ))) -> ALERTA | I13: 10 folios | J13: 20252300108397CS | K13: 46009 | L13: 46030 | M13: 46033 | Q13: SI | U13: 230 GRUPO DE SANCIONES | V13: 1038/2024/SAN | W13: NO APLICA | Y13: 900920458 | Z13: IMPORTACIONES UNICA S.A.S EN LIQUIDACIÓN | AA13: Carrera 71 # 3 - 588 LC 2 carretera cordialidad via Galapa | AB13: GALAPA | AC13: jorgealvisvergara1958@gmail.com | AD13: APERTURA SANCIONATORIA / FORMULACIÓN DE CARGOS | AE13: NO APLICA | AF13: APERTURA | AG13: NO | AI13: =IF(AL13="NO", "REALIZAR CITACIÓN", IF(AND(AJ13="SI",AL13<>"SI",AL13<>"NO"), "PENDIENTE ENTREGA NOTIFICACIÓN ELECTRÓNICA", IF(AND(AJ13="SI",AL13="SI",AN13="SI"), "NOTIFICACIÓN ELECTRÓNICA EFECTIVA", IF(AND(AJ13="",AK13="",AL13="",AM13="",AN13="",AO13=""), "PENDIENTE NOTIFICACIÓN ELECTRÓNICA", IF(AJ13="NO", "NO PROCEDE NOTIFICACIÓN ELECTRÓNICA", IF(AND(AJ13="SI",F13=""), "PENDIENTE ENVÍO NOTIFICACIÓN ELECTRÓNICA", IF(AND(AJ13="SI",TODAY()-F13<=5), "EN ESPERA DE NOTIFICACIÓN ELECTRÓNICA (5 DÍAS)", "NOTIFICACIÓN ELECTRÓNICA NO EFECTIVA" ))))))) -> NO PROCEDE NOTIFICACIÓN ELECTRÓNICA | AJ13: NO | AM13: =IF(AK13="","",WORKDAY(AK13,5,FESTIVOS_CO!A:A)) | AP13: =IF( ISNUMBER(SEARCH("PENDIENTE",UPPER(AI13))), "NO APLICA", IF( COUNTBLANK(AJ13:AL13)=COUNTA(AJ13:AL13), "NO APLICA", IF( UPPER(AN13)="SI", "NO PROCEDE CITACION", "NOTIFICAR POR CITACION" ) ) ) -> NOTIFICAR POR CITACION | AQ13: VIRTUAL | AR13: 46036 | AS13: 46041 | AT13: 20263700003741CS | AU13: 46041 | AV13: 20263700003741CS | AW13: SI | AX13: 46041 | AY13: =IF(AU13="","",WORKDAY(AU13,5,FESTIVOS_CO!A:A)) -> 46048 | AZ13: =IF( AND(BB13="SI",BC13<>"",BD13<>""), "NOTIFICACIÓN PERSONAL COMPLETA", IF( AND(AO13="",AX13="",BQ13="",BC13<>"",BD13<>""), "NOTIFICADO POR CONDUCTA CONCLUYENTE", IF(AP13="NO PROCEDE CITACION", "NO PROCEDE", IF(AP13="NO APLICA", "NO APLICA", IF(AW13="NO", "HACER AVISO", IF(AQ13="", "PENDIENTE GESTIONAR CITACIÓN", IF(AS13="", "PENDIENTE FIRMA", IF(AR13="", "PENDIENTE REVISIÓN", IF(AT13="", "PENDIENTE RADICAR", "CITACIÓN COMPLETA EN ESPERA PRESENTACION PERSONAL" ))))))))) -> CITACIÓN COMPLETA EN ESPERA PRESENTACION PERSONAL | BA13: =IF(AX13="","",WORKDAY(AX13,5,FESTIVOS_CO!A:A)) -> 46048 | BB13: NO | BE13: =IF(AZ13="NO PROCEDE", "NO PROCEDE",IF(OR(AZ13="HACER AVISO",BB13="NO"), "HACER AVISO", "NO APLICA")) -> HACER AVISO | BF13: 46050 | BG13: 46050 | BH13: 46052 | BI13: 20263700015721CS | BJ13: 46055 | BM13: =IF(BJ13="","",WORKDAY(BJ13,5,FESTIVOS_CO!A:A)) -> 46062 | BN13: =IF( AND(AZ13="CITACIÓN COMPLETA EN ESPERA DE NOTIFICACION PERSONAL",BB13="NO"), "PENDIENTE HACER AVISO", IF(AND(BC13<>"",BD13<>""), "NOTIFICACIÓN PERSONAL COMPLETA", IF(BR13="SI", "NOTIFICACIÓN POR AVISO TERMINADA", IF(BE13="NO PROCEDE", "NO PROCEDE", IF(BF13="", "PENDIENTE HACER AVISO", IF(BG13="", "PENDIENTE REVISIÓN AVISO", IF(BH13="", "PENDIENTE FIRMA AVISO", IF(BI13="", "PENDIENTE RADICAR AVISO", IF(BL13="", "EN TRÁMITE DE ENTREGA AVISO", IF(BL13="NO", "PUBLICAR AVISO CARTELERA", IF(BL13="SI", "VERIFICAR SI PROCEDE RECURSO", IF(BE13="HACER AVISO", "HACER AVISO", "NO APLICA" )))))))))))) -> EN TRÁMITE DE ENTREGA AVISO | BO13: =IF(BN13="NOTIFICACIÓN PERSONAL COMPLETA", "NO PROCEDE AVISO", IF(BR13="SI", "NOTIFICACION POR AVISO TERMINADA", IF(BE13="NO PROCEDE", "NO PROCEDE AVISO", IF(BN13="VERIFICAR SI PROCEDE RECURSO", "NOTIFICACIÓN POR AVISO COMPLETA", "EN TRÁMITE NOTIF. POR AVISO" )))) -> EN TRÁMITE NOTIF. POR AVISO | BQ13: =IF(BP13="","",WORKDAY(BP13,5,FESTIVOS_CO!A:A)) | BS13: NO | BT13: NO APLICA | BU13: =VLOOKUP(BT13,Hoja2!$C:$D,2,0) -> 0 | BV13: =IF( AND(AO13="",BD13="",BQ13=""), "EN PROCESO NOTIFICACION / COMUNICACION", IF( BT13="", "NO APLICA", IF( BU13=60, IF(AO13<>"",AO13,IF(BD13<>"",BD13,BQ13))+60, WORKDAY( IF(AO13<>"",AO13,IF(BD13<>"",BD13,BQ13)), BU13, FESTIVOS_CO!A:A ) ) )) -> EN PROCESO NOTIFICACION / COMUNICACION | CA13: =IF(BW13<>"SI", "PENDIENTE EJECUTORIA", IF(AND(BX13="",BY13="",BZ13=""), "PENDIENTE HACER EJECUTORIA", IF(AND(BX13<>"",BY13="",BZ13=""), "PENDIENTE REVISION EJECUTORIA", IF(AND(BX13<>"",BY13<>"",BZ13=""), "PENDIENTE FIRMA EJECUTORIA", "PROCESO EJECUTORIA TERMINADO" )))) -> PENDIENTE EJECUTORIA | CB13: =IF(CC13="NO", "NO APLICA", IF(CC13="SI", IF(COUNTBLANK(CC13:CH13)>0, "PENDIENTE MEMORANDO", "MEMORANDOS ENVIADOS" ), IF(CI13="NO", "NO APLICA", IF(CI13="SI", IF(COUNTBLANK(CJ13:CN13)>0, "PENDIENTES OFICIOS", "OFICIOS ENVIADOS" ), "" ) ) ))
A14: =IF( AND(Q14="NO",S14<>"SI"), "TERMINADO PRODUCTO NO CONFORME", IF( AND( COUNTBLANK(AJ14:AO14)=COLUMNS(AJ14:AO14), COUNTBLANK(AQ14:AY14)=COLUMNS(AQ14:AY14), COUNTBLANK(BC14:BD14)=COLUMNS(BC14:BD14), COUNTBLANK(BF14:BM14)=COLUMNS(BF14:BM14), COUNTBLANK(BP14:BR14)=COLUMNS(BP14:BR14) ), "SIN GESTIÓN", IF( AND(BC14<>"",BD14<>"",AO14="",AX14="",BQ14=""), "NOTIFICADO POR CONDUCTA CONCLUYENTE", IF( AI14="NOTIFICACIÓN ELECTRÓNICA EFECTIVA", CA14, IF( OR( AI14="NO PROCEDE NOTIFICACIÓN ELECTRÓNICA", AI14="REALIZAR CITACIÓN", AI14="NOTIFICACIÓN ELECTRÓNICA NO EFECTIVA" ), IF( AZ14="HACER AVISO", IF( OR( BN14="NOTIFICACIÓN POR AVISO TERMINADA", BN14="NOTIFICACIÓN PERSONAL COMPLETA" ), CA14, BN14 ), AZ14 ), AI14 ) ) ) )) -> CITACIÓN COMPLETA EN ESPERA PRESENTACION PERSONAL | B14: Rafael Bonilla | E14: =IF(AN14="SI", "NOTIFICACIÓN ELECTRÓNICA", IF(AND(BC14<>"",BD14<>""), "NOTIFICACIÓN PERSONAL", IF(BL14="SI", "NOTIFICACIÓN POR AVISO", "PENDIENTE NOTIFICACIÓN" ))) -> PENDIENTE NOTIFICACIÓN | F14: =IF( AND(AN14<>"SI",AW14<>"SI",BL14<>"SI",BC14="",BD14=""), "PENDIENTE NOTIFICACIÓN", IF(AN14="SI", AO14, IF(AW14="SI", AX14, IF(AND(BC14<>"",BD14<>""), BD14, IF(BL14="SI", BQ14, "PENDIENTE NOTIFICACIÓN" ))))) -> 46041 | G14: =IF( OR( C14="", F14="PENDIENTE NOTIFICACIÓN", NOT(ISNUMBER(C14)), NOT(ISNUMBER(F14)), F14<C14 ), "", F14-C14 ) | H14: =IF( L14="", "", IF( NETWORKDAYS(L14,IF(M14<>"",M14,TODAY()),FESTIVOS_CO!A:A)>2, "VENCIDO", IF( NETWORKDAYS(L14,IF(M14<>"",M14,TODAY()),FESTIVOS_CO!A:A)=2, "ALERTA", "A TIEMPO" ))) -> ALERTA | I14: 10 folios | J14: 20252300108407CS | K14: 46009 | L14: 46030 | M14: 46033 | Q14: SI | U14: 230 GRUPO DE SANCIONES | V14: 1049/2024/SAN | W14: NO APLICA | Y14: 804004908 | Z14: INGELCAR LTDA | AA14: Carrera 11 # 31 - 57 - | AB14: BUCARAMANGA | AC14: ingelcarltda@yahoo.com | AD14: APERTURA SANCIONATORIA / FORMULACIÓN DE CARGOS | AE14: NO APLICA | AF14: APERTURA | AG14: NO | AI14: =IF(AL14="NO", "REALIZAR CITACIÓN", IF(AND(AJ14="SI",AL14<>"SI",AL14<>"NO"), "PENDIENTE ENTREGA NOTIFICACIÓN ELECTRÓNICA", IF(AND(AJ14="SI",AL14="SI",AN14="SI"), "NOTIFICACIÓN ELECTRÓNICA EFECTIVA", IF(AND(AJ14="",AK14="",AL14="",AM14="",AN14="",AO14=""), "PENDIENTE NOTIFICACIÓN ELECTRÓNICA", IF(AJ14="NO", "NO PROCEDE NOTIFICACIÓN ELECTRÓNICA", IF(AND(AJ14="SI",F14=""), "PENDIENTE ENVÍO NOTIFICACIÓN ELECTRÓNICA", IF(AND(AJ14="SI",TODAY()-F14<=5), "EN ESPERA DE NOTIFICACIÓN ELECTRÓNICA (5 DÍAS)", "NOTIFICACIÓN ELECTRÓNICA NO EFECTIVA" ))))))) -> NO PROCEDE NOTIFICACIÓN ELECTRÓNICA | AJ14: NO | AM14: =IF(AK14="","",WORKDAY(AK14,5,FESTIVOS_CO!A:A)) | AP14: =IF( ISNUMBER(SEARCH("PENDIENTE",UPPER(AI14))), "NO APLICA", IF( COUNTBLANK(AJ14:AL14)=COUNTA(AJ14:AL14), "NO APLICA", IF( UPPER(AN14)="SI", "NO PROCEDE CITACION", "NOTIFICAR POR CITACION" ) ) ) -> NOTIFICAR POR CITACION | AQ14: VIRTUAL | AR14: 46036 | AS14: 46041 | AT14: 20263700003751CS | AU14: 46041 | AV14: 20263700003751CS | AW14: SI | AX14: 46041 | AY14: =IF(AU14="","",WORKDAY(AU14,5,FESTIVOS_CO!A:A)) -> 46048 | AZ14: =IF( AND(BB14="SI",BC14<>"",BD14<>""), "NOTIFICACIÓN PERSONAL COMPLETA", IF( AND(AO14="",AX14="",BQ14="",BC14<>"",BD14<>""), "NOTIFICADO POR CONDUCTA CONCLUYENTE", IF(AP14="NO PROCEDE CITACION", "NO PROCEDE", IF(AP14="NO APLICA", "NO APLICA", IF(AW14="NO", "HACER AVISO", IF(AQ14="", "PENDIENTE GESTIONAR CITACIÓN", IF(AS14="", "PENDIENTE FIRMA", IF(AR14="", "PENDIENTE REVISIÓN", IF(AT14="", "PENDIENTE RADICAR", "CITACIÓN COMPLETA EN ESPERA PRESENTACION PERSONAL" ))))))))) -> CITACIÓN COMPLETA EN ESPERA PRESENTACION PERSONAL | BA14: =IF(AX14="","",WORKDAY(AX14,5,FESTIVOS_CO!A:A)) -> 46048 | BB14: NO | BE14: =IF(AZ14="NO PROCEDE", "NO PROCEDE",IF(OR(AZ14="HACER AVISO",BB14="NO"), "HACER AVISO", "NO APLICA")) -> HACER AVISO | BF14: 46050 | BG14: 46050 | BH14: 46052 | BI14: 20263700015731CS | BJ14: 46055 | BM14: =IF(BJ14="","",WORKDAY(BJ14,5,FESTIVOS_CO!A:A)) -> 46062 | BN14: =IF( AND(AZ14="CITACIÓN COMPLETA EN ESPERA DE NOTIFICACION PERSONAL",BB14="NO"), "PENDIENTE HACER AVISO", IF(AND(BC14<>"",BD14<>""), "NOTIFICACIÓN PERSONAL COMPLETA", IF(BR14="SI", "NOTIFICACIÓN POR AVISO TERMINADA", IF(BE14="NO PROCEDE", "NO PROCEDE", IF(BF14="", "PENDIENTE HACER AVISO", IF(BG14="", "PENDIENTE REVISIÓN AVISO", IF(BH14="", "PENDIENTE FIRMA AVISO", IF(BI14="", "PENDIENTE RADICAR AVISO", IF(BL14="", "EN TRÁMITE DE ENTREGA AVISO", IF(BL14="NO", "PUBLICAR AVISO CARTELERA", IF(BL14="SI", "VERIFICAR SI PROCEDE RECURSO", IF(BE14="HACER AVISO", "HACER AVISO", "NO APLICA" )))))))))))) -> EN TRÁMITE DE ENTREGA AVISO | BO14: =IF(BN14="NOTIFICACIÓN PERSONAL COMPLETA", "NO PROCEDE AVISO", IF(BR14="SI", "NOTIFICACION POR AVISO TERMINADA", IF(BE14="NO PROCEDE", "NO PROCEDE AVISO", IF(BN14="VERIFICAR SI PROCEDE RECURSO", "NOTIFICACIÓN POR AVISO COMPLETA", "EN TRÁMITE NOTIF. POR AVISO" )))) -> EN TRÁMITE NOTIF. POR AVISO | BQ14: =IF(BP14="","",WORKDAY(BP14,5,FESTIVOS_CO!A:A)) | BS14: NO | BT14: NO APLICA | BU14: =VLOOKUP(BT14,Hoja2!$C:$D,2,0) -> 0 | BV14: =IF( AND(AO14="",BD14="",BQ14=""), "EN PROCESO NOTIFICACION / COMUNICACION", IF( BT14="", "NO APLICA", IF( BU14=60, IF(AO14<>"",AO14,IF(BD14<>"",BD14,BQ14))+60, WORKDAY( IF(AO14<>"",AO14,IF(BD14<>"",BD14,BQ14)), BU14, FESTIVOS_CO!A:A ) ) )) -> EN PROCESO NOTIFICACION / COMUNICACION | CA14: =IF(BW14<>"SI", "PENDIENTE EJECUTORIA", IF(AND(BX14="",BY14="",BZ14=""), "PENDIENTE HACER EJECUTORIA", IF(AND(BX14<>"",BY14="",BZ14=""), "PENDIENTE REVISION EJECUTORIA", IF(AND(BX14<>"",BY14<>"",BZ14=""), "PENDIENTE FIRMA EJECUTORIA", "PROCESO EJECUTORIA TERMINADO" )))) -> PENDIENTE EJECUTORIA | CB14: =IF(CC14="NO", "NO APLICA", IF(CC14="SI", IF(COUNTBLANK(CC14:CH14)>0, "PENDIENTE MEMORANDO", "MEMORANDOS ENVIADOS" ), IF(CI14="NO", "NO APLICA", IF(CI14="SI", IF(COUNTBLANK(CJ14:CN14)>0, "PENDIENTES OFICIOS", "OFICIOS ENVIADOS" ), "" ) ) ))
A15: =IF( AND(Q15="NO",S15<>"SI"), "TERMINADO PRODUCTO NO CONFORME", IF( AND( COUNTBLANK(AJ15:AO15)=COLUMNS(AJ15:AO15), COUNTBLANK(AQ15:AY15)=COLUMNS(AQ15:AY15), COUNTBLANK(BC15:BD15)=COLUMNS(BC15:BD15), COUNTBLANK(BF15:BM15)=COLUMNS(BF15:BM15), COUNTBLANK(BP15:BR15)=COLUMNS(BP15:BR15) ), "SIN GESTIÓN", IF( AND(BC15<>"",BD15<>"",AO15="",AX15="",BQ15=""), "NOTIFICADO POR CONDUCTA CONCLUYENTE", IF( AI15="NOTIFICACIÓN ELECTRÓNICA EFECTIVA", CA15, IF( OR( AI15="NO PROCEDE NOTIFICACIÓN ELECTRÓNICA", AI15="REALIZAR CITACIÓN", AI15="NOTIFICACIÓN ELECTRÓNICA NO EFECTIVA" ), IF( AZ15="HACER AVISO", IF( OR( BN15="NOTIFICACIÓN POR AVISO TERMINADA", BN15="NOTIFICACIÓN PERSONAL COMPLETA" ), CA15, BN15 ), AZ15 ), AI15 ) ) ) )) -> CITACIÓN COMPLETA EN ESPERA PRESENTACION PERSONAL | B15: Rafael Bonilla | E15: =IF(AN15="SI", "NOTIFICACIÓN ELECTRÓNICA", IF(AND(BC15<>"",BD15<>""), "NOTIFICACIÓN PERSONAL", IF(BL15="SI", "NOTIFICACIÓN POR AVISO", "PENDIENTE NOTIFICACIÓN" ))) -> PENDIENTE NOTIFICACIÓN | F15: =IF( AND(AN15<>"SI",AW15<>"SI",BL15<>"SI",BC15="",BD15=""), "PENDIENTE NOTIFICACIÓN", IF(AN15="SI", AO15, IF(AW15="SI", AX15, IF(AND(BC15<>"",BD15<>""), BD15, IF(BL15="SI", BQ15, "PENDIENTE NOTIFICACIÓN" ))))) -> 46041 | G15: =IF( OR( C15="", F15="PENDIENTE NOTIFICACIÓN", NOT(ISNUMBER(C15)), NOT(ISNUMBER(F15)), F15<C15 ), "", F15-C15 ) | H15: =IF( L15="", "", IF( NETWORKDAYS(L15,IF(M15<>"",M15,TODAY()),FESTIVOS_CO!A:A)>2, "VENCIDO", IF( NETWORKDAYS(L15,IF(M15<>"",M15,TODAY()),FESTIVOS_CO!A:A)=2, "ALERTA", "A TIEMPO" ))) -> ALERTA | I15: 10 folios | J15: 20252300108417CS | K15: 46009 | L15: 46030 | M15: 46033 | Q15: SI | U15: 230 GRUPO DE SANCIONES | V15: 1068/2024/SAN | W15: NO APLICA | Y15: 900375976 | Z15: INTELTRACK S.A.S | AA15: vda bojaca cond. quintas del bosque casa 18 | AB15: CHIA | AC15: caroalvarezo@hotmail.com - nromero@inteltrack-llc.com | AD15: APERTURA SANCIONATORIA / FORMULACIÓN DE CARGOS | AE15: NO APLICA | AF15: APERTURA | AG15: NO | AI15: =IF(AL15="NO", "REALIZAR CITACIÓN", IF(AND(AJ15="SI",AL15<>"SI",AL15<>"NO"), "PENDIENTE ENTREGA NOTIFICACIÓN ELECTRÓNICA", IF(AND(AJ15="SI",AL15="SI",AN15="SI"), "NOTIFICACIÓN ELECTRÓNICA EFECTIVA", IF(AND(AJ15="",AK15="",AL15="",AM15="",AN15="",AO15=""), "PENDIENTE NOTIFICACIÓN ELECTRÓNICA", IF(AJ15="NO", "NO PROCEDE NOTIFICACIÓN ELECTRÓNICA", IF(AND(AJ15="SI",F15=""), "PENDIENTE ENVÍO NOTIFICACIÓN ELECTRÓNICA", IF(AND(AJ15="SI",TODAY()-F15<=5), "EN ESPERA DE NOTIFICACIÓN ELECTRÓNICA (5 DÍAS)", "NOTIFICACIÓN ELECTRÓNICA NO EFECTIVA" ))))))) -> NO PROCEDE NOTIFICACIÓN ELECTRÓNICA | AJ15: NO | AM15: =IF(AK15="","",WORKDAY(AK15,5,FESTIVOS_CO!A:A)) | AP15: =IF( ISNUMBER(SEARCH("PENDIENTE",UPPER(AI15))), "NO APLICA", IF( COUNTBLANK(AJ15:AL15)=COUNTA(AJ15:AL15), "NO APLICA", IF( UPPER(AN15)="SI", "NO PROCEDE CITACION", "NOTIFICAR POR CITACION" ) ) ) -> NOTIFICAR POR CITACION | AQ15: VIRTUAL | AR15: 46036 | AS15: 46041 | AT15: 20263700003711CS | AU15: 46041 | AV15: 20263700003711CS | AW15: SI | AX15: 46041 | AY15: =IF(AU15="","",WORKDAY(AU15,5,FESTIVOS_CO!A:A)) -> 46048 | AZ15: =IF( AND(BB15="SI",BC15<>"",BD15<>""), "NOTIFICACIÓN PERSONAL COMPLETA", IF( AND(AO15="",AX15="",BQ15="",BC15<>"",BD15<>""), "NOTIFICADO POR CONDUCTA CONCLUYENTE", IF(AP15="NO PROCEDE CITACION", "NO PROCEDE", IF(AP15="NO APLICA", "NO APLICA", IF(AW15="NO", "HACER AVISO", IF(AQ15="", "PENDIENTE GESTIONAR CITACIÓN", IF(AS15="", "PENDIENTE FIRMA", IF(AR15="", "PENDIENTE REVISIÓN", IF(AT15="", "PENDIENTE RADICAR", "CITACIÓN COMPLETA EN ESPERA PRESENTACION PERSONAL" ))))))))) -> CITACIÓN COMPLETA EN ESPERA PRESENTACION PERSONAL | BA15: =IF(AX15="","",WORKDAY(AX15,5,FESTIVOS_CO!A:A)) -> 46048 | BB15: NO | BE15: =IF(AZ15="NO PROCEDE", "NO PROCEDE",IF(OR(AZ15="HACER AVISO",BB15="NO"), "HACER AVISO", "NO APLICA")) -> HACER AVISO | BF15: 46050 | BG15: 46050 | BH15: 46052 | BI15: 20263700015741CS | BJ15: 46055 | BM15: =IF(BJ15="","",WORKDAY(BJ15,5,FESTIVOS_CO!A:A)) -> 46062 | BN15: =IF( AND(AZ15="CITACIÓN COMPLETA EN ESPERA DE NOTIFICACION PERSONAL",BB15="NO"), "PENDIENTE HACER AVISO", IF(AND(BC15<>"",BD15<>""), "NOTIFICACIÓN PERSONAL COMPLETA", IF(BR15="SI", "NOTIFICACIÓN POR AVISO TERMINADA", IF(BE15="NO PROCEDE", "NO PROCEDE", IF(BF15="", "PENDIENTE HACER AVISO", IF(BG15="", "PENDIENTE REVISIÓN AVISO", IF(BH15="", "PENDIENTE FIRMA AVISO", IF(BI15="", "PENDIENTE RADICAR AVISO", IF(BL15="", "EN TRÁMITE DE ENTREGA AVISO", IF(BL15="NO", "PUBLICAR AVISO CARTELERA", IF(BL15="SI", "VERIFICAR SI PROCEDE RECURSO", IF(BE15="HACER AVISO", "HACER AVISO", "NO APLICA" )))))))))))) -> EN TRÁMITE DE ENTREGA AVISO | BO15: =IF(BN15="NOTIFICACIÓN PERSONAL COMPLETA", "NO PROCEDE AVISO", IF(BR15="SI", "NOTIFICACION POR AVISO TERMINADA", IF(BE15="NO PROCEDE", "NO PROCEDE AVISO", IF(BN15="VERIFICAR SI PROCEDE RECURSO", "NOTIFICACIÓN POR AVISO COMPLETA", "EN TRÁMITE NOTIF. POR AVISO" )))) -> EN TRÁMITE NOTIF. POR AVISO | BQ15: =IF(BP15="","",WORKDAY(BP15,5,FESTIVOS_CO!A:A)) | BS15: NO | BT15: NO APLICA | BU15: =VLOOKUP(BT15,Hoja2!$C:$D,2,0) -> 0 | BV15: =IF( AND(AO15="",BD15="",BQ15=""), "EN PROCESO NOTIFICACION / COMUNICACION", IF( BT15="", "NO APLICA", IF( BU15=60, IF(AO15<>"",AO15,IF(BD15<>"",BD15,BQ15))+60, WORKDAY( IF(AO15<>"",AO15,IF(BD15<>"",BD15,BQ15)), BU15, FESTIVOS_CO!A:A ) ) )) -> EN PROCESO NOTIFICACION / COMUNICACION | CA15: =IF(BW15<>"SI", "PENDIENTE EJECUTORIA", IF(AND(BX15="",BY15="",BZ15=""), "PENDIENTE HACER EJECUTORIA", IF(AND(BX15<>"",BY15="",BZ15=""), "PENDIENTE REVISION EJECUTORIA", IF(AND(BX15<>"",BY15<>"",BZ15=""), "PENDIENTE FIRMA EJECUTORIA", "PROCESO EJECUTORIA TERMINADO" )))) -> PENDIENTE EJECUTORIA | CB15: =IF(CC15="NO", "NO APLICA", IF(CC15="SI", IF(COUNTBLANK(CC15:CH15)>0, "PENDIENTE MEMORANDO", "MEMORANDOS ENVIADOS" ), IF(CI15="NO", "NO APLICA", IF(CI15="SI", IF(COUNTBLANK(CJ15:CN15)>0, "PENDIENTES OFICIOS", "OFICIOS ENVIADOS" ), "" ) ) ))
A16: =IF( AND(Q16="NO",S16<>"SI"), "TERMINADO PRODUCTO NO CONFORME", IF( AND( COUNTBLANK(AJ16:AO16)=COLUMNS(AJ16:AO16), COUNTBLANK(AQ16:AY16)=COLUMNS(AQ16:AY16), COUNTBLANK(BC16:BD16)=COLUMNS(BC16:BD16), COUNTBLANK(BF16:BM16)=COLUMNS(BF16:BM16), COUNTBLANK(BP16:BR16)=COLUMNS(BP16:BR16) ), "SIN GESTIÓN", IF( AND(BC16<>"",BD16<>"",AO16="",AX16="",BQ16=""), "NOTIFICADO POR CONDUCTA CONCLUYENTE", IF( AI16="NOTIFICACIÓN ELECTRÓNICA EFECTIVA", CA16, IF( OR( AI16="NO PROCEDE NOTIFICACIÓN ELECTRÓNICA", AI16="REALIZAR CITACIÓN", AI16="NOTIFICACIÓN ELECTRÓNICA NO EFECTIVA" ), IF( AZ16="HACER AVISO", IF( OR( BN16="NOTIFICACIÓN POR AVISO TERMINADA", BN16="NOTIFICACIÓN PERSONAL COMPLETA" ), CA16, BN16 ), AZ16 ), AI16 ) ) ) )) -> CITACIÓN COMPLETA EN ESPERA PRESENTACION PERSONAL | B16: Rafael Bonilla | E16: =IF(AN16="SI", "NOTIFICACIÓN ELECTRÓNICA", IF(AND(BC16<>"",BD16<>""), "NOTIFICACIÓN PERSONAL", IF(BL16="SI", "NOTIFICACIÓN POR AVISO", "PENDIENTE NOTIFICACIÓN" ))) -> PENDIENTE NOTIFICACIÓN | F16: =IF( AND(AN16<>"SI",AW16<>"SI",BL16<>"SI",BC16="",BD16=""), "PENDIENTE NOTIFICACIÓN", IF(AN16="SI", AO16, IF(AW16="SI", AX16, IF(AND(BC16<>"",BD16<>""), BD16, IF(BL16="SI", BQ16, "PENDIENTE NOTIFICACIÓN" ))))) -> 46041 | G16: =IF( OR( C16="", F16="PENDIENTE NOTIFICACIÓN", NOT(ISNUMBER(C16)), NOT(ISNUMBER(F16)), F16<C16 ), "", F16-C16 ) | H16: =IF( L16="", "", IF( NETWORKDAYS(L16,IF(M16<>"",M16,TODAY()),FESTIVOS_CO!A:A)>2, "VENCIDO", IF( NETWORKDAYS(L16,IF(M16<>"",M16,TODAY()),FESTIVOS_CO!A:A)=2, "ALERTA", "A TIEMPO" ))) -> ALERTA | I16: 10 folios | J16: 20252300108427CS | K16: 46009 | L16: 46030 | M16: 46033 | Q16: SI | U16: 230 GRUPO DE SANCIONES | V16: 1090/2024/SAN | W16: NO APLICA | Y16: 79864414 | Z16: JHON ALEXANDER GUTIERREZ RODRIGUEZ | AA16: Calle 66 # 77B - 16 | AB16: BOGOTÁ | AC16: johnalexg77@gmail.com | AD16: APERTURA SANCIONATORIA / FORMULACIÓN DE CARGOS | AE16: NO APLICA | AF16: APERTURA | AG16: NO | AI16: =IF(AL16="NO", "REALIZAR CITACIÓN", IF(AND(AJ16="SI",AL16<>"SI",AL16<>"NO"), "PENDIENTE ENTREGA NOTIFICACIÓN ELECTRÓNICA", IF(AND(AJ16="SI",AL16="SI",AN16="SI"), "NOTIFICACIÓN ELECTRÓNICA EFECTIVA", IF(AND(AJ16="",AK16="",AL16="",AM16="",AN16="",AO16=""), "PENDIENTE NOTIFICACIÓN ELECTRÓNICA", IF(AJ16="NO", "NO PROCEDE NOTIFICACIÓN ELECTRÓNICA", IF(AND(AJ16="SI",F16=""), "PENDIENTE ENVÍO NOTIFICACIÓN ELECTRÓNICA", IF(AND(AJ16="SI",TODAY()-F16<=5), "EN ESPERA DE NOTIFICACIÓN ELECTRÓNICA (5 DÍAS)", "NOTIFICACIÓN ELECTRÓNICA NO EFECTIVA" ))))))) -> NO PROCEDE NOTIFICACIÓN ELECTRÓNICA | AJ16: NO | AM16: =IF(AK16="","",WORKDAY(AK16,5,FESTIVOS_CO!A:A)) | AP16: =IF( ISNUMBER(SEARCH("PENDIENTE",UPPER(AI16))), "NO APLICA", IF( COUNTBLANK(AJ16:AL16)=COUNTA(AJ16:AL16), "NO APLICA", IF( UPPER(AN16)="SI", "NO PROCEDE CITACION", "NOTIFICAR POR CITACION" ) ) ) -> NOTIFICAR POR CITACION | AQ16: VIRTUAL | AR16: 46036 | AS16: 46041 | AT16: 20263700003761CS | AU16: 46041 | AV16: 20263700003761CS | AW16: SI | AX16: 46041 | AY16: =IF(AU16="","",WORKDAY(AU16,5,FESTIVOS_CO!A:A)) -> 46048 | AZ16: =IF( AND(BB16="SI",BC16<>"",BD16<>""), "NOTIFICACIÓN PERSONAL COMPLETA", IF( AND(AO16="",AX16="",BQ16="",BC16<>"",BD16<>""), "NOTIFICADO POR CONDUCTA CONCLUYENTE", IF(AP16="NO PROCEDE CITACION", "NO PROCEDE", IF(AP16="NO APLICA", "NO APLICA", IF(AW16="NO", "HACER AVISO", IF(AQ16="", "PENDIENTE GESTIONAR CITACIÓN", IF(AS16="", "PENDIENTE FIRMA", IF(AR16="", "PENDIENTE REVISIÓN", IF(AT16="", "PENDIENTE RADICAR", "CITACIÓN COMPLETA EN ESPERA PRESENTACION PERSONAL" ))))))))) -> CITACIÓN COMPLETA EN ESPERA PRESENTACION PERSONAL | BA16: =IF(AX16="","",WORKDAY(AX16,5,FESTIVOS_CO!A:A)) -> 46048 | BB16: NO | BE16: =IF(AZ16="NO PROCEDE", "NO PROCEDE",IF(OR(AZ16="HACER AVISO",BB16="NO"), "HACER AVISO", "NO APLICA")) -> HACER AVISO | BF16: 46050 | BG16: 46050 | BH16: 46052 | BI16: 20263700015691CS | BJ16: 46055 | BM16: =IF(BJ16="","",WORKDAY(BJ16,5,FESTIVOS_CO!A:A)) -> 46062 | BN16: =IF( AND(AZ16="CITACIÓN COMPLETA EN ESPERA DE NOTIFICACION PERSONAL",BB16="NO"), "PENDIENTE HACER AVISO", IF(AND(BC16<>"",BD16<>""), "NOTIFICACIÓN PERSONAL COMPLETA", IF(BR16="SI", "NOTIFICACIÓN POR AVISO TERMINADA", IF(BE16="NO PROCEDE", "NO PROCEDE", IF(BF16="", "PENDIENTE HACER AVISO", IF(BG16="", "PENDIENTE REVISIÓN AVISO", IF(BH16="", "PENDIENTE FIRMA AVISO", IF(BI16="", "PENDIENTE RADICAR AVISO", IF(BL16="", "EN TRÁMITE DE ENTREGA AVISO", IF(BL16="NO", "PUBLICAR AVISO CARTELERA", IF(BL16="SI", "VERIFICAR SI PROCEDE RECURSO", IF(BE16="HACER AVISO", "HACER AVISO", "NO APLICA" )))))))))))) -> EN TRÁMITE DE ENTREGA AVISO | BO16: =IF(BN16="NOTIFICACIÓN PERSONAL COMPLETA", "NO PROCEDE AVISO", IF(BR16="SI", "NOTIFICACION POR AVISO TERMINADA", IF(BE16="NO PROCEDE", "NO PROCEDE AVISO", IF(BN16="VERIFICAR SI PROCEDE RECURSO", "NOTIFICACIÓN POR AVISO COMPLETA", "EN TRÁMITE NOTIF. POR AVISO" )))) -> EN TRÁMITE NOTIF. POR AVISO | BQ16: =IF(BP16="","",WORKDAY(BP16,5,FESTIVOS_CO!A:A)) | BS16: NO | BT16: NO APLICA | BU16: =VLOOKUP(BT16,Hoja2!$C:$D,2,0) -> 0 | BV16: =IF( AND(AO16="",BD16="",BQ16=""), "EN PROCESO NOTIFICACION / COMUNICACION", IF( BT16="", "NO APLICA", IF( BU16=60, IF(AO16<>"",AO16,IF(BD16<>"",BD16,BQ16))+60, WORKDAY( IF(AO16<>"",AO16,IF(BD16<>"",BD16,BQ16)), BU16, FESTIVOS_CO!A:A ) ) )) -> EN PROCESO NOTIFICACION / COMUNICACION | CA16: =IF(BW16<>"SI", "PENDIENTE EJECUTORIA", IF(AND(BX16="",BY16="",BZ16=""), "PENDIENTE HACER EJECUTORIA", IF(AND(BX16<>"",BY16="",BZ16=""), "PENDIENTE REVISION EJECUTORIA", IF(AND(BX16<>"",BY16<>"",BZ16=""), "PENDIENTE FIRMA EJECUTORIA", "PROCESO EJECUTORIA TERMINADO" )))) -> PENDIENTE EJECUTORIA | CB16: =IF(CC16="NO", "NO APLICA", IF(CC16="SI", IF(COUNTBLANK(CC16:CH16)>0, "PENDIENTE MEMORANDO", "MEMORANDOS ENVIADOS" ), IF(CI16="NO", "NO APLICA", IF(CI16="SI", IF(COUNTBLANK(CJ16:CN16)>0, "PENDIENTES OFICIOS", "OFICIOS ENVIADOS" ), "" ) ) ))
A17: =IF( AND(Q17="NO",S17<>"SI"), "TERMINADO PRODUCTO NO CONFORME", IF( AND( COUNTBLANK(AJ17:AO17)=COLUMNS(AJ17:AO17), COUNTBLANK(AQ17:AY17)=COLUMNS(AQ17:AY17), COUNTBLANK(BC17:BD17)=COLUMNS(BC17:BD17), COUNTBLANK(BF17:BM17)=COLUMNS(BF17:BM17), COUNTBLANK(BP17:BR17)=COLUMNS(BP17:BR17) ), "SIN GESTIÓN", IF( AND(BC17<>"",BD17<>"",AO17="",AX17="",BQ17=""), "NOTIFICADO POR CONDUCTA CONCLUYENTE", IF( AI17="NOTIFICACIÓN ELECTRÓNICA EFECTIVA", CA17, IF( OR( AI17="NO PROCEDE NOTIFICACIÓN ELECTRÓNICA", AI17="REALIZAR CITACIÓN", AI17="NOTIFICACIÓN ELECTRÓNICA NO EFECTIVA" ), IF( AZ17="HACER AVISO", IF( OR( BN17="NOTIFICACIÓN POR AVISO TERMINADA", BN17="NOTIFICACIÓN PERSONAL COMPLETA" ), CA17, BN17 ), AZ17 ), AI17 ) ) ) )) -> CITACIÓN COMPLETA EN ESPERA PRESENTACION PERSONAL | B17: Rafael Bonilla | E17: =IF(AN17="SI", "NOTIFICACIÓN ELECTRÓNICA", IF(AND(BC17<>"",BD17<>""), "NOTIFICACIÓN PERSONAL", IF(BL17="SI", "NOTIFICACIÓN POR AVISO", "PENDIENTE NOTIFICACIÓN" ))) -> PENDIENTE NOTIFICACIÓN | F17: =IF( AND(AN17<>"SI",AW17<>"SI",BL17<>"SI",BC17="",BD17=""), "PENDIENTE NOTIFICACIÓN", IF(AN17="SI", AO17, IF(AW17="SI", AX17, IF(AND(BC17<>"",BD17<>""), BD17, IF(BL17="SI", BQ17, "PENDIENTE NOTIFICACIÓN" ))))) -> 46041 | G17: =IF( OR( C17="", F17="PENDIENTE NOTIFICACIÓN", NOT(ISNUMBER(C17)), NOT(ISNUMBER(F17)), F17<C17 ), "", F17-C17 ) | H17: =IF( L17="", "", IF( NETWORKDAYS(L17,IF(M17<>"",M17,TODAY()),FESTIVOS_CO!A:A)>2, "VENCIDO", IF( NETWORKDAYS(L17,IF(M17<>"",M17,TODAY()),FESTIVOS_CO!A:A)=2, "ALERTA", "A TIEMPO" ))) -> ALERTA | I17: 10 folios | J17: 20252300108437CS | K17: 46009 | L17: 46030 | M17: 46033 | Q17: SI | U17: 230 GRUPO DE SANCIONES | V17: 1091/2024/SAN | W17: NO APLICA | Y17: 900486582 | Z17: KAVITS COLOMBIA S.A.S | AA17: Calle 64C # 88A - 05 sur | AB17: BOGOTÁ | AC17: jamrironny@hotmail.com | AD17: APERTURA SANCIONATORIA / FORMULACIÓN DE CARGOS | AE17: NO APLICA | AF17: APERTURA | AG17: NO | AI17: =IF(AL17="NO", "REALIZAR CITACIÓN", IF(AND(AJ17="SI",AL17<>"SI",AL17<>"NO"), "PENDIENTE ENTREGA NOTIFICACIÓN ELECTRÓNICA", IF(AND(AJ17="SI",AL17="SI",AN17="SI"), "NOTIFICACIÓN ELECTRÓNICA EFECTIVA", IF(AND(AJ17="",AK17="",AL17="",AM17="",AN17="",AO17=""), "PENDIENTE NOTIFICACIÓN ELECTRÓNICA", IF(AJ17="NO", "NO PROCEDE NOTIFICACIÓN ELECTRÓNICA", IF(AND(AJ17="SI",F17=""), "PENDIENTE ENVÍO NOTIFICACIÓN ELECTRÓNICA", IF(AND(AJ17="SI",TODAY()-F17<=5), "EN ESPERA DE NOTIFICACIÓN ELECTRÓNICA (5 DÍAS)", "NOTIFICACIÓN ELECTRÓNICA NO EFECTIVA" ))))))) -> NO PROCEDE NOTIFICACIÓN ELECTRÓNICA | AJ17: NO | AM17: =IF(AK17="","",WORKDAY(AK17,5,FESTIVOS_CO!A:A)) | AP17: =IF( ISNUMBER(SEARCH("PENDIENTE",UPPER(AI17))), "NO APLICA", IF( COUNTBLANK(AJ17:AL17)=COUNTA(AJ17:AL17), "NO APLICA", IF( UPPER(AN17)="SI", "NO PROCEDE CITACION", "NOTIFICAR POR CITACION" ) ) ) -> NOTIFICAR POR CITACION | AQ17: VIRTUAL | AR17: 46036 | AS17: 46041 | AT17: 20263700003771CS | AU17: 46041 | AV17: 20263700003771CS | AW17: SI | AX17: 46041 | AY17: =IF(AU17="","",WORKDAY(AU17,5,FESTIVOS_CO!A:A)) -> 46048 | AZ17: =IF( AND(BB17="SI",BC17<>"",BD17<>""), "NOTIFICACIÓN PERSONAL COMPLETA", IF( AND(AO17="",AX17="",BQ17="",BC17<>"",BD17<>""), "NOTIFICADO POR CONDUCTA CONCLUYENTE", IF(AP17="NO PROCEDE CITACION", "NO PROCEDE", IF(AP17="NO APLICA", "NO APLICA", IF(AW17="NO", "HACER AVISO", IF(AQ17="", "PENDIENTE GESTIONAR CITACIÓN", IF(AS17="", "PENDIENTE FIRMA", IF(AR17="", "PENDIENTE REVISIÓN", IF(AT17="", "PENDIENTE RADICAR", "CITACIÓN COMPLETA EN ESPERA PRESENTACION PERSONAL" ))))))))) -> CITACIÓN COMPLETA EN ESPERA PRESENTACION PERSONAL | BA17: =IF(AX17="","",WORKDAY(AX17,5,FESTIVOS_CO!A:A)) -> 46048 | BB17: NO | BE17: =IF(AZ17="NO PROCEDE", "NO PROCEDE",IF(OR(AZ17="HACER AVISO",BB17="NO"), "HACER AVISO", "NO APLICA")) -> HACER AVISO | BF17: 46050 | BG17: 46050 | BH17: 46052 | BI17: 20263700015771CS | BJ17: 46055 | BM17: =IF(BJ17="","",WORKDAY(BJ17,5,FESTIVOS_CO!A:A)) -> 46062 | BN17: =IF( AND(AZ17="CITACIÓN COMPLETA EN ESPERA DE NOTIFICACION PERSONAL",BB17="NO"), "PENDIENTE HACER AVISO", IF(AND(BC17<>"",BD17<>""), "NOTIFICACIÓN PERSONAL COMPLETA", IF(BR17="SI", "NOTIFICACIÓN POR AVISO TERMINADA", IF(BE17="NO PROCEDE", "NO PROCEDE", IF(BF17="", "PENDIENTE HACER AVISO", IF(BG17="", "PENDIENTE REVISIÓN AVISO", IF(BH17="", "PENDIENTE FIRMA AVISO", IF(BI17="", "PENDIENTE RADICAR AVISO", IF(BL17="", "EN TRÁMITE DE ENTREGA AVISO", IF(BL17="NO", "PUBLICAR AVISO CARTELERA", IF(BL17="SI", "VERIFICAR SI PROCEDE RECURSO", IF(BE17="HACER AVISO", "HACER AVISO", "NO APLICA" )))))))))))) -> EN TRÁMITE DE ENTREGA AVISO | BO17: =IF(BN17="NOTIFICACIÓN PERSONAL COMPLETA", "NO PROCEDE AVISO", IF(BR17="SI", "NOTIFICACION POR AVISO TERMINADA", IF(BE17="NO PROCEDE", "NO PROCEDE AVISO", IF(BN17="VERIFICAR SI PROCEDE RECURSO", "NOTIFICACIÓN POR AVISO COMPLETA", "EN TRÁMITE NOTIF. POR AVISO" )))) -> EN TRÁMITE NOTIF. POR AVISO | BQ17: =IF(BP17="","",WORKDAY(BP17,5,FESTIVOS_CO!A:A)) | BS17: NO | BT17: NO APLICA | BU17: =VLOOKUP(BT17,Hoja2!$C:$D,2,0) -> 0 | BV17: =IF( AND(AO17="",BD17="",BQ17=""), "EN PROCESO NOTIFICACION / COMUNICACION", IF( BT17="", "NO APLICA", IF( BU17=60, IF(AO17<>"",AO17,IF(BD17<>"",BD17,BQ17))+60, WORKDAY( IF(AO17<>"",AO17,IF(BD17<>"",BD17,BQ17)), BU17, FESTIVOS_CO!A:A ) ) )) -> EN PROCESO NOTIFICACION / COMUNICACION | CA17: =IF(BW17<>"SI", "PENDIENTE EJECUTORIA", IF(AND(BX17="",BY17="",BZ17=""), "PENDIENTE HACER EJECUTORIA", IF(AND(BX17<>"",BY17="",BZ17=""), "PENDIENTE REVISION EJECUTORIA", IF(AND(BX17<>"",BY17<>"",BZ17=""), "PENDIENTE FIRMA EJECUTORIA", "PROCESO EJECUTORIA TERMINADO" )))) -> PENDIENTE EJECUTORIA | CB17: =IF(CC17="NO", "NO APLICA", IF(CC17="SI", IF(COUNTBLANK(CC17:CH17)>0, "PENDIENTE MEMORANDO", "MEMORANDOS ENVIADOS" ), IF(CI17="NO", "NO APLICA", IF(CI17="SI", IF(COUNTBLANK(CJ17:CN17)>0, "PENDIENTES OFICIOS", "OFICIOS ENVIADOS" ), "" ) ) ))
A18: =IF( AND(Q18="NO",S18<>"SI"), "TERMINADO PRODUCTO NO CONFORME", IF( AND( COUNTBLANK(AJ18:AO18)=COLUMNS(AJ18:AO18), COUNTBLANK(AQ18:AY18)=COLUMNS(AQ18:AY18), COUNTBLANK(BC18:BD18)=COLUMNS(BC18:BD18), COUNTBLANK(BF18:BM18)=COLUMNS(BF18:BM18), COUNTBLANK(BP18:BR18)=COLUMNS(BP18:BR18) ), "SIN GESTIÓN", IF( AND(BC18<>"",BD18<>"",AO18="",AX18="",BQ18=""), "NOTIFICADO POR CONDUCTA CONCLUYENTE", IF( AI18="NOTIFICACIÓN ELECTRÓNICA EFECTIVA", CA18, IF( OR( AI18="NO PROCEDE NOTIFICACIÓN ELECTRÓNICA", AI18="REALIZAR CITACIÓN", AI18="NOTIFICACIÓN ELECTRÓNICA NO EFECTIVA" ), IF( AZ18="HACER AVISO", IF( OR( BN18="NOTIFICACIÓN POR AVISO TERMINADA", BN18="NOTIFICACIÓN PERSONAL COMPLETA" ), CA18, BN18 ), AZ18 ), AI18 ) ) ) )) -> PENDIENTE HACER AVISO | B18: Rafael Bonilla | E18: =IF(AN18="SI", "NOTIFICACIÓN ELECTRÓNICA", IF(AND(BC18<>"",BD18<>""), "NOTIFICACIÓN PERSONAL", IF(BL18="SI", "NOTIFICACIÓN POR AVISO", "PENDIENTE NOTIFICACIÓN" ))) -> PENDIENTE NOTIFICACIÓN | F18: =IF( AND(AN18<>"SI",AW18<>"SI",BL18<>"SI",BC18="",BD18=""), "PENDIENTE NOTIFICACIÓN", IF(AN18="SI", AO18, IF(AW18="SI", AX18, IF(AND(BC18<>"",BD18<>""), BD18, IF(BL18="SI", BQ18, "PENDIENTE NOTIFICACIÓN" ))))) -> PENDIENTE NOTIFICACIÓN | G18: =IF( OR( C18="", F18="PENDIENTE NOTIFICACIÓN", NOT(ISNUMBER(C18)), NOT(ISNUMBER(F18)), F18<C18 ), "", F18-C18 ) | H18: =IF( L18="", "", IF( NETWORKDAYS(L18,IF(M18<>"",M18,TODAY()),FESTIVOS_CO!A:A)>2, "VENCIDO", IF( NETWORKDAYS(L18,IF(M18<>"",M18,TODAY()),FESTIVOS_CO!A:A)=2, "ALERTA", "A TIEMPO" ))) -> ALERTA | I18: 10 folios - SE PUBLICA CITACIÓN 28/01/2026 - SE DESFIJA 03/02/2026 | J18: 20252300108447CS | K18: 46009 | L18: 46030 | M18: 46033 | Q18: SI | U18: 230 GRUPO DE SANCIONES | V18: 1100/2024/SAN | W18: NO APLICA | Y18: 900961860 | Z18: LUMIXEN TECHNOLOGY S.A.S | AA18: TV 93 # 64 - 42 | AB18: BOGOTÁ | AC18: cartera@evertech.com.co | AD18: APERTURA SANCIONATORIA / FORMULACIÓN DE CARGOS | AE18: NO APLICA | AF18: APERTURA | AG18: NO | AI18: =IF(AL18="NO", "REALIZAR CITACIÓN", IF(AND(AJ18="SI",AL18<>"SI",AL18<>"NO"), "PENDIENTE ENTREGA NOTIFICACIÓN ELECTRÓNICA", IF(AND(AJ18="SI",AL18="SI",AN18="SI"), "NOTIFICACIÓN ELECTRÓNICA EFECTIVA", IF(AND(AJ18="",AK18="",AL18="",AM18="",AN18="",AO18=""), "PENDIENTE NOTIFICACIÓN ELECTRÓNICA", IF(AJ18="NO", "NO PROCEDE NOTIFICACIÓN ELECTRÓNICA", IF(AND(AJ18="SI",F18=""), "PENDIENTE ENVÍO NOTIFICACIÓN ELECTRÓNICA", IF(AND(AJ18="SI",TODAY()-F18<=5), "EN ESPERA DE NOTIFICACIÓN ELECTRÓNICA (5 DÍAS)", "NOTIFICACIÓN ELECTRÓNICA NO EFECTIVA" ))))))) -> NO PROCEDE NOTIFICACIÓN ELECTRÓNICA | AJ18: NO | AM18: =IF(AK18="","",WORKDAY(AK18,5,FESTIVOS_CO!A:A)) | AP18: =IF( ISNUMBER(SEARCH("PENDIENTE",UPPER(AI18))), "NO APLICA", IF( COUNTBLANK(AJ18:AL18)=COUNTA(AJ18:AL18), "NO APLICA", IF( UPPER(AN18)="SI", "NO PROCEDE CITACION", "NOTIFICAR POR CITACION" ) ) ) -> NOTIFICAR POR CITACION | AQ18: FÍSICO | AR18: 46036 | AS18: 46041 | AT18: 20263700003781CS | AU18: 46041 | AV18: RA552140948CO | AW18: NO | AY18: =IF(AU18="","",WORKDAY(AU18,5,FESTIVOS_CO!A:A)) -> 46048 | AZ18: =IF( AND(BB18="SI",BC18<>"",BD18<>""), "NOTIFICACIÓN PERSONAL COMPLETA", IF( AND(AO18="",AX18="",BQ18="",BC18<>"",BD18<>""), "NOTIFICADO POR CONDUCTA CONCLUYENTE", IF(AP18="NO PROCEDE CITACION", "NO PROCEDE", IF(AP18="NO APLICA", "NO APLICA", IF(AW18="NO", "HACER AVISO", IF(AQ18="", "PENDIENTE GESTIONAR CITACIÓN", IF(AS18="", "PENDIENTE FIRMA", IF(AR18="", "PENDIENTE REVISIÓN", IF(AT18="", "PENDIENTE RADICAR", "CITACIÓN COMPLETA EN ESPERA PRESENTACION PERSONAL" ))))))))) -> HACER AVISO | BA18: =IF(AX18="","",WORKDAY(AX18,5,FESTIVOS_CO!A:A)) | BE18: =IF(AZ18="NO PROCEDE", "NO PROCEDE",IF(OR(AZ18="HACER AVISO",BB18="NO"), "HACER AVISO", "NO APLICA")) -> HACER AVISO | BM18: =IF(BJ18="","",WORKDAY(BJ18,5,FESTIVOS_CO!A:A)) | BN18: =IF( AND(AZ18="CITACIÓN COMPLETA EN ESPERA DE NOTIFICACION PERSONAL",BB18="NO"), "PENDIENTE HACER AVISO", IF(AND(BC18<>"",BD18<>""), "NOTIFICACIÓN PERSONAL COMPLETA", IF(BR18="SI", "NOTIFICACIÓN POR AVISO TERMINADA", IF(BE18="NO PROCEDE", "NO PROCEDE", IF(BF18="", "PENDIENTE HACER AVISO", IF(BG18="", "PENDIENTE REVISIÓN AVISO", IF(BH18="", "PENDIENTE FIRMA AVISO", IF(BI18="", "PENDIENTE RADICAR AVISO", IF(BL18="", "EN TRÁMITE DE ENTREGA AVISO", IF(BL18="NO", "PUBLICAR AVISO CARTELERA", IF(BL18="SI", "VERIFICAR SI PROCEDE RECURSO", IF(BE18="HACER AVISO", "HACER AVISO", "NO APLICA" )))))))))))) -> PENDIENTE HACER AVISO | BO18: =IF(BN18="NOTIFICACIÓN PERSONAL COMPLETA", "NO PROCEDE AVISO", IF(BR18="SI", "NOTIFICACION POR AVISO TERMINADA", IF(BE18="NO PROCEDE", "NO PROCEDE AVISO", IF(BN18="VERIFICAR SI PROCEDE RECURSO", "NOTIFICACIÓN POR AVISO COMPLETA", "EN TRÁMITE NOTIF. POR AVISO" )))) -> EN TRÁMITE NOTIF. POR AVISO | BQ18: =IF(BP18="","",WORKDAY(BP18,5,FESTIVOS_CO!A:A)) | BS18: NO | BT18: NO APLICA | BU18: =VLOOKUP(BT18,Hoja2!$C:$D,2,0) -> 0 | BV18: =IF( AND(AO18="",BD18="",BQ18=""), "EN PROCESO NOTIFICACION / COMUNICACION", IF( BT18="", "NO APLICA", IF( BU18=60, IF(AO18<>"",AO18,IF(BD18<>"",BD18,BQ18))+60, WORKDAY( IF(AO18<>"",AO18,IF(BD18<>"",BD18,BQ18)), BU18, FESTIVOS_CO!A:A ) ) )) -> EN PROCESO NOTIFICACION / COMUNICACION | CA18: =IF(BW18<>"SI", "PENDIENTE EJECUTORIA", IF(AND(BX18="",BY18="",BZ18=""), "PENDIENTE HACER EJECUTORIA", IF(AND(BX18<>"",BY18="",BZ18=""), "PENDIENTE REVISION EJECUTORIA", IF(AND(BX18<>"",BY18<>"",BZ18=""), "PENDIENTE FIRMA EJECUTORIA", "PROCESO EJECUTORIA TERMINADO" )))) -> PENDIENTE EJECUTORIA | CB18: =IF(CC18="NO", "NO APLICA", IF(CC18="SI", IF(COUNTBLANK(CC18:CH18)>0, "PENDIENTE MEMORANDO", "MEMORANDOS ENVIADOS" ), IF(CI18="NO", "NO APLICA", IF(CI18="SI", IF(COUNTBLANK(CJ18:CN18)>0, "PENDIENTES OFICIOS", "OFICIOS ENVIADOS" ), "" ) ) ))
A19: =IF( AND(Q19="NO",S19<>"SI"), "TERMINADO PRODUCTO NO CONFORME", IF( AND( COUNTBLANK(AJ19:AO19)=COLUMNS(AJ19:AO19), COUNTBLANK(AQ19:AY19)=COLUMNS(AQ19:AY19), COUNTBLANK(BC19:BD19)=COLUMNS(BC19:BD19), COUNTBLANK(BF19:BM19)=COLUMNS(BF19:BM19), COUNTBLANK(BP19:BR19)=COLUMNS(BP19:BR19) ), "SIN GESTIÓN", IF( AND(BC19<>"",BD19<>"",AO19="",AX19="",BQ19=""), "NOTIFICADO POR CONDUCTA CONCLUYENTE", IF( AI19="NOTIFICACIÓN ELECTRÓNICA EFECTIVA", CA19, IF( OR( AI19="NO PROCEDE NOTIFICACIÓN ELECTRÓNICA", AI19="REALIZAR CITACIÓN", AI19="NOTIFICACIÓN ELECTRÓNICA NO EFECTIVA" ), IF( AZ19="HACER AVISO", IF( OR( BN19="NOTIFICACIÓN POR AVISO TERMINADA", BN19="NOTIFICACIÓN PERSONAL COMPLETA" ), CA19, BN19 ), AZ19 ), AI19 ) ) ) )) -> PENDIENTE HACER AVISO | B19: Rafael Bonilla | E19: =IF(AN19="SI", "NOTIFICACIÓN ELECTRÓNICA", IF(AND(BC19<>"",BD19<>""), "NOTIFICACIÓN PERSONAL", IF(BL19="SI", "NOTIFICACIÓN POR AVISO", "PENDIENTE NOTIFICACIÓN" ))) -> PENDIENTE NOTIFICACIÓN | F19: =IF( AND(AN19<>"SI",AW19<>"SI",BL19<>"SI",BC19="",BD19=""), "PENDIENTE NOTIFICACIÓN", IF(AN19="SI", AO19, IF(AW19="SI", AX19, IF(AND(BC19<>"",BD19<>""), BD19, IF(BL19="SI", BQ19, "PENDIENTE NOTIFICACIÓN" ))))) -> PENDIENTE NOTIFICACIÓN | G19: =IF( OR( C19="", F19="PENDIENTE NOTIFICACIÓN", NOT(ISNUMBER(C19)), NOT(ISNUMBER(F19)), F19<C19 ), "", F19-C19 ) | H19: =IF( L19="", "", IF( NETWORKDAYS(L19,IF(M19<>"",M19,TODAY()),FESTIVOS_CO!A:A)>2, "VENCIDO", IF( NETWORKDAYS(L19,IF(M19<>"",M19,TODAY()),FESTIVOS_CO!A:A)=2, "ALERTA", "A TIEMPO" ))) -> ALERTA | I19: 10 folios - SE PUBLICA CITACIÓN 27/01/2026 - SE DESFIJA 02/02/2026 | J19: 20252300108457CS | K19: 46009 | L19: 46030 | M19: 46033 | Q19: SI | U19: 230 GRUPO DE SANCIONES | V19: 1142/2024/SAN | W19: NO APLICA | Y19: 900070645 | Z19: PARKING OLE S.A | AA19: Carrera 7 # 32 - 16 oficina 1505 | AB19: BOGOTÁ | AC19: mardila@olemovilidad.com.co | AD19: APERTURA SANCIONATORIA / FORMULACIÓN DE CARGOS | AE19: NO APLICA | AF19: APERTURA | AG19: NO | AI19: =IF(AL19="NO", "REALIZAR CITACIÓN", IF(AND(AJ19="SI",AL19<>"SI",AL19<>"NO"), "PENDIENTE ENTREGA NOTIFICACIÓN ELECTRÓNICA", IF(AND(AJ19="SI",AL19="SI",AN19="SI"), "NOTIFICACIÓN ELECTRÓNICA EFECTIVA", IF(AND(AJ19="",AK19="",AL19="",AM19="",AN19="",AO19=""), "PENDIENTE NOTIFICACIÓN ELECTRÓNICA", IF(AJ19="NO", "NO PROCEDE NOTIFICACIÓN ELECTRÓNICA", IF(AND(AJ19="SI",F19=""), "PENDIENTE ENVÍO NOTIFICACIÓN ELECTRÓNICA", IF(AND(AJ19="SI",TODAY()-F19<=5), "EN ESPERA DE NOTIFICACIÓN ELECTRÓNICA (5 DÍAS)", "NOTIFICACIÓN ELECTRÓNICA NO EFECTIVA" ))))))) -> NO PROCEDE NOTIFICACIÓN ELECTRÓNICA | AJ19: NO | AM19: =IF(AK19="","",WORKDAY(AK19,5,FESTIVOS_CO!A:A)) | AP19: =IF( ISNUMBER(SEARCH("PENDIENTE",UPPER(AI19))), "NO APLICA", IF( COUNTBLANK(AJ19:AL19)=COUNTA(AJ19:AL19), "NO APLICA", IF( UPPER(AN19)="SI", "NO PROCEDE CITACION", "NOTIFICAR POR CITACION" ) ) ) -> NOTIFICAR POR CITACION | AQ19: FÍSICO | AR19: 46036 | AS19: 46041 | AT19: 20263700003791CS | AU19: 46041 | AV19: RA552140951CO | AW19: NO | AY19: =IF(AU19="","",WORKDAY(AU19,5,FESTIVOS_CO!A:A)) -> 46048 | AZ19: =IF( AND(BB19="SI",BC19<>"",BD19<>""), "NOTIFICACIÓN PERSONAL COMPLETA", IF( AND(AO19="",AX19="",BQ19="",BC19<>"",BD19<>""), "NOTIFICADO POR CONDUCTA CONCLUYENTE", IF(AP19="NO PROCEDE CITACION", "NO PROCEDE", IF(AP19="NO APLICA", "NO APLICA", IF(AW19="NO", "HACER AVISO", IF(AQ19="", "PENDIENTE GESTIONAR CITACIÓN", IF(AS19="", "PENDIENTE FIRMA", IF(AR19="", "PENDIENTE REVISIÓN", IF(AT19="", "PENDIENTE RADICAR", "CITACIÓN COMPLETA EN ESPERA PRESENTACION PERSONAL" ))))))))) -> HACER AVISO | BA19: =IF(AX19="","",WORKDAY(AX19,5,FESTIVOS_CO!A:A)) | BE19: =IF(AZ19="NO PROCEDE", "NO PROCEDE",IF(OR(AZ19="HACER AVISO",BB19="NO"), "HACER AVISO", "NO APLICA")) -> HACER AVISO | BM19: =IF(BJ19="","",WORKDAY(BJ19,5,FESTIVOS_CO!A:A)) | BN19: =IF( AND(AZ19="CITACIÓN COMPLETA EN ESPERA DE NOTIFICACION PERSONAL",BB19="NO"), "PENDIENTE HACER AVISO", IF(AND(BC19<>"",BD19<>""), "NOTIFICACIÓN PERSONAL COMPLETA", IF(BR19="SI", "NOTIFICACIÓN POR AVISO TERMINADA", IF(BE19="NO PROCEDE", "NO PROCEDE", IF(BF19="", "PENDIENTE HACER AVISO", IF(BG19="", "PENDIENTE REVISIÓN AVISO", IF(BH19="", "PENDIENTE FIRMA AVISO", IF(BI19="", "PENDIENTE RADICAR AVISO", IF(BL19="", "EN TRÁMITE DE ENTREGA AVISO", IF(BL19="NO", "PUBLICAR AVISO CARTELERA", IF(BL19="SI", "VERIFICAR SI PROCEDE RECURSO", IF(BE19="HACER AVISO", "HACER AVISO", "NO APLICA" )))))))))))) -> PENDIENTE HACER AVISO | BO19: =IF(BN19="NOTIFICACIÓN PERSONAL COMPLETA", "NO PROCEDE AVISO", IF(BR19="SI", "NOTIFICACION POR AVISO TERMINADA", IF(BE19="NO PROCEDE", "NO PROCEDE AVISO", IF(BN19="VERIFICAR SI PROCEDE RECURSO", "NOTIFICACIÓN POR AVISO COMPLETA", "EN TRÁMITE NOTIF. POR AVISO" )))) -> EN TRÁMITE NOTIF. POR AVISO | BQ19: =IF(BP19="","",WORKDAY(BP19,5,FESTIVOS_CO!A:A)) | BS19: NO | BT19: NO APLICA | BU19: =VLOOKUP(BT19,Hoja2!$C:$D,2,0) -> 0 | BV19: =IF( AND(AO19="",BD19="",BQ19=""), "EN PROCESO NOTIFICACION / COMUNICACION", IF( BT19="", "NO APLICA", IF( BU19=60, IF(AO19<>"",AO19,IF(BD19<>"",BD19,BQ19))+60, WORKDAY( IF(AO19<>"",AO19,IF(BD19<>"",BD19,BQ19)), BU19, FESTIVOS_CO!A:A ) ) )) -> EN PROCESO NOTIFICACION / COMUNICACION | CA19: =IF(BW19<>"SI", "PENDIENTE EJECUTORIA", IF(AND(BX19="",BY19="",BZ19=""), "PENDIENTE HACER EJECUTORIA", IF(AND(BX19<>"",BY19="",BZ19=""), "PENDIENTE REVISION EJECUTORIA", IF(AND(BX19<>"",BY19<>"",BZ19=""), "PENDIENTE FIRMA EJECUTORIA", "PROCESO EJECUTORIA TERMINADO" )))) -> PENDIENTE EJECUTORIA | CB19: =IF(CC19="NO", "NO APLICA", IF(CC19="SI", IF(COUNTBLANK(CC19:CH19)>0, "PENDIENTE MEMORANDO", "MEMORANDOS ENVIADOS" ), IF(CI19="NO", "NO APLICA", IF(CI19="SI", IF(COUNTBLANK(CJ19:CN19)>0, "PENDIENTES OFICIOS", "OFICIOS ENVIADOS" ), "" ) ) ))
A20: =IF( AND(Q20="NO",S20<>"SI"), "TERMINADO PRODUCTO NO CONFORME", IF( AND( COUNTBLANK(AJ20:AO20)=COLUMNS(AJ20:AO20), COUNTBLANK(AQ20:AY20)=COLUMNS(AQ20:AY20), COUNTBLANK(BC20:BD20)=COLUMNS(BC20:BD20), COUNTBLANK(BF20:BM20)=COLUMNS(BF20:BM20), COUNTBLANK(BP20:BR20)=COLUMNS(BP20:BR20) ), "SIN GESTIÓN", IF( AND(BC20<>"",BD20<>"",AO20="",AX20="",BQ20=""), "NOTIFICADO POR CONDUCTA CONCLUYENTE", IF( AI20="NOTIFICACIÓN ELECTRÓNICA EFECTIVA", CA20, IF( OR( AI20="NO PROCEDE NOTIFICACIÓN ELECTRÓNICA", AI20="REALIZAR CITACIÓN", AI20="NOTIFICACIÓN ELECTRÓNICA NO EFECTIVA" ), IF( AZ20="HACER AVISO", IF( OR( BN20="NOTIFICACIÓN POR AVISO TERMINADA", BN20="NOTIFICACIÓN PERSONAL COMPLETA" ), CA20, BN20 ), AZ20 ), AI20 ) ) ) )) -> CITACIÓN COMPLETA EN ESPERA PRESENTACION PERSONAL | B20: Rafael Bonilla | E20: =IF(AN20="SI", "NOTIFICACIÓN ELECTRÓNICA", IF(AND(BC20<>"",BD20<>""), "NOTIFICACIÓN PERSONAL", IF(BL20="SI", "NOTIFICACIÓN POR AVISO", "PENDIENTE NOTIFICACIÓN" ))) -> PENDIENTE NOTIFICACIÓN | F20: =IF( AND(AN20<>"SI",AW20<>"SI",BL20<>"SI",BC20="",BD20=""), "PENDIENTE NOTIFICACIÓN", IF(AN20="SI", AO20, IF(AW20="SI", AX20, IF(AND(BC20<>"",BD20<>""), BD20, IF(BL20="SI", BQ20, "PENDIENTE NOTIFICACIÓN" ))))) -> 46041 | G20: =IF( OR( C20="", F20="PENDIENTE NOTIFICACIÓN", NOT(ISNUMBER(C20)), NOT(ISNUMBER(F20)), F20<C20 ), "", F20-C20 ) | H20: =IF( L20="", "", IF( NETWORKDAYS(L20,IF(M20<>"",M20,TODAY()),FESTIVOS_CO!A:A)>2, "VENCIDO", IF( NETWORKDAYS(L20,IF(M20<>"",M20,TODAY()),FESTIVOS_CO!A:A)=2, "ALERTA", "A TIEMPO" ))) -> ALERTA | I20: 10 folios | J20: 20252300108467CS | K20: 46009 | L20: 46030 | M20: 46033 | Q20: SI | U20: 230 GRUPO DE SANCIONES | V20: 1162/2024/SAN | W20: NO APLICA | Y20: 900203341 | Z20: INNOVA SOLUTIONS SAS | AA20: Calle 95 # 14 - 45 - Bogotá | AB20: BOGOTÁ | AC20: eduardo.penaranda@mdlegal.com.co | AD20: APERTURA SANCIONATORIA / FORMULACIÓN DE CARGOS | AE20: NO APLICA | AF20: APERTURA | AG20: NO | AI20: =IF(AL20="NO", "REALIZAR CITACIÓN", IF(AND(AJ20="SI",AL20<>"SI",AL20<>"NO"), "PENDIENTE ENTREGA NOTIFICACIÓN ELECTRÓNICA", IF(AND(AJ20="SI",AL20="SI",AN20="SI"), "NOTIFICACIÓN ELECTRÓNICA EFECTIVA", IF(AND(AJ20="",AK20="",AL20="",AM20="",AN20="",AO20=""), "PENDIENTE NOTIFICACIÓN ELECTRÓNICA", IF(AJ20="NO", "NO PROCEDE NOTIFICACIÓN ELECTRÓNICA", IF(AND(AJ20="SI",F20=""), "PENDIENTE ENVÍO NOTIFICACIÓN ELECTRÓNICA", IF(AND(AJ20="SI",TODAY()-F20<=5), "EN ESPERA DE NOTIFICACIÓN ELECTRÓNICA (5 DÍAS)", "NOTIFICACIÓN ELECTRÓNICA NO EFECTIVA" ))))))) -> NO PROCEDE NOTIFICACIÓN ELECTRÓNICA | AJ20: NO | AM20: =IF(AK20="","",WORKDAY(AK20,5,FESTIVOS_CO!A:A)) | AP20: =IF( ISNUMBER(SEARCH("PENDIENTE",UPPER(AI20))), "NO APLICA", IF( COUNTBLANK(AJ20:AL20)=COUNTA(AJ20:AL20), "NO APLICA", IF( UPPER(AN20)="SI", "NO PROCEDE CITACION", "NOTIFICAR POR CITACION" ) ) ) -> NOTIFICAR POR CITACION | AQ20: VIRTUAL | AR20: 46036 | AS20: 46041 | AT20: 20263700003801CS | AU20: 46041 | AV20: 20263700003801CS | AW20: SI | AX20: 46041 | AY20: =IF(AU20="","",WORKDAY(AU20,5,FESTIVOS_CO!A:A)) -> 46048 | AZ20: =IF( AND(BB20="SI",BC20<>"",BD20<>""), "NOTIFICACIÓN PERSONAL COMPLETA", IF( AND(AO20="",AX20="",BQ20="",BC20<>"",BD20<>""), "NOTIFICADO POR CONDUCTA CONCLUYENTE", IF(AP20="NO PROCEDE CITACION", "NO PROCEDE", IF(AP20="NO APLICA", "NO APLICA", IF(AW20="NO", "HACER AVISO", IF(AQ20="", "PENDIENTE GESTIONAR CITACIÓN", IF(AS20="", "PENDIENTE FIRMA", IF(AR20="", "PENDIENTE REVISIÓN", IF(AT20="", "PENDIENTE RADICAR", "CITACIÓN COMPLETA EN ESPERA PRESENTACION PERSONAL" ))))))))) -> CITACIÓN COMPLETA EN ESPERA PRESENTACION PERSONAL | BA20: =IF(AX20="","",WORKDAY(AX20,5,FESTIVOS_CO!A:A)) -> 46048 | BB20: NO | BE20: =IF(AZ20="NO PROCEDE", "NO PROCEDE",IF(OR(AZ20="HACER AVISO",BB20="NO"), "HACER AVISO", "NO APLICA")) -> HACER AVISO | BF20: 46050 | BG20: 46050 | BH20: 46052 | BI20: 20263700015671CS | BJ20: 46055 | BM20: =IF(BJ20="","",WORKDAY(BJ20,5,FESTIVOS_CO!A:A)) -> 46062 | BN20: =IF( AND(AZ20="CITACIÓN COMPLETA EN ESPERA DE NOTIFICACION PERSONAL",BB20="NO"), "PENDIENTE HACER AVISO", IF(AND(BC20<>"",BD20<>""), "NOTIFICACIÓN PERSONAL COMPLETA", IF(BR20="SI", "NOTIFICACIÓN POR AVISO TERMINADA", IF(BE20="NO PROCEDE", "NO PROCEDE", IF(BF20="", "PENDIENTE HACER AVISO", IF(BG20="", "PENDIENTE REVISIÓN AVISO", IF(BH20="", "PENDIENTE FIRMA AVISO", IF(BI20="", "PENDIENTE RADICAR AVISO", IF(BL20="", "EN TRÁMITE DE ENTREGA AVISO", IF(BL20="NO", "PUBLICAR AVISO CARTELERA", IF(BL20="SI", "VERIFICAR SI PROCEDE RECURSO", IF(BE20="HACER AVISO", "HACER AVISO", "NO APLICA" )))))))))))) -> EN TRÁMITE DE ENTREGA AVISO | BO20: =IF(BN20="NOTIFICACIÓN PERSONAL COMPLETA", "NO PROCEDE AVISO", IF(BR20="SI", "NOTIFICACION POR AVISO TERMINADA", IF(BE20="NO PROCEDE", "NO PROCEDE AVISO", IF(BN20="VERIFICAR SI PROCEDE RECURSO", "NOTIFICACIÓN POR AVISO COMPLETA", "EN TRÁMITE NOTIF. POR AVISO" )))) -> EN TRÁMITE NOTIF. POR AVISO | BQ20: =IF(BP20="","",WORKDAY(BP20,5,FESTIVOS_CO!A:A)) | BS20: NO | BT20: NO APLICA | BU20: =VLOOKUP(BT20,Hoja2!$C:$D,2,0) -> 0 | BV20: =IF( AND(AO20="",BD20="",BQ20=""), "EN PROCESO NOTIFICACION / COMUNICACION", IF( BT20="", "NO APLICA", IF( BU20=60, IF(AO20<>"",AO20,IF(BD20<>"",BD20,BQ20))+60, WORKDAY( IF(AO20<>"",AO20,IF(BD20<>"",BD20,BQ20)), BU20, FESTIVOS_CO!A:A ) ) )) -> EN PROCESO NOTIFICACION / COMUNICACION | CA20: =IF(BW20<>"SI", "PENDIENTE EJECUTORIA", IF(AND(BX20="",BY20="",BZ20=""), "PENDIENTE HACER EJECUTORIA", IF(AND(BX20<>"",BY20="",BZ20=""), "PENDIENTE REVISION EJECUTORIA", IF(AND(BX20<>"",BY20<>"",BZ20=""), "PENDIENTE FIRMA EJECUTORIA", "PROCESO EJECUTORIA TERMINADO" )))) -> PENDIENTE EJECUTORIA | CB20: =IF(CC20="NO", "NO APLICA", IF(CC20="SI", IF(COUNTBLANK(CC20:CH20)>0, "PENDIENTE MEMORANDO", "MEMORANDOS ENVIADOS" ), IF(CI20="NO", "NO APLICA", IF(CI20="SI", IF(COUNTBLANK(CJ20:CN20)>0, "PENDIENTES OFICIOS", "OFICIOS ENVIADOS" ), "" ) ) ))
A21: =IF( AND(Q21="NO",S21<>"SI"), "TERMINADO PRODUCTO NO CONFORME", IF( AND( COUNTBLANK(AJ21:AO21)=COLUMNS(AJ21:AO21), COUNTBLANK(AQ21:AY21)=COLUMNS(AQ21:AY21), COUNTBLANK(BC21:BD21)=COLUMNS(BC21:BD21), COUNTBLANK(BF21:BM21)=COLUMNS(BF21:BM21), COUNTBLANK(BP21:BR21)=COLUMNS(BP21:BR21) ), "SIN GESTIÓN", IF( AND(BC21<>"",BD21<>"",AO21="",AX21="",BQ21=""), "NOTIFICADO POR CONDUCTA CONCLUYENTE", IF( AI21="NOTIFICACIÓN ELECTRÓNICA EFECTIVA", CA21, IF( OR( AI21="NO PROCEDE NOTIFICACIÓN ELECTRÓNICA", AI21="REALIZAR CITACIÓN", AI21="NOTIFICACIÓN ELECTRÓNICA NO EFECTIVA" ), IF( AZ21="HACER AVISO", IF( OR( BN21="NOTIFICACIÓN POR AVISO TERMINADA", BN21="NOTIFICACIÓN PERSONAL COMPLETA" ), CA21, BN21 ), AZ21 ), AI21 ) ) ) )) -> PENDIENTE EJECUTORIA | B21: Andrés Maestre | C21: 46038 | E21: =IF(AN21="SI", "NOTIFICACIÓN ELECTRÓNICA", IF(AND(BC21<>"",BD21<>""), "NOTIFICACIÓN PERSONAL", IF(BL21="SI", "NOTIFICACIÓN POR AVISO", "PENDIENTE NOTIFICACIÓN" ))) -> NOTIFICACIÓN ELECTRÓNICA | F21: =IF( AND(AN21<>"SI",AW21<>"SI",BL21<>"SI",BC21="",BD21=""), "PENDIENTE NOTIFICACIÓN", IF(AN21="SI", AO21, IF(AW21="SI", AX21, IF(AND(BC21<>"",BD21<>""), BD21, IF(BL21="SI", BQ21, "PENDIENTE NOTIFICACIÓN" ))))) -> 46038 | G21: =IF( OR( C21="", F21="PENDIENTE NOTIFICACIÓN", NOT(ISNUMBER(C21)), NOT(ISNUMBER(F21)), F21<C21 ), "", F21-C21 ) -> 0 | H21: =IF( L21="", "", IF( NETWORKDAYS(L21,IF(M21<>"",M21,TODAY()),FESTIVOS_CO!A:A)>2, "VENCIDO", IF( NETWORKDAYS(L21,IF(M21<>"",M21,TODAY()),FESTIVOS_CO!A:A)=2, "ALERTA", "A TIEMPO" ))) -> VENCIDO | I21: ENVIADO A 4-72 PARA NOTIFICACIÓN ELECTRÓNICA (PENDIENTE PRUEBA DE ENTREGA) | J21: 20252300108477CS | K21: 46009 | L21: 46030 | M21: 46038 | Q21: SI | U21: 230 GRUPO DE SANCIONES | V21: 1164/2024/SAN | W21: NO APLICA | Y21: 900063788 | Z21: QUALITY SYSTEMS C.I | AA21: TRANSVERSAL 60 # 119 - 30 APTO 108 | AB21: BOGOTA | AC21: qscolciltda@gmail.com | AD21: APERTURA SANCIONATORIA / FORMULACIÓN DE CARGOS | AE21: NO APLICA | AF21: APERTURA | AG21: NO | AI21: =IF(AL21="NO", "REALIZAR CITACIÓN", IF(AND(AJ21="SI",AL21<>"SI",AL21<>"NO"), "PENDIENTE ENTREGA NOTIFICACIÓN ELECTRÓNICA", IF(AND(AJ21="SI",AL21="SI",AN21="SI"), "NOTIFICACIÓN ELECTRÓNICA EFECTIVA", IF(AND(AJ21="",AK21="",AL21="",AM21="",AN21="",AO21=""), "PENDIENTE NOTIFICACIÓN ELECTRÓNICA", IF(AJ21="NO", "NO PROCEDE NOTIFICACIÓN ELECTRÓNICA", IF(AND(AJ21="SI",F21=""), "PENDIENTE ENVÍO NOTIFICACIÓN ELECTRÓNICA", IF(AND(AJ21="SI",TODAY()-F21<=5), "EN ESPERA DE NOTIFICACIÓN ELECTRÓNICA (5 DÍAS)", "NOTIFICACIÓN ELECTRÓNICA NO EFECTIVA" ))))))) -> NOTIFICACIÓN ELECTRÓNICA EFECTIVA | AJ21: SI | AK21: 46038 | AL21: SI | AM21: =IF(AK21="","",WORKDAY(AK21,5,FESTIVOS_CO!A:A)) -> 46045 | AN21: SI | AO21: 46038 | AP21: =IF( ISNUMBER(SEARCH("PENDIENTE",UPPER(AI21))), "NO APLICA", IF( COUNTBLANK(AJ21:AL21)=COUNTA(AJ21:AL21), "NO APLICA", IF( UPPER(AN21)="SI", "NO PROCEDE CITACION", "NOTIFICAR POR CITACION" ) ) ) -> NO PROCEDE CITACION | AY21: =IF(AU21="","",WORKDAY(AU21,5,FESTIVOS_CO!A:A)) | AZ21: =IF( AND(BB21="SI",BC21<>"",BD21<>""), "NOTIFICACIÓN PERSONAL COMPLETA", IF( AND(AO21="",AX21="",BQ21="",BC21<>"",BD21<>""), "NOTIFICADO POR CONDUCTA CONCLUYENTE", IF(AP21="NO PROCEDE CITACION", "NO PROCEDE", IF(AP21="NO APLICA", "NO APLICA", IF(AW21="NO", "HACER AVISO", IF(AQ21="", "PENDIENTE GESTIONAR CITACIÓN", IF(AS21="", "PENDIENTE FIRMA", IF(AR21="", "PENDIENTE REVISIÓN", IF(AT21="", "PENDIENTE RADICAR", "CITACIÓN COMPLETA EN ESPERA PRESENTACION PERSONAL" ))))))))) -> NO PROCEDE | BA21: =IF(AX21="","",WORKDAY(AX21,5,FESTIVOS_CO!A:A)) | BE21: =IF(AZ21="NO PROCEDE", "NO PROCEDE",IF(OR(AZ21="HACER AVISO",BB21="NO"), "HACER AVISO", "NO APLICA")) -> NO PROCEDE | BM21: =IF(BJ21="","",WORKDAY(BJ21,5,FESTIVOS_CO!A:A)) | BN21: =IF( AND(AZ21="CITACIÓN COMPLETA EN ESPERA DE NOTIFICACION PERSONAL",BB21="NO"), "PENDIENTE HACER AVISO", IF(AND(BC21<>"",BD21<>""), "NOTIFICACIÓN PERSONAL COMPLETA", IF(BR21="SI", "NOTIFICACIÓN POR AVISO TERMINADA", IF(BE21="NO PROCEDE", "NO PROCEDE", IF(BF21="", "PENDIENTE HACER AVISO", IF(BG21="", "PENDIENTE REVISIÓN AVISO", IF(BH21="", "PENDIENTE FIRMA AVISO", IF(BI21="", "PENDIENTE RADICAR AVISO", IF(BL21="", "EN TRÁMITE DE ENTREGA AVISO", IF(BL21="NO", "PUBLICAR AVISO CARTELERA", IF(BL21="SI", "VERIFICAR SI PROCEDE RECURSO", IF(BE21="HACER AVISO", "HACER AVISO", "NO APLICA" )))))))))))) -> NO PROCEDE | BO21: =IF(BN21="NOTIFICACIÓN PERSONAL COMPLETA", "NO PROCEDE AVISO", IF(BR21="SI", "NOTIFICACION POR AVISO TERMINADA", IF(BE21="NO PROCEDE", "NO PROCEDE AVISO", IF(BN21="VERIFICAR SI PROCEDE RECURSO", "NOTIFICACIÓN POR AVISO COMPLETA", "EN TRÁMITE NOTIF. POR AVISO" )))) -> NO PROCEDE AVISO | BQ21: =IF(BP21="","",WORKDAY(BP21,5,FESTIVOS_CO!A:A)) | BS21: NO | BU21: =VLOOKUP(BT21,Hoja2!$C:$D,2,0) -> #N/A | BV21: =IF( AND(AO21="",BD21="",BQ21=""), "EN PROCESO NOTIFICACION / COMUNICACION", IF( BT21="", "NO APLICA", IF( BU21=60, IF(AO21<>"",AO21,IF(BD21<>"",BD21,BQ21))+60, WORKDAY( IF(AO21<>"",AO21,IF(BD21<>"",BD21,BQ21)), BU21, FESTIVOS_CO!A:A ) ) )) -> NO APLICA | CA21: =IF(BW21<>"SI", "PENDIENTE EJECUTORIA", IF(AND(BX21="",BY21="",BZ21=""), "PENDIENTE HACER EJECUTORIA", IF(AND(BX21<>"",BY21="",BZ21=""), "PENDIENTE REVISION EJECUTORIA", IF(AND(BX21<>"",BY21<>"",BZ21=""), "PENDIENTE FIRMA EJECUTORIA", "PROCESO EJECUTORIA TERMINADO" )))) -> PENDIENTE EJECUTORIA | CB21: =IF(CC21="NO", "NO APLICA", IF(CC21="SI", IF(COUNTBLANK(CC21:CH21)>0, "PENDIENTE MEMORANDO", "MEMORANDOS ENVIADOS" ), IF(CI21="NO", "NO APLICA", IF(CI21="SI", IF(COUNTBLANK(CJ21:CN21)>0, "PENDIENTES OFICIOS", "OFICIOS ENVIADOS" ), "" ) ) )) -> NO APLICA | CC21: NO | CI21: NO
A22: =IF( AND(Q22="NO",S22<>"SI"), "TERMINADO PRODUCTO NO CONFORME", IF( AND( COUNTBLANK(AJ22:AO22)=COLUMNS(AJ22:AO22), COUNTBLANK(AQ22:AY22)=COLUMNS(AQ22:AY22), COUNTBLANK(BC22:BD22)=COLUMNS(BC22:BD22), COUNTBLANK(BF22:BM22)=COLUMNS(BF22:BM22), COUNTBLANK(BP22:BR22)=COLUMNS(BP22:BR22) ), "SIN GESTIÓN", IF( AND(BC22<>"",BD22<>"",AO22="",AX22="",BQ22=""), "NOTIFICADO POR CONDUCTA CONCLUYENTE", IF( AI22="NOTIFICACIÓN ELECTRÓNICA EFECTIVA", CA22, IF( OR( AI22="NO PROCEDE NOTIFICACIÓN ELECTRÓNICA", AI22="REALIZAR CITACIÓN", AI22="NOTIFICACIÓN ELECTRÓNICA NO EFECTIVA" ), IF( AZ22="HACER AVISO", IF( OR( BN22="NOTIFICACIÓN POR AVISO TERMINADA", BN22="NOTIFICACIÓN PERSONAL COMPLETA" ), CA22, BN22 ), AZ22 ), AI22 ) ) ) )) -> PENDIENTE FIRMA | B22: Andrés Maestre | C22: 46038 | E22: =IF(AN22="SI", "NOTIFICACIÓN ELECTRÓNICA", IF(AND(BC22<>"",BD22<>""), "NOTIFICACIÓN PERSONAL", IF(BL22="SI", "NOTIFICACIÓN POR AVISO", "PENDIENTE NOTIFICACIÓN" ))) -> PENDIENTE NOTIFICACIÓN | F22: =IF( AND(AN22<>"SI",AW22<>"SI",BL22<>"SI",BC22="",BD22=""), "PENDIENTE NOTIFICACIÓN", IF(AN22="SI", AO22, IF(AW22="SI", AX22, IF(AND(BC22<>"",BD22<>""), BD22, IF(BL22="SI", BQ22, "PENDIENTE NOTIFICACIÓN" ))))) -> PENDIENTE NOTIFICACIÓN | G22: =IF( OR( C22="", F22="PENDIENTE NOTIFICACIÓN", NOT(ISNUMBER(C22)), NOT(ISNUMBER(F22)), F22<C22 ), "", F22-C22 ) | H22: =IF( L22="", "", IF( NETWORKDAYS(L22,IF(M22<>"",M22,TODAY()),FESTIVOS_CO!A:A)>2, "VENCIDO", IF( NETWORKDAYS(L22,IF(M22<>"",M22,TODAY()),FESTIVOS_CO!A:A)=2, "ALERTA", "A TIEMPO" ))) -> VENCIDO | I22: ENVIADO A 4-72 PARA NOTIFICACIÓN ELECTRÓNICA (PENDIENTE PRUEBA DE ENTREGA) | J22: 20252300108487CS | K22: 46009 | L22: 46030 | M22: 46038 | Q22: SI | U22: 230 GRUPO DE SANCIONES | V22: 1169/2024/SAN | W22: NO APLICA | Y22: 79387474 | Z22: RAFAEL FERNANDO PEREIRA BASTIDAS | AA22: CRA 15 No. 124-65 OF M1 ED CORPOCENTRO | AB22: BOGOTA | AC22: rafael.pereira@imextec.net.co | AD22: APERTURA SANCIONATORIA / FORMULACIÓN DE CARGOS | AE22: NO APLICA | AF22: APERTURA | AG22: NO | AI22: =IF(AL22="NO", "REALIZAR CITACIÓN", IF(AND(AJ22="SI",AL22<>"SI",AL22<>"NO"), "PENDIENTE ENTREGA NOTIFICACIÓN ELECTRÓNICA", IF(AND(AJ22="SI",AL22="SI",AN22="SI"), "NOTIFICACIÓN ELECTRÓNICA EFECTIVA", IF(AND(AJ22="",AK22="",AL22="",AM22="",AN22="",AO22=""), "PENDIENTE NOTIFICACIÓN ELECTRÓNICA", IF(AJ22="NO", "NO PROCEDE NOTIFICACIÓN ELECTRÓNICA", IF(AND(AJ22="SI",F22=""), "PENDIENTE ENVÍO NOTIFICACIÓN ELECTRÓNICA", IF(AND(AJ22="SI",TODAY()-F22<=5), "EN ESPERA DE NOTIFICACIÓN ELECTRÓNICA (5 DÍAS)", "NOTIFICACIÓN ELECTRÓNICA NO EFECTIVA" ))))))) -> REALIZAR CITACIÓN | AJ22: SI | AK22: 46038 | AL22: NO | AM22: =IF(AK22="","",WORKDAY(AK22,5,FESTIVOS_CO!A:A)) -> 46045 | AN22: NO | AP22: =IF( ISNUMBER(SEARCH("PENDIENTE",UPPER(AI22))), "NO APLICA", IF( COUNTBLANK(AJ22:AL22)=COUNTA(AJ22:AL22), "NO APLICA", IF( UPPER(AN22)="SI", "NO PROCEDE CITACION", "NOTIFICAR POR CITACION" ) ) ) -> NOTIFICAR POR CITACION | AQ22: AMBAS | AY22: =IF(AU22="","",WORKDAY(AU22,5,FESTIVOS_CO!A:A)) | AZ22: =IF( AND(BB22="SI",BC22<>"",BD22<>""), "NOTIFICACIÓN PERSONAL COMPLETA", IF( AND(AO22="",AX22="",BQ22="",BC22<>"",BD22<>""), "NOTIFICADO POR CONDUCTA CONCLUYENTE", IF(AP22="NO PROCEDE CITACION", "NO PROCEDE", IF(AP22="NO APLICA", "NO APLICA", IF(AW22="NO", "HACER AVISO", IF(AQ22="", "PENDIENTE GESTIONAR CITACIÓN", IF(AS22="", "PENDIENTE FIRMA", IF(AR22="", "PENDIENTE REVISIÓN", IF(AT22="", "PENDIENTE RADICAR", "CITACIÓN COMPLETA EN ESPERA PRESENTACION PERSONAL" ))))))))) -> PENDIENTE FIRMA | BA22: =IF(AX22="","",WORKDAY(AX22,5,FESTIVOS_CO!A:A)) | BE22: =IF(AZ22="NO PROCEDE", "NO PROCEDE",IF(OR(AZ22="HACER AVISO",BB22="NO"), "HACER AVISO", "NO APLICA")) -> NO APLICA | BM22: =IF(BJ22="","",WORKDAY(BJ22,5,FESTIVOS_CO!A:A)) | BN22: =IF( AND(AZ22="CITACIÓN COMPLETA EN ESPERA DE NOTIFICACION PERSONAL",BB22="NO"), "PENDIENTE HACER AVISO", IF(AND(BC22<>"",BD22<>""), "NOTIFICACIÓN PERSONAL COMPLETA", IF(BR22="SI", "NOTIFICACIÓN POR AVISO TERMINADA", IF(BE22="NO PROCEDE", "NO PROCEDE", IF(BF22="", "PENDIENTE HACER AVISO", IF(BG22="", "PENDIENTE REVISIÓN AVISO", IF(BH22="", "PENDIENTE FIRMA AVISO", IF(BI22="", "PENDIENTE RADICAR AVISO", IF(BL22="", "EN TRÁMITE DE ENTREGA AVISO", IF(BL22="NO", "PUBLICAR AVISO CARTELERA", IF(BL22="SI", "VERIFICAR SI PROCEDE RECURSO", IF(BE22="HACER AVISO", "HACER AVISO", "NO APLICA" )))))))))))) -> PENDIENTE HACER AVISO | BO22: =IF(BN22="NOTIFICACIÓN PERSONAL COMPLETA", "NO PROCEDE AVISO", IF(BR22="SI", "NOTIFICACION POR AVISO TERMINADA", IF(BE22="NO PROCEDE", "NO PROCEDE AVISO", IF(BN22="VERIFICAR SI PROCEDE RECURSO", "NOTIFICACIÓN POR AVISO COMPLETA", "EN TRÁMITE NOTIF. POR AVISO" )))) -> EN TRÁMITE NOTIF. POR AVISO | BQ22: =IF(BP22="","",WORKDAY(BP22,5,FESTIVOS_CO!A:A)) | BS22: NO | BU22: =VLOOKUP(BT22,Hoja2!$C:$D,2,0) -> #N/A | BV22: =IF( AND(AO22="",BD22="",BQ22=""), "EN PROCESO NOTIFICACION / COMUNICACION", IF( BT22="", "NO APLICA", IF( BU22=60, IF(AO22<>"",AO22,IF(BD22<>"",BD22,BQ22))+60, WORKDAY( IF(AO22<>"",AO22,IF(BD22<>"",BD22,BQ22)), BU22, FESTIVOS_CO!A:A ) ) )) -> EN PROCESO NOTIFICACION / COMUNICACION | CA22: =IF(BW22<>"SI", "PENDIENTE EJECUTORIA", IF(AND(BX22="",BY22="",BZ22=""), "PENDIENTE HACER EJECUTORIA", IF(AND(BX22<>"",BY22="",BZ22=""), "PENDIENTE REVISION EJECUTORIA", IF(AND(BX22<>"",BY22<>"",BZ22=""), "PENDIENTE FIRMA EJECUTORIA", "PROCESO EJECUTORIA TERMINADO" )))) -> PENDIENTE EJECUTORIA | CB22: =IF(CC22="NO", "NO APLICA", IF(CC22="SI", IF(COUNTBLANK(CC22:CH22)>0, "PENDIENTE MEMORANDO", "MEMORANDOS ENVIADOS" ), IF(CI22="NO", "NO APLICA", IF(CI22="SI", IF(COUNTBLANK(CJ22:CN22)>0, "PENDIENTES OFICIOS", "OFICIOS ENVIADOS" ), "" ) ) )) -> NO APLICA | CC22: NO | CI22: NO
A23: =IF( AND(Q23="NO",S23<>"SI"), "TERMINADO PRODUCTO NO CONFORME", IF( AND( COUNTBLANK(AJ23:AO23)=COLUMNS(AJ23:AO23), COUNTBLANK(AQ23:AY23)=COLUMNS(AQ23:AY23), COUNTBLANK(BC23:BD23)=COLUMNS(BC23:BD23), COUNTBLANK(BF23:BM23)=COLUMNS(BF23:BM23), COUNTBLANK(BP23:BR23)=COLUMNS(BP23:BR23) ), "SIN GESTIÓN", IF( AND(BC23<>"",BD23<>"",AO23="",AX23="",BQ23=""), "NOTIFICADO POR CONDUCTA CONCLUYENTE", IF( AI23="NOTIFICACIÓN ELECTRÓNICA EFECTIVA", CA23, IF( OR( AI23="NO PROCEDE NOTIFICACIÓN ELECTRÓNICA", AI23="REALIZAR CITACIÓN", AI23="NOTIFICACIÓN ELECTRÓNICA NO EFECTIVA" ), IF( AZ23="HACER AVISO", IF( OR( BN23="NOTIFICACIÓN POR AVISO TERMINADA", BN23="NOTIFICACIÓN PERSONAL COMPLETA" ), CA23, BN23 ), AZ23 ), AI23 ) ) ) )) -> PENDIENTE EJECUTORIA | B23: Andrés Maestre | C23: 46038 | E23: =IF(AN23="SI", "NOTIFICACIÓN ELECTRÓNICA", IF(AND(BC23<>"",BD23<>""), "NOTIFICACIÓN PERSONAL", IF(BL23="SI", "NOTIFICACIÓN POR AVISO", "PENDIENTE NOTIFICACIÓN" ))) -> NOTIFICACIÓN ELECTRÓNICA | F23: =IF( AND(AN23<>"SI",AW23<>"SI",BL23<>"SI",BC23="",BD23=""), "PENDIENTE NOTIFICACIÓN", IF(AN23="SI", AO23, IF(AW23="SI", AX23, IF(AND(BC23<>"",BD23<>""), BD23, IF(BL23="SI", BQ23, "PENDIENTE NOTIFICACIÓN" ))))) -> 46038 | G23: =IF( OR( C23="", F23="PENDIENTE NOTIFICACIÓN", NOT(ISNUMBER(C23)), NOT(ISNUMBER(F23)), F23<C23 ), "", F23-C23 ) -> 0 | H23: =IF( L23="", "", IF( NETWORKDAYS(L23,IF(M23<>"",M23,TODAY()),FESTIVOS_CO!A:A)>2, "VENCIDO", IF( NETWORKDAYS(L23,IF(M23<>"",M23,TODAY()),FESTIVOS_CO!A:A)=2, "ALERTA", "A TIEMPO" ))) -> VENCIDO | I23: ENVIADO A 4-72 PARA NOTIFICACIÓN ELECTRÓNICA (PENDIENTE PRUEBA DE ENTREGA) | J23: 20252300108497CS | K23: 46009 | L23: 46030 | M23: 46038 | Q23: SI | U23: 230 GRUPO DE SANCIONES | V23: 1171/2024/SAN | W23: NO APLICA | Y23: 91259562 | Z23: GARCIA MEZA RAUL ARNULFO | AA23: CARRERA 29 # 45 - 94 OFICINA 803 EDIFICIO SEGUROS ATLAS | AB23: BUCARAMANGA | AC23: inselcom@outlook.com | AD23: APERTURA SANCIONATORIA / FORMULACIÓN DE CARGOS | AE23: NO APLICA | AF23: APERTURA | AG23: NO | AI23: =IF(AL23="NO", "REALIZAR CITACIÓN", IF(AND(AJ23="SI",AL23<>"SI",AL23<>"NO"), "PENDIENTE ENTREGA NOTIFICACIÓN ELECTRÓNICA", IF(AND(AJ23="SI",AL23="SI",AN23="SI"), "NOTIFICACIÓN ELECTRÓNICA EFECTIVA", IF(AND(AJ23="",AK23="",AL23="",AM23="",AN23="",AO23=""), "PENDIENTE NOTIFICACIÓN ELECTRÓNICA", IF(AJ23="NO", "NO PROCEDE NOTIFICACIÓN ELECTRÓNICA", IF(AND(AJ23="SI",F23=""), "PENDIENTE ENVÍO NOTIFICACIÓN ELECTRÓNICA", IF(AND(AJ23="SI",TODAY()-F23<=5), "EN ESPERA DE NOTIFICACIÓN ELECTRÓNICA (5 DÍAS)", "NOTIFICACIÓN ELECTRÓNICA NO EFECTIVA" ))))))) -> NOTIFICACIÓN ELECTRÓNICA EFECTIVA | AJ23: SI | AK23: 46038 | AL23: SI | AM23: =IF(AK23="","",WORKDAY(AK23,5,FESTIVOS_CO!A:A)) -> 46045 | AN23: SI | AO23: 46038 | AP23: =IF( ISNUMBER(SEARCH("PENDIENTE",UPPER(AI23))), "NO APLICA", IF( COUNTBLANK(AJ23:AL23)=COUNTA(AJ23:AL23), "NO APLICA", IF( UPPER(AN23)="SI", "NO PROCEDE CITACION", "NOTIFICAR POR CITACION" ) ) ) -> NO PROCEDE CITACION | AY23: =IF(AU23="","",WORKDAY(AU23,5,FESTIVOS_CO!A:A)) | AZ23: =IF( AND(BB23="SI",BC23<>"",BD23<>""), "NOTIFICACIÓN PERSONAL COMPLETA", IF( AND(AO23="",AX23="",BQ23="",BC23<>"",BD23<>""), "NOTIFICADO POR CONDUCTA CONCLUYENTE", IF(AP23="NO PROCEDE CITACION", "NO PROCEDE", IF(AP23="NO APLICA", "NO APLICA", IF(AW23="NO", "HACER AVISO", IF(AQ23="", "PENDIENTE GESTIONAR CITACIÓN", IF(AS23="", "PENDIENTE FIRMA", IF(AR23="", "PENDIENTE REVISIÓN", IF(AT23="", "PENDIENTE RADICAR", "CITACIÓN COMPLETA EN ESPERA PRESENTACION PERSONAL" ))))))))) -> NO PROCEDE | BA23: =IF(AX23="","",WORKDAY(AX23,5,FESTIVOS_CO!A:A)) | BE23: =IF(AZ23="NO PROCEDE", "NO PROCEDE",IF(OR(AZ23="HACER AVISO",BB23="NO"), "HACER AVISO", "NO APLICA")) -> NO PROCEDE | BM23: =IF(BJ23="","",WORKDAY(BJ23,5,FESTIVOS_CO!A:A)) | BN23: =IF( AND(AZ23="CITACIÓN COMPLETA EN ESPERA DE NOTIFICACION PERSONAL",BB23="NO"), "PENDIENTE HACER AVISO", IF(AND(BC23<>"",BD23<>""), "NOTIFICACIÓN PERSONAL COMPLETA", IF(BR23="SI", "NOTIFICACIÓN POR AVISO TERMINADA", IF(BE23="NO PROCEDE", "NO PROCEDE", IF(BF23="", "PENDIENTE HACER AVISO", IF(BG23="", "PENDIENTE REVISIÓN AVISO", IF(BH23="", "PENDIENTE FIRMA AVISO", IF(BI23="", "PENDIENTE RADICAR AVISO", IF(BL23="", "EN TRÁMITE DE ENTREGA AVISO", IF(BL23="NO", "PUBLICAR AVISO CARTELERA", IF(BL23="SI", "VERIFICAR SI PROCEDE RECURSO", IF(BE23="HACER AVISO", "HACER AVISO", "NO APLICA" )))))))))))) -> NO PROCEDE | BO23: =IF(BN23="NOTIFICACIÓN PERSONAL COMPLETA", "NO PROCEDE AVISO", IF(BR23="SI", "NOTIFICACION POR AVISO TERMINADA", IF(BE23="NO PROCEDE", "NO PROCEDE AVISO", IF(BN23="VERIFICAR SI PROCEDE RECURSO", "NOTIFICACIÓN POR AVISO COMPLETA", "EN TRÁMITE NOTIF. POR AVISO" )))) -> NO PROCEDE AVISO | BQ23: =IF(BP23="","",WORKDAY(BP23,5,FESTIVOS_CO!A:A)) | BS23: NO | BU23: =VLOOKUP(BT23,Hoja2!$C:$D,2,0) -> #N/A | BV23: =IF( AND(AO23="",BD23="",BQ23=""), "EN PROCESO NOTIFICACION / COMUNICACION", IF( BT23="", "NO APLICA", IF( BU23=60, IF(AO23<>"",AO23,IF(BD23<>"",BD23,BQ23))+60, WORKDAY( IF(AO23<>"",AO23,IF(BD23<>"",BD23,BQ23)), BU23, FESTIVOS_CO!A:A ) ) )) -> NO APLICA | CA23: =IF(BW23<>"SI", "PENDIENTE EJECUTORIA", IF(AND(BX23="",BY23="",BZ23=""), "PENDIENTE HACER EJECUTORIA", IF(AND(BX23<>"",BY23="",BZ23=""), "PENDIENTE REVISION EJECUTORIA", IF(AND(BX23<>"",BY23<>"",BZ23=""), "PENDIENTE FIRMA EJECUTORIA", "PROCESO EJECUTORIA TERMINADO" )))) -> PENDIENTE EJECUTORIA | CB23: =IF(CC23="NO", "NO APLICA", IF(CC23="SI", IF(COUNTBLANK(CC23:CH23)>0, "PENDIENTE MEMORANDO", "MEMORANDOS ENVIADOS" ), IF(CI23="NO", "NO APLICA", IF(CI23="SI", IF(COUNTBLANK(CJ23:CN23)>0, "PENDIENTES OFICIOS", "OFICIOS ENVIADOS" ), "" ) ) )) -> NO APLICA | CC23: NO | CI23: NO
A24: =IF( AND(Q24="NO",S24<>"SI"), "TERMINADO PRODUCTO NO CONFORME", IF( AND( COUNTBLANK(AJ24:AO24)=COLUMNS(AJ24:AO24), COUNTBLANK(AQ24:AY24)=COLUMNS(AQ24:AY24), COUNTBLANK(BC24:BD24)=COLUMNS(BC24:BD24), COUNTBLANK(BF24:BM24)=COLUMNS(BF24:BM24), COUNTBLANK(BP24:BR24)=COLUMNS(BP24:BR24) ), "SIN GESTIÓN", IF( AND(BC24<>"",BD24<>"",AO24="",AX24="",BQ24=""), "NOTIFICADO POR CONDUCTA CONCLUYENTE", IF( AI24="NOTIFICACIÓN ELECTRÓNICA EFECTIVA", CA24, IF( OR( AI24="NO PROCEDE NOTIFICACIÓN ELECTRÓNICA", AI24="REALIZAR CITACIÓN", AI24="NOTIFICACIÓN ELECTRÓNICA NO EFECTIVA" ), IF( AZ24="HACER AVISO", IF( OR( BN24="NOTIFICACIÓN POR AVISO TERMINADA", BN24="NOTIFICACIÓN PERSONAL COMPLETA" ), CA24, BN24 ), AZ24 ), AI24 ) ) ) )) -> PENDIENTE EJECUTORIA | B24: Andrés Maestre | C24: 46038 | E24: =IF(AN24="SI", "NOTIFICACIÓN ELECTRÓNICA", IF(AND(BC24<>"",BD24<>""), "NOTIFICACIÓN PERSONAL", IF(BL24="SI", "NOTIFICACIÓN POR AVISO", "PENDIENTE NOTIFICACIÓN" ))) -> NOTIFICACIÓN ELECTRÓNICA | F24: =IF( AND(AN24<>"SI",AW24<>"SI",BL24<>"SI",BC24="",BD24=""), "PENDIENTE NOTIFICACIÓN", IF(AN24="SI", AO24, IF(AW24="SI", AX24, IF(AND(BC24<>"",BD24<>""), BD24, IF(BL24="SI", BQ24, "PENDIENTE NOTIFICACIÓN" ))))) -> 46038 | G24: =IF( OR( C24="", F24="PENDIENTE NOTIFICACIÓN", NOT(ISNUMBER(C24)), NOT(ISNUMBER(F24)), F24<C24 ), "", F24-C24 ) -> 0 | H24: =IF( L24="", "", IF( NETWORKDAYS(L24,IF(M24<>"",M24,TODAY()),FESTIVOS_CO!A:A)>2, "VENCIDO", IF( NETWORKDAYS(L24,IF(M24<>"",M24,TODAY()),FESTIVOS_CO!A:A)=2, "ALERTA", "A TIEMPO" ))) -> VENCIDO | I24: ENVIADO A 4-72 PARA NOTIFICACIÓN ELECTRÓNICA (PENDIENTE PRUEBA DE ENTREGA) | J24: 20252300108507CS | K24: 46009 | L24: 46030 | M24: 46038 | Q24: SI | U24: 230 GRUPO DE SANCIONES | V24: 1184/2024/SAN | W24: NO APLICA | Y24: 98618340 | Z24: SILVA ESCUDERO RODRIGO ALONSO | AA24: CALLE 54 34 71 | AB24: MEDELLIN | AC24: silvaalo@yahoo.com | AD24: APERTURA SANCIONATORIA / FORMULACIÓN DE CARGOS | AE24: NO APLICA | AF24: APERTURA | AG24: NO | AI24: =IF(AL24="NO", "REALIZAR CITACIÓN", IF(AND(AJ24="SI",AL24<>"SI",AL24<>"NO"), "PENDIENTE ENTREGA NOTIFICACIÓN ELECTRÓNICA", IF(AND(AJ24="SI",AL24="SI",AN24="SI"), "NOTIFICACIÓN ELECTRÓNICA EFECTIVA", IF(AND(AJ24="",AK24="",AL24="",AM24="",AN24="",AO24=""), "PENDIENTE NOTIFICACIÓN ELECTRÓNICA", IF(AJ24="NO", "NO PROCEDE NOTIFICACIÓN ELECTRÓNICA", IF(AND(AJ24="SI",F24=""), "PENDIENTE ENVÍO NOTIFICACIÓN ELECTRÓNICA", IF(AND(AJ24="SI",TODAY()-F24<=5), "EN ESPERA DE NOTIFICACIÓN ELECTRÓNICA (5 DÍAS)", "NOTIFICACIÓN ELECTRÓNICA NO EFECTIVA" ))))))) -> NOTIFICACIÓN ELECTRÓNICA EFECTIVA | AJ24: SI | AK24: 46038 | AL24: SI | AM24: =IF(AK24="","",WORKDAY(AK24,5,FESTIVOS_CO!A:A)) -> 46045 | AN24: SI | AO24: 46038 | AP24: =IF( ISNUMBER(SEARCH("PENDIENTE",UPPER(AI24))), "NO APLICA", IF( COUNTBLANK(AJ24:AL24)=COUNTA(AJ24:AL24), "NO APLICA", IF( UPPER(AN24)="SI", "NO PROCEDE CITACION", "NOTIFICAR POR CITACION" ) ) ) -> NO PROCEDE CITACION | AY24: =IF(AU24="","",WORKDAY(AU24,5,FESTIVOS_CO!A:A)) | AZ24: =IF( AND(BB24="SI",BC24<>"",BD24<>""), "NOTIFICACIÓN PERSONAL COMPLETA", IF( AND(AO24="",AX24="",BQ24="",BC24<>"",BD24<>""), "NOTIFICADO POR CONDUCTA CONCLUYENTE", IF(AP24="NO PROCEDE CITACION", "NO PROCEDE", IF(AP24="NO APLICA", "NO APLICA", IF(AW24="NO", "HACER AVISO", IF(AQ24="", "PENDIENTE GESTIONAR CITACIÓN", IF(AS24="", "PENDIENTE FIRMA", IF(AR24="", "PENDIENTE REVISIÓN", IF(AT24="", "PENDIENTE RADICAR", "CITACIÓN COMPLETA EN ESPERA PRESENTACION PERSONAL" ))))))))) -> NO PROCEDE | BA24: =IF(AX24="","",WORKDAY(AX24,5,FESTIVOS_CO!A:A)) | BE24: =IF(AZ24="NO PROCEDE", "NO PROCEDE",IF(OR(AZ24="HACER AVISO",BB24="NO"), "HACER AVISO", "NO APLICA")) -> NO PROCEDE | BM24: =IF(BJ24="","",WORKDAY(BJ24,5,FESTIVOS_CO!A:A)) | BN24: =IF( AND(AZ24="CITACIÓN COMPLETA EN ESPERA DE NOTIFICACION PERSONAL",BB24="NO"), "PENDIENTE HACER AVISO", IF(AND(BC24<>"",BD24<>""), "NOTIFICACIÓN PERSONAL COMPLETA", IF(BR24="SI", "NOTIFICACIÓN POR AVISO TERMINADA", IF(BE24="NO PROCEDE", "NO PROCEDE", IF(BF24="", "PENDIENTE HACER AVISO", IF(BG24="", "PENDIENTE REVISIÓN AVISO", IF(BH24="", "PENDIENTE FIRMA AVISO", IF(BI24="", "PENDIENTE RADICAR AVISO", IF(BL24="", "EN TRÁMITE DE ENTREGA AVISO", IF(BL24="NO", "PUBLICAR AVISO CARTELERA", IF(BL24="SI", "VERIFICAR SI PROCEDE RECURSO", IF(BE24="HACER AVISO", "HACER AVISO", "NO APLICA" )))))))))))) -> NO PROCEDE | BO24: =IF(BN24="NOTIFICACIÓN PERSONAL COMPLETA", "NO PROCEDE AVISO", IF(BR24="SI", "NOTIFICACION POR AVISO TERMINADA", IF(BE24="NO PROCEDE", "NO PROCEDE AVISO", IF(BN24="VERIFICAR SI PROCEDE RECURSO", "NOTIFICACIÓN POR AVISO COMPLETA", "EN TRÁMITE NOTIF. POR AVISO" )))) -> NO PROCEDE AVISO | BQ24: =IF(BP24="","",WORKDAY(BP24,5,FESTIVOS_CO!A:A)) | BU24: =VLOOKUP(BT24,Hoja2!$C:$D,2,0) -> #N/A | BV24: =IF( AND(AO24="",BD24="",BQ24=""), "EN PROCESO NOTIFICACION / COMUNICACION", IF( BT24="", "NO APLICA", IF( BU24=60, IF(AO24<>"",AO24,IF(BD24<>"",BD24,BQ24))+60, WORKDAY( IF(AO24<>"",AO24,IF(BD24<>"",BD24,BQ24)), BU24, FESTIVOS_CO!A:A ) ) )) -> NO APLICA | CA24: =IF(BW24<>"SI", "PENDIENTE EJECUTORIA", IF(AND(BX24="",BY24="",BZ24=""), "PENDIENTE HACER EJECUTORIA", IF(AND(BX24<>"",BY24="",BZ24=""), "PENDIENTE REVISION EJECUTORIA", IF(AND(BX24<>"",BY24<>"",BZ24=""), "PENDIENTE FIRMA EJECUTORIA", "PROCESO EJECUTORIA TERMINADO" )))) -> PENDIENTE EJECUTORIA | CB24: =IF(CC24="NO", "NO APLICA", IF(CC24="SI", IF(COUNTBLANK(CC24:CH24)>0, "PENDIENTE MEMORANDO", "MEMORANDOS ENVIADOS" ), IF(CI24="NO", "NO APLICA", IF(CI24="SI", IF(COUNTBLANK(CJ24:CN24)>0, "PENDIENTES OFICIOS", "OFICIOS ENVIADOS" ), "" ) ) ))
A25: =IF( AND(Q25="NO",S25<>"SI"), "TERMINADO PRODUCTO NO CONFORME", IF( AND( COUNTBLANK(AJ25:AO25)=COLUMNS(AJ25:AO25), COUNTBLANK(AQ25:AY25)=COLUMNS(AQ25:AY25), COUNTBLANK(BC25:BD25)=COLUMNS(BC25:BD25), COUNTBLANK(BF25:BM25)=COLUMNS(BF25:BM25), COUNTBLANK(BP25:BR25)=COLUMNS(BP25:BR25) ), "SIN GESTIÓN", IF( AND(BC25<>"",BD25<>"",AO25="",AX25="",BQ25=""), "NOTIFICADO POR CONDUCTA CONCLUYENTE", IF( AI25="NOTIFICACIÓN ELECTRÓNICA EFECTIVA", CA25, IF( OR( AI25="NO PROCEDE NOTIFICACIÓN ELECTRÓNICA", AI25="REALIZAR CITACIÓN", AI25="NOTIFICACIÓN ELECTRÓNICA NO EFECTIVA" ), IF( AZ25="HACER AVISO", IF( OR( BN25="NOTIFICACIÓN POR AVISO TERMINADA", BN25="NOTIFICACIÓN PERSONAL COMPLETA" ), CA25, BN25 ), AZ25 ), AI25 ) ) ) )) -> PENDIENTE GESTIONAR CITACIÓN | B25: Andrés Maestre | C25: 46038 | E25: =IF(AN25="SI", "NOTIFICACIÓN ELECTRÓNICA", IF(AND(BC25<>"",BD25<>""), "NOTIFICACIÓN PERSONAL", IF(BL25="SI", "NOTIFICACIÓN POR AVISO", "PENDIENTE NOTIFICACIÓN" ))) -> PENDIENTE NOTIFICACIÓN | F25: =IF( AND(AN25<>"SI",AW25<>"SI",BL25<>"SI",BC25="",BD25=""), "PENDIENTE NOTIFICACIÓN", IF(AN25="SI", AO25, IF(AW25="SI", AX25, IF(AND(BC25<>"",BD25<>""), BD25, IF(BL25="SI", BQ25, "PENDIENTE NOTIFICACIÓN" ))))) -> PENDIENTE NOTIFICACIÓN | G25: =IF( OR( C25="", F25="PENDIENTE NOTIFICACIÓN", NOT(ISNUMBER(C25)), NOT(ISNUMBER(F25)), F25<C25 ), "", F25-C25 ) | H25: =IF( L25="", "", IF( NETWORKDAYS(L25,IF(M25<>"",M25,TODAY()),FESTIVOS_CO!A:A)>2, "VENCIDO", IF( NETWORKDAYS(L25,IF(M25<>"",M25,TODAY()),FESTIVOS_CO!A:A)=2, "ALERTA", "A TIEMPO" ))) -> VENCIDO | I25: ENVIADO A 4-72 PARA NOTIFICACIÓN ELECTRÓNICA (PENDIENTE PRUEBA DE ENTREGA) | J25: 20252300108517CS | K25: 46009 | L25: 46030 | M25: 46038 | Q25: SI | U25: 230 GRUPO DE SANCIONES | V25: 1290/2024/SAN | W25: NO APLICA | Y25: 811042221 | Z25: THOR INTERNATIONAL S.A.S. | AA25: CL 79B SUR NRO. 50 150 BG 121 | AB25: LA ESTRELLA | AC25: camilo.gonzalez@thorint.com | AD25: APERTURA SANCIONATORIA / FORMULACIÓN DE CARGOS | AE25: NO APLICA | AF25: APERTURA | AG25: NO | AI25: =IF(AL25="NO", "REALIZAR CITACIÓN", IF(AND(AJ25="SI",AL25<>"SI",AL25<>"NO"), "PENDIENTE ENTREGA NOTIFICACIÓN ELECTRÓNICA", IF(AND(AJ25="SI",AL25="SI",AN25="SI"), "NOTIFICACIÓN ELECTRÓNICA EFECTIVA", IF(AND(AJ25="",AK25="",AL25="",AM25="",AN25="",AO25=""), "PENDIENTE NOTIFICACIÓN ELECTRÓNICA", IF(AJ25="NO", "NO PROCEDE NOTIFICACIÓN ELECTRÓNICA", IF(AND(AJ25="SI",F25=""), "PENDIENTE ENVÍO NOTIFICACIÓN ELECTRÓNICA", IF(AND(AJ25="SI",TODAY()-F25<=5), "EN ESPERA DE NOTIFICACIÓN ELECTRÓNICA (5 DÍAS)", "NOTIFICACIÓN ELECTRÓNICA NO EFECTIVA" ))))))) -> REALIZAR CITACIÓN | AJ25: SI | AK25: 46038 | AL25: NO | AM25: =IF(AK25="","",WORKDAY(AK25,5,FESTIVOS_CO!A:A)) -> 46045 | AN25: NO | AP25: =IF( ISNUMBER(SEARCH("PENDIENTE",UPPER(AI25))), "NO APLICA", IF( COUNTBLANK(AJ25:AL25)=COUNTA(AJ25:AL25), "NO APLICA", IF( UPPER(AN25)="SI", "NO PROCEDE CITACION", "NOTIFICAR POR CITACION" ) ) ) -> NOTIFICAR POR CITACION | AY25: =IF(AU25="","",WORKDAY(AU25,5,FESTIVOS_CO!A:A)) | AZ25: =IF( AND(BB25="SI",BC25<>"",BD25<>""), "NOTIFICACIÓN PERSONAL COMPLETA", IF( AND(AO25="",AX25="",BQ25="",BC25<>"",BD25<>""), "NOTIFICADO POR CONDUCTA CONCLUYENTE", IF(AP25="NO PROCEDE CITACION", "NO PROCEDE", IF(AP25="NO APLICA", "NO APLICA", IF(AW25="NO", "HACER AVISO", IF(AQ25="", "PENDIENTE GESTIONAR CITACIÓN", IF(AS25="", "PENDIENTE FIRMA", IF(AR25="", "PENDIENTE REVISIÓN", IF(AT25="", "PENDIENTE RADICAR", "CITACIÓN COMPLETA EN ESPERA PRESENTACION PERSONAL" ))))))))) -> PENDIENTE GESTIONAR CITACIÓN | BA25: =IF(AX25="","",WORKDAY(AX25,5,FESTIVOS_CO!A:A)) | BE25: =IF(AZ25="NO PROCEDE", "NO PROCEDE",IF(OR(AZ25="HACER AVISO",BB25="NO"), "HACER AVISO", "NO APLICA")) -> NO APLICA | BM25: =IF(BJ25="","",WORKDAY(BJ25,5,FESTIVOS_CO!A:A)) | BN25: =IF( AND(AZ25="CITACIÓN COMPLETA EN ESPERA DE NOTIFICACION PERSONAL",BB25="NO"), "PENDIENTE HACER AVISO", IF(AND(BC25<>"",BD25<>""), "NOTIFICACIÓN PERSONAL COMPLETA", IF(BR25="SI", "NOTIFICACIÓN POR AVISO TERMINADA", IF(BE25="NO PROCEDE", "NO PROCEDE", IF(BF25="", "PENDIENTE HACER AVISO", IF(BG25="", "PENDIENTE REVISIÓN AVISO", IF(BH25="", "PENDIENTE FIRMA AVISO", IF(BI25="", "PENDIENTE RADICAR AVISO", IF(BL25="", "EN TRÁMITE DE ENTREGA AVISO", IF(BL25="NO", "PUBLICAR AVISO CARTELERA", IF(BL25="SI", "VERIFICAR SI PROCEDE RECURSO", IF(BE25="HACER AVISO", "HACER AVISO", "NO APLICA" )))))))))))) -> PENDIENTE HACER AVISO | BO25: =IF(BN25="NOTIFICACIÓN PERSONAL COMPLETA", "NO PROCEDE AVISO", IF(BR25="SI", "NOTIFICACION POR AVISO TERMINADA", IF(BE25="NO PROCEDE", "NO PROCEDE AVISO", IF(BN25="VERIFICAR SI PROCEDE RECURSO", "NOTIFICACIÓN POR AVISO COMPLETA", "EN TRÁMITE NOTIF. POR AVISO" )))) -> EN TRÁMITE NOTIF. POR AVISO | BQ25: =IF(BP25="","",WORKDAY(BP25,5,FESTIVOS_CO!A:A)) | BU25: =VLOOKUP(BT25,Hoja2!$C:$D,2,0) -> #N/A | BV25: =IF( AND(AO25="",BD25="",BQ25=""), "EN PROCESO NOTIFICACION / COMUNICACION", IF( BT25="", "NO APLICA", IF( BU25=60, IF(AO25<>"",AO25,IF(BD25<>"",BD25,BQ25))+60, WORKDAY( IF(AO25<>"",AO25,IF(BD25<>"",BD25,BQ25)), BU25, FESTIVOS_CO!A:A ) ) )) -> EN PROCESO NOTIFICACION / COMUNICACION | CA25: =IF(BW25<>"SI", "PENDIENTE EJECUTORIA", IF(AND(BX25="",BY25="",BZ25=""), "PENDIENTE HACER EJECUTORIA", IF(AND(BX25<>"",BY25="",BZ25=""), "PENDIENTE REVISION EJECUTORIA", IF(AND(BX25<>"",BY25<>"",BZ25=""), "PENDIENTE FIRMA EJECUTORIA", "PROCESO EJECUTORIA TERMINADO" )))) -> PENDIENTE EJECUTORIA | CB25: =IF(CC25="NO", "NO APLICA", IF(CC25="SI", IF(COUNTBLANK(CC25:CH25)>0, "PENDIENTE MEMORANDO", "MEMORANDOS ENVIADOS" ), IF(CI25="NO", "NO APLICA", IF(CI25="SI", IF(COUNTBLANK(CJ25:CN25)>0, "PENDIENTES OFICIOS", "OFICIOS ENVIADOS" ), "" ) ) ))
A26: =IF( AND(Q26="NO",S26<>"SI"), "TERMINADO PRODUCTO NO CONFORME", IF( AND( COUNTBLANK(AJ26:AO26)=COLUMNS(AJ26:AO26), COUNTBLANK(AQ26:AY26)=COLUMNS(AQ26:AY26), COUNTBLANK(BC26:BD26)=COLUMNS(BC26:BD26), COUNTBLANK(BF26:BM26)=COLUMNS(BF26:BM26), COUNTBLANK(BP26:BR26)=COLUMNS(BP26:BR26) ), "SIN GESTIÓN", IF( AND(BC26<>"",BD26<>"",AO26="",AX26="",BQ26=""), "NOTIFICADO POR CONDUCTA CONCLUYENTE", IF( AI26="NOTIFICACIÓN ELECTRÓNICA EFECTIVA", CA26, IF( OR( AI26="NO PROCEDE NOTIFICACIÓN ELECTRÓNICA", AI26="REALIZAR CITACIÓN", AI26="NOTIFICACIÓN ELECTRÓNICA NO EFECTIVA" ), IF( AZ26="HACER AVISO", IF( OR( BN26="NOTIFICACIÓN POR AVISO TERMINADA", BN26="NOTIFICACIÓN PERSONAL COMPLETA" ), CA26, BN26 ), AZ26 ), AI26 ) ) ) )) -> TERMINADO PRODUCTO NO CONFORME | B26: Andrés Maestre | C26: 46041 | E26: =IF(AN26="SI", "NOTIFICACIÓN ELECTRÓNICA", IF(AND(BC26<>"",BD26<>""), "NOTIFICACIÓN PERSONAL", IF(BL26="SI", "NOTIFICACIÓN POR AVISO", "PENDIENTE NOTIFICACIÓN" ))) -> PENDIENTE NOTIFICACIÓN | F26: =IF( AND(AN26<>"SI",AW26<>"SI",BL26<>"SI",BC26="",BD26=""), "PENDIENTE NOTIFICACIÓN", IF(AN26="SI", AO26, IF(AW26="SI", AX26, IF(AND(BC26<>"",BD26<>""), BD26, IF(BL26="SI", BQ26, "PENDIENTE NOTIFICACIÓN" ))))) -> PENDIENTE NOTIFICACIÓN | G26: =IF( OR( C26="", F26="PENDIENTE NOTIFICACIÓN", NOT(ISNUMBER(C26)), NOT(ISNUMBER(F26)), F26<C26 ), "", F26-C26 ) | H26: =IF( L26="", "", IF( NETWORKDAYS(L26,IF(M26<>"",M26,TODAY()),FESTIVOS_CO!A:A)>2, "VENCIDO", IF( NETWORKDAYS(L26,IF(M26<>"",M26,TODAY()),FESTIVOS_CO!A:A)=2, "ALERTA", "A TIEMPO" ))) -> VENCIDO | I26: DEVUELTO COMO PRODUCTO NO CONFORME | J26: 20252300108527CS | K26: 46009 | L26: 46030 | M26: 46041 | Q26: NO | R26: ERROR EN EL NIT | S26: NO | V26: 1324/2024/SAN | AG26: NO | AI26: =IF(AL26="NO", "REALIZAR CITACIÓN", IF(AND(AJ26="SI",AL26<>"SI",AL26<>"NO"), "PENDIENTE ENTREGA NOTIFICACIÓN ELECTRÓNICA", IF(AND(AJ26="SI",AL26="SI",AN26="SI"), "NOTIFICACIÓN ELECTRÓNICA EFECTIVA", IF(AND(AJ26="",AK26="",AL26="",AM26="",AN26="",AO26=""), "PENDIENTE NOTIFICACIÓN ELECTRÓNICA", IF(AJ26="NO", "NO PROCEDE NOTIFICACIÓN ELECTRÓNICA", IF(AND(AJ26="SI",F26=""), "PENDIENTE ENVÍO NOTIFICACIÓN ELECTRÓNICA", IF(AND(AJ26="SI",TODAY()-F26<=5), "EN ESPERA DE NOTIFICACIÓN ELECTRÓNICA (5 DÍAS)", "NOTIFICACIÓN ELECTRÓNICA NO EFECTIVA" ))))))) -> PENDIENTE NOTIFICACIÓN ELECTRÓNICA | AM26: =IF(AK26="","",WORKDAY(AK26,5,FESTIVOS_CO!A:A)) | AP26: =IF( ISNUMBER(SEARCH("PENDIENTE",UPPER(AI26))), "NO APLICA", IF( COUNTBLANK(AJ26:AL26)=COUNTA(AJ26:AL26), "NO APLICA", IF( UPPER(AN26)="SI", "NO PROCEDE CITACION", "NOTIFICAR POR CITACION" ) ) ) -> NO APLICA | AY26: =IF(AU26="","",WORKDAY(AU26,5,FESTIVOS_CO!A:A)) | AZ26: =IF( AND(BB26="SI",BC26<>"",BD26<>""), "NOTIFICACIÓN PERSONAL COMPLETA", IF( AND(AO26="",AX26="",BQ26="",BC26<>"",BD26<>""), "NOTIFICADO POR CONDUCTA CONCLUYENTE", IF(AP26="NO PROCEDE CITACION", "NO PROCEDE", IF(AP26="NO APLICA", "NO APLICA", IF(AW26="NO", "HACER AVISO", IF(AQ26="", "PENDIENTE GESTIONAR CITACIÓN", IF(AS26="", "PENDIENTE FIRMA", IF(AR26="", "PENDIENTE REVISIÓN", IF(AT26="", "PENDIENTE RADICAR", "CITACIÓN COMPLETA EN ESPERA PRESENTACION PERSONAL" ))))))))) -> NO APLICA | BA26: =IF(AX26="","",WORKDAY(AX26,5,FESTIVOS_CO!A:A)) | BE26: =IF(AZ26="NO PROCEDE", "NO PROCEDE",IF(OR(AZ26="HACER AVISO",BB26="NO"), "HACER AVISO", "NO APLICA")) -> NO APLICA | BM26: =IF(BJ26="","",WORKDAY(BJ26,5,FESTIVOS_CO!A:A)) | BN26: =IF( AND(AZ26="CITACIÓN COMPLETA EN ESPERA DE NOTIFICACION PERSONAL",BB26="NO"), "PENDIENTE HACER AVISO", IF(AND(BC26<>"",BD26<>""), "NOTIFICACIÓN PERSONAL COMPLETA", IF(BR26="SI", "NOTIFICACIÓN POR AVISO TERMINADA", IF(BE26="NO PROCEDE", "NO PROCEDE", IF(BF26="", "PENDIENTE HACER AVISO", IF(BG26="", "PENDIENTE REVISIÓN AVISO", IF(BH26="", "PENDIENTE FIRMA AVISO", IF(BI26="", "PENDIENTE RADICAR AVISO", IF(BL26="", "EN TRÁMITE DE ENTREGA AVISO", IF(BL26="NO", "PUBLICAR AVISO CARTELERA", IF(BL26="SI", "VERIFICAR SI PROCEDE RECURSO", IF(BE26="HACER AVISO", "HACER AVISO", "NO APLICA" )))))))))))) -> PENDIENTE HACER AVISO | BO26: =IF(BN26="NOTIFICACIÓN PERSONAL COMPLETA", "NO PROCEDE AVISO", IF(BR26="SI", "NOTIFICACION POR AVISO TERMINADA", IF(BE26="NO PROCEDE", "NO PROCEDE AVISO", IF(BN26="VERIFICAR SI PROCEDE RECURSO", "NOTIFICACIÓN POR AVISO COMPLETA", "EN TRÁMITE NOTIF. POR AVISO" )))) -> EN TRÁMITE NOTIF. POR AVISO | BQ26: =IF(BP26="","",WORKDAY(BP26,5,FESTIVOS_CO!A:A)) | BU26: =VLOOKUP(BT26,Hoja2!$C:$D,2,0) -> #N/A | BV26: =IF( AND(AO26="",BD26="",BQ26=""), "EN PROCESO NOTIFICACION / COMUNICACION", IF( BT26="", "NO APLICA", IF( BU26=60, IF(AO26<>"",AO26,IF(BD26<>"",BD26,BQ26))+60, WORKDAY( IF(AO26<>"",AO26,IF(BD26<>"",BD26,BQ26)), BU26, FESTIVOS_CO!A:A ) ) )) -> EN PROCESO NOTIFICACION / COMUNICACION | CA26: =IF(BW26<>"SI", "PENDIENTE EJECUTORIA", IF(AND(BX26="",BY26="",BZ26=""), "PENDIENTE HACER EJECUTORIA", IF(AND(BX26<>"",BY26="",BZ26=""), "PENDIENTE REVISION EJECUTORIA", IF(AND(BX26<>"",BY26<>"",BZ26=""), "PENDIENTE FIRMA EJECUTORIA", "PROCESO EJECUTORIA TERMINADO" )))) -> PENDIENTE EJECUTORIA | CB26: =IF(CC26="NO", "NO APLICA", IF(CC26="SI", IF(COUNTBLANK(CC26:CH26)>0, "PENDIENTE MEMORANDO", "MEMORANDOS ENVIADOS" ), IF(CI26="NO", "NO APLICA", IF(CI26="SI", IF(COUNTBLANK(CJ26:CN26)>0, "PENDIENTES OFICIOS", "OFICIOS ENVIADOS" ), "" ) ) ))
A27: =IF( AND(Q27="NO",S27<>"SI"), "TERMINADO PRODUCTO NO CONFORME", IF( AND( COUNTBLANK(AJ27:AO27)=COLUMNS(AJ27:AO27), COUNTBLANK(AQ27:AY27)=COLUMNS(AQ27:AY27), COUNTBLANK(BC27:BD27)=COLUMNS(BC27:BD27), COUNTBLANK(BF27:BM27)=COLUMNS(BF27:BM27), COUNTBLANK(BP27:BR27)=COLUMNS(BP27:BR27) ), "SIN GESTIÓN", IF( AND(BC27<>"",BD27<>"",AO27="",AX27="",BQ27=""), "NOTIFICADO POR CONDUCTA CONCLUYENTE", IF( AI27="NOTIFICACIÓN ELECTRÓNICA EFECTIVA", CA27, IF( OR( AI27="NO PROCEDE NOTIFICACIÓN ELECTRÓNICA", AI27="REALIZAR CITACIÓN", AI27="NOTIFICACIÓN ELECTRÓNICA NO EFECTIVA" ), IF( AZ27="HACER AVISO", IF( OR( BN27="NOTIFICACIÓN POR AVISO TERMINADA", BN27="NOTIFICACIÓN PERSONAL COMPLETA" ), CA27, BN27 ), AZ27 ), AI27 ) ) ) )) -> PENDIENTE RADICAR | B27: Andrés Maestre | C27: 46043 | E27: =IF(AN27="SI", "NOTIFICACIÓN ELECTRÓNICA", IF(AND(BC27<>"",BD27<>""), "NOTIFICACIÓN PERSONAL", IF(BL27="SI", "NOTIFICACIÓN POR AVISO", "PENDIENTE NOTIFICACIÓN" ))) -> PENDIENTE NOTIFICACIÓN | F27: =IF( AND(AN27<>"SI",AW27<>"SI",BL27<>"SI",BC27="",BD27=""), "PENDIENTE NOTIFICACIÓN", IF(AN27="SI", AO27, IF(AW27="SI", AX27, IF(AND(BC27<>"",BD27<>""), BD27, IF(BL27="SI", BQ27, "PENDIENTE NOTIFICACIÓN" ))))) -> PENDIENTE NOTIFICACIÓN | G27: =IF( OR( C27="", F27="PENDIENTE NOTIFICACIÓN", NOT(ISNUMBER(C27)), NOT(ISNUMBER(F27)), F27<C27 ), "", F27-C27 ) | H27: =IF( L27="", "", IF( NETWORKDAYS(L27,IF(M27<>"",M27,TODAY()),FESTIVOS_CO!A:A)>2, "VENCIDO", IF( NETWORKDAYS(L27,IF(M27<>"",M27,TODAY()),FESTIVOS_CO!A:A)=2, "ALERTA", "A TIEMPO" ))) -> VENCIDO | I27: PENDIENTE ENVIAR CITACION ELECTRONICA | J27: 20252300108537CS | K27: 46009 | L27: 46030 | M27: 46043 | Q27: SI | U27: 230 GRUPO DE SANCIONES | V27: 1290-2024-SAN | W27: NO APLICA | Y27: 900346339 | Z27: ADVANCED POS TECHNOLOGY S A S - EN LIQUIDACION | AA27: CRA 43 A NO 24 A 297 | AB27: BOGOTA | AC27: administracioncol@apt-pos.com | AD27: APERTURA SANCIONATORIA / FORMULACIÓN DE CARGOS | AE27: NO APLICA | AF27: APERTURA | AG27: NO | AI27: =IF(AL27="NO", "REALIZAR CITACIÓN", IF(AND(AJ27="SI",AL27<>"SI",AL27<>"NO"), "PENDIENTE ENTREGA NOTIFICACIÓN ELECTRÓNICA", IF(AND(AJ27="SI",AL27="SI",AN27="SI"), "NOTIFICACIÓN ELECTRÓNICA EFECTIVA", IF(AND(AJ27="",AK27="",AL27="",AM27="",AN27="",AO27=""), "PENDIENTE NOTIFICACIÓN ELECTRÓNICA", IF(AJ27="NO", "NO PROCEDE NOTIFICACIÓN ELECTRÓNICA", IF(AND(AJ27="SI",F27=""), "PENDIENTE ENVÍO NOTIFICACIÓN ELECTRÓNICA", IF(AND(AJ27="SI",TODAY()-F27<=5), "EN ESPERA DE NOTIFICACIÓN ELECTRÓNICA (5 DÍAS)", "NOTIFICACIÓN ELECTRÓNICA NO EFECTIVA" ))))))) -> NO PROCEDE NOTIFICACIÓN ELECTRÓNICA | AJ27: NO | AM27: =IF(AK27="","",WORKDAY(AK27,5,FESTIVOS_CO!A:A)) | AP27: =IF( ISNUMBER(SEARCH("PENDIENTE",UPPER(AI27))), "NO APLICA", IF( COUNTBLANK(AJ27:AL27)=COUNTA(AJ27:AL27), "NO APLICA", IF( UPPER(AN27)="SI", "NO PROCEDE CITACION", "NOTIFICAR POR CITACION" ) ) ) -> NOTIFICAR POR CITACION | AQ27: AMBAS | AR27: 46045 | AS27: 46045 | AY27: =IF(AU27="","",WORKDAY(AU27,5,FESTIVOS_CO!A:A)) | AZ27: =IF( AND(BB27="SI",BC27<>"",BD27<>""), "NOTIFICACIÓN PERSONAL COMPLETA", IF( AND(AO27="",AX27="",BQ27="",BC27<>"",BD27<>""), "NOTIFICADO POR CONDUCTA CONCLUYENTE", IF(AP27="NO PROCEDE CITACION", "NO PROCEDE", IF(AP27="NO APLICA", "NO APLICA", IF(AW27="NO", "HACER AVISO", IF(AQ27="", "PENDIENTE GESTIONAR CITACIÓN", IF(AS27="", "PENDIENTE FIRMA", IF(AR27="", "PENDIENTE REVISIÓN", IF(AT27="", "PENDIENTE RADICAR", "CITACIÓN COMPLETA EN ESPERA PRESENTACION PERSONAL" ))))))))) -> PENDIENTE RADICAR | BA27: =IF(AX27="","",WORKDAY(AX27,5,FESTIVOS_CO!A:A)) | BE27: =IF(AZ27="NO PROCEDE", "NO PROCEDE",IF(OR(AZ27="HACER AVISO",BB27="NO"), "HACER AVISO", "NO APLICA")) -> NO APLICA | BM27: =IF(BJ27="","",WORKDAY(BJ27,5,FESTIVOS_CO!A:A)) | BN27: =IF( AND(AZ27="CITACIÓN COMPLETA EN ESPERA DE NOTIFICACION PERSONAL",BB27="NO"), "PENDIENTE HACER AVISO", IF(AND(BC27<>"",BD27<>""), "NOTIFICACIÓN PERSONAL COMPLETA", IF(BR27="SI", "NOTIFICACIÓN POR AVISO TERMINADA", IF(BE27="NO PROCEDE", "NO PROCEDE", IF(BF27="", "PENDIENTE HACER AVISO", IF(BG27="", "PENDIENTE REVISIÓN AVISO", IF(BH27="", "PENDIENTE FIRMA AVISO", IF(BI27="", "PENDIENTE RADICAR AVISO", IF(BL27="", "EN TRÁMITE DE ENTREGA AVISO", IF(BL27="NO", "PUBLICAR AVISO CARTELERA", IF(BL27="SI", "VERIFICAR SI PROCEDE RECURSO", IF(BE27="HACER AVISO", "HACER AVISO", "NO APLICA" )))))))))))) -> PENDIENTE HACER AVISO | BO27: =IF(BN27="NOTIFICACIÓN PERSONAL COMPLETA", "NO PROCEDE AVISO", IF(BR27="SI", "NOTIFICACION POR AVISO TERMINADA", IF(BE27="NO PROCEDE", "NO PROCEDE AVISO", IF(BN27="VERIFICAR SI PROCEDE RECURSO", "NOTIFICACIÓN POR AVISO COMPLETA", "EN TRÁMITE NOTIF. POR AVISO" )))) -> EN TRÁMITE NOTIF. POR AVISO | BQ27: =IF(BP27="","",WORKDAY(BP27,5,FESTIVOS_CO!A:A)) | BS27: NO | BT27: NO APLICA | BU27: =VLOOKUP(BT27,Hoja2!$C:$D,2,0) -> 0 | BV27: =IF( AND(AO27="",BD27="",BQ27=""), "EN PROCESO NOTIFICACION / COMUNICACION", IF( BT27="", "NO APLICA", IF( BU27=60, IF(AO27<>"",AO27,IF(BD27<>"",BD27,BQ27))+60, WORKDAY( IF(AO27<>"",AO27,IF(BD27<>"",BD27,BQ27)), BU27, FESTIVOS_CO!A:A ) ) )) -> EN PROCESO NOTIFICACION / COMUNICACION | CA27: =IF(BW27<>"SI", "PENDIENTE EJECUTORIA", IF(AND(BX27="",BY27="",BZ27=""), "PENDIENTE HACER EJECUTORIA", IF(AND(BX27<>"",BY27="",BZ27=""), "PENDIENTE REVISION EJECUTORIA", IF(AND(BX27<>"",BY27<>"",BZ27=""), "PENDIENTE FIRMA EJECUTORIA", "PROCESO EJECUTORIA TERMINADO" )))) -> PENDIENTE EJECUTORIA | CB27: =IF(CC27="NO", "NO APLICA", IF(CC27="SI", IF(COUNTBLANK(CC27:CH27)>0, "PENDIENTE MEMORANDO", "MEMORANDOS ENVIADOS" ), IF(CI27="NO", "NO APLICA", IF(CI27="SI", IF(COUNTBLANK(CJ27:CN27)>0, "PENDIENTES OFICIOS", "OFICIOS ENVIADOS" ), "" ) ) )) -> NO APLICA | CC27: NO | CI27: NO
A28: =IF( AND(Q28="NO",S28<>"SI"), "TERMINADO PRODUCTO NO CONFORME", IF( AND( COUNTBLANK(AJ28:AO28)=COLUMNS(AJ28:AO28), COUNTBLANK(AQ28:AY28)=COLUMNS(AQ28:AY28), COUNTBLANK(BC28:BD28)=COLUMNS(BC28:BD28), COUNTBLANK(BF28:BM28)=COLUMNS(BF28:BM28), COUNTBLANK(BP28:BR28)=COLUMNS(BP28:BR28) ), "SIN GESTIÓN", IF( AND(BC28<>"",BD28<>"",AO28="",AX28="",BQ28=""), "NOTIFICADO POR CONDUCTA CONCLUYENTE", IF( AI28="NOTIFICACIÓN ELECTRÓNICA EFECTIVA", CA28, IF( OR( AI28="NO PROCEDE NOTIFICACIÓN ELECTRÓNICA", AI28="REALIZAR CITACIÓN", AI28="NOTIFICACIÓN ELECTRÓNICA NO EFECTIVA" ), IF( AZ28="HACER AVISO", IF( OR( BN28="NOTIFICACIÓN POR AVISO TERMINADA", BN28="NOTIFICACIÓN PERSONAL COMPLETA" ), CA28, BN28 ), AZ28 ), AI28 ) ) ) )) -> PENDIENTE EJECUTORIA | B28: Andrés Maestre | C28: 46041 | E28: =IF(AN28="SI", "NOTIFICACIÓN ELECTRÓNICA", IF(AND(BC28<>"",BD28<>""), "NOTIFICACIÓN PERSONAL", IF(BL28="SI", "NOTIFICACIÓN POR AVISO", "PENDIENTE NOTIFICACIÓN" ))) -> NOTIFICACIÓN ELECTRÓNICA | F28: =IF( AND(AN28<>"SI",AW28<>"SI",BL28<>"SI",BC28="",BD28=""), "PENDIENTE NOTIFICACIÓN", IF(AN28="SI", AO28, IF(AW28="SI", AX28, IF(AND(BC28<>"",BD28<>""), BD28, IF(BL28="SI", BQ28, "PENDIENTE NOTIFICACIÓN" ))))) -> 46041 | G28: =IF( OR( C28="", F28="PENDIENTE NOTIFICACIÓN", NOT(ISNUMBER(C28)), NOT(ISNUMBER(F28)), F28<C28 ), "", F28-C28 ) -> 0 | H28: =IF( L28="", "", IF( NETWORKDAYS(L28,IF(M28<>"",M28,TODAY()),FESTIVOS_CO!A:A)>2, "VENCIDO", IF( NETWORKDAYS(L28,IF(M28<>"",M28,TODAY()),FESTIVOS_CO!A:A)=2, "ALERTA", "A TIEMPO" ))) -> VENCIDO | I28: NOTIFICADO ELECTRÓNICAMENTE | J28: 20254100108547CS | K28: 46009 | L28: 46030 | M28: 46041 | Q28: SI | U28: 410 GRUPO DE PERMISOS DE ESTADO EMPRESARIALES | V28: 2024001799CE | W28: 45420 | Y28: 900126944 | Z28: SEGURIDAD JAMARO LTDA | AA28: AVENIDA 5C NORTE # 24 N - 71 | AB28: CALI | AC28: gerencia@seguridadjamaroltda.com | AD28: CESIÓN E INCLUSIÓN DE NUEVOS SOCIOS, FUSIÓN, LIQUIDACIÓN Y VENTA DE EMPRESA | AE28: NO APLICA | AF28: AUTORIZA | AG28: NO | AI28: =IF(AL28="NO", "REALIZAR CITACIÓN", IF(AND(AJ28="SI",AL28<>"SI",AL28<>"NO"), "PENDIENTE ENTREGA NOTIFICACIÓN ELECTRÓNICA", IF(AND(AJ28="SI",AL28="SI",AN28="SI"), "NOTIFICACIÓN ELECTRÓNICA EFECTIVA", IF(AND(AJ28="",AK28="",AL28="",AM28="",AN28="",AO28=""), "PENDIENTE NOTIFICACIÓN ELECTRÓNICA", IF(AJ28="NO", "NO PROCEDE NOTIFICACIÓN ELECTRÓNICA", IF(AND(AJ28="SI",F28=""), "PENDIENTE ENVÍO NOTIFICACIÓN ELECTRÓNICA", IF(AND(AJ28="SI",TODAY()-F28<=5), "EN ESPERA DE NOTIFICACIÓN ELECTRÓNICA (5 DÍAS)", "NOTIFICACIÓN ELECTRÓNICA NO EFECTIVA" ))))))) -> NOTIFICACIÓN ELECTRÓNICA EFECTIVA | AJ28: SI | AK28: 46041 | AL28: SI | AM28: =IF(AK28="","",WORKDAY(AK28,5,FESTIVOS_CO!A:A)) -> 46048 | AN28: SI | AO28: 46041 | AP28: =IF( ISNUMBER(SEARCH("PENDIENTE",UPPER(AI28))), "NO APLICA", IF( COUNTBLANK(AJ28:AL28)=COUNTA(AJ28:AL28), "NO APLICA", IF( UPPER(AN28)="SI", "NO PROCEDE CITACION", "NOTIFICAR POR CITACION" ) ) ) -> NO PROCEDE CITACION | AY28: =IF(AU28="","",WORKDAY(AU28,5,FESTIVOS_CO!A:A)) | AZ28: =IF( AND(BB28="SI",BC28<>"",BD28<>""), "NOTIFICACIÓN PERSONAL COMPLETA", IF( AND(AO28="",AX28="",BQ28="",BC28<>"",BD28<>""), "NOTIFICADO POR CONDUCTA CONCLUYENTE", IF(AP28="NO PROCEDE CITACION", "NO PROCEDE", IF(AP28="NO APLICA", "NO APLICA", IF(AW28="NO", "HACER AVISO", IF(AQ28="", "PENDIENTE GESTIONAR CITACIÓN", IF(AS28="", "PENDIENTE FIRMA", IF(AR28="", "PENDIENTE REVISIÓN", IF(AT28="", "PENDIENTE RADICAR", "CITACIÓN COMPLETA EN ESPERA PRESENTACION PERSONAL" ))))))))) -> NO PROCEDE | BA28: =IF(AX28="","",WORKDAY(AX28,5,FESTIVOS_CO!A:A)) | BE28: =IF(AZ28="NO PROCEDE", "NO PROCEDE",IF(OR(AZ28="HACER AVISO",BB28="NO"), "HACER AVISO", "NO APLICA")) -> NO PROCEDE | BM28: =IF(BJ28="","",WORKDAY(BJ28,5,FESTIVOS_CO!A:A)) | BN28: =IF( AND(AZ28="CITACIÓN COMPLETA EN ESPERA DE NOTIFICACION PERSONAL",BB28="NO"), "PENDIENTE HACER AVISO", IF(AND(BC28<>"",BD28<>""), "NOTIFICACIÓN PERSONAL COMPLETA", IF(BR28="SI", "NOTIFICACIÓN POR AVISO TERMINADA", IF(BE28="NO PROCEDE", "NO PROCEDE", IF(BF28="", "PENDIENTE HACER AVISO", IF(BG28="", "PENDIENTE REVISIÓN AVISO", IF(BH28="", "PENDIENTE FIRMA AVISO", IF(BI28="", "PENDIENTE RADICAR AVISO", IF(BL28="", "EN TRÁMITE DE ENTREGA AVISO", IF(BL28="NO", "PUBLICAR AVISO CARTELERA", IF(BL28="SI", "VERIFICAR SI PROCEDE RECURSO", IF(BE28="HACER AVISO", "HACER AVISO", "NO APLICA" )))))))))))) -> NO PROCEDE | BO28: =IF(BN28="NOTIFICACIÓN PERSONAL COMPLETA", "NO PROCEDE AVISO", IF(BR28="SI", "NOTIFICACION POR AVISO TERMINADA", IF(BE28="NO PROCEDE", "NO PROCEDE AVISO", IF(BN28="VERIFICAR SI PROCEDE RECURSO", "NOTIFICACIÓN POR AVISO COMPLETA", "EN TRÁMITE NOTIF. POR AVISO" )))) -> NO PROCEDE AVISO | BQ28: =IF(BP28="","",WORKDAY(BP28,5,FESTIVOS_CO!A:A)) | BS28: SI | BT28: RECURSO DE REPOSICION | BU28: =VLOOKUP(BT28,Hoja2!$C:$D,2,0) -> 10 | BV28: =IF( AND(AO28="",BD28="",BQ28=""), "EN PROCESO NOTIFICACION / COMUNICACION", IF( BT28="", "NO APLICA", IF( BU28=60, IF(AO28<>"",AO28,IF(BD28<>"",BD28,BQ28))+60, WORKDAY( IF(AO28<>"",AO28,IF(BD28<>"",BD28,BQ28)), BU28, FESTIVOS_CO!A:A ) ) )) -> 46055 | CA28: =IF(BW28<>"SI", "PENDIENTE EJECUTORIA", IF(AND(BX28="",BY28="",BZ28=""), "PENDIENTE HACER EJECUTORIA", IF(AND(BX28<>"",BY28="",BZ28=""), "PENDIENTE REVISION EJECUTORIA", IF(AND(BX28<>"",BY28<>"",BZ28=""), "PENDIENTE FIRMA EJECUTORIA", "PROCESO EJECUTORIA TERMINADO" )))) -> PENDIENTE EJECUTORIA | CB28: =IF(CC28="NO", "NO APLICA", IF(CC28="SI", IF(COUNTBLANK(CC28:CH28)>0, "PENDIENTE MEMORANDO", "MEMORANDOS ENVIADOS" ), IF(CI28="NO", "NO APLICA", IF(CI28="SI", IF(COUNTBLANK(CJ28:CN28)>0, "PENDIENTES OFICIOS", "OFICIOS ENVIADOS" ), "" ) ) )) -> NO APLICA | CC28: NO | CI28: NO
A29: =IF( AND(Q29="NO",S29<>"SI"), "TERMINADO PRODUCTO NO CONFORME", IF( AND( COUNTBLANK(AJ29:AO29)=COLUMNS(AJ29:AO29), COUNTBLANK(AQ29:AY29)=COLUMNS(AQ29:AY29), COUNTBLANK(BC29:BD29)=COLUMNS(BC29:BD29), COUNTBLANK(BF29:BM29)=COLUMNS(BF29:BM29), COUNTBLANK(BP29:BR29)=COLUMNS(BP29:BR29) ), "SIN GESTIÓN", IF( AND(BC29<>"",BD29<>"",AO29="",AX29="",BQ29=""), "NOTIFICADO POR CONDUCTA CONCLUYENTE", IF( AI29="NOTIFICACIÓN ELECTRÓNICA EFECTIVA", CA29, IF( OR( AI29="NO PROCEDE NOTIFICACIÓN ELECTRÓNICA", AI29="REALIZAR CITACIÓN", AI29="NOTIFICACIÓN ELECTRÓNICA NO EFECTIVA" ), IF( AZ29="HACER AVISO", IF( OR( BN29="NOTIFICACIÓN POR AVISO TERMINADA", BN29="NOTIFICACIÓN PERSONAL COMPLETA" ), CA29, BN29 ), AZ29 ), AI29 ) ) ) )) -> PENDIENTE EJECUTORIA | B29: Andrés Maestre | C29: 46041 | E29: =IF(AN29="SI", "NOTIFICACIÓN ELECTRÓNICA", IF(AND(BC29<>"",BD29<>""), "NOTIFICACIÓN PERSONAL", IF(BL29="SI", "NOTIFICACIÓN POR AVISO", "PENDIENTE NOTIFICACIÓN" ))) -> NOTIFICACIÓN ELECTRÓNICA | F29: =IF( AND(AN29<>"SI",AW29<>"SI",BL29<>"SI",BC29="",BD29=""), "PENDIENTE NOTIFICACIÓN", IF(AN29="SI", AO29, IF(AW29="SI", AX29, IF(AND(BC29<>"",BD29<>""), BD29, IF(BL29="SI", BQ29, "PENDIENTE NOTIFICACIÓN" ))))) -> 0 | G29: =IF( OR( C29="", F29="PENDIENTE NOTIFICACIÓN", NOT(ISNUMBER(C29)), NOT(ISNUMBER(F29)), F29<C29 ), "", F29-C29 ) | H29: =IF( L29="", "", IF( NETWORKDAYS(L29,IF(M29<>"",M29,TODAY()),FESTIVOS_CO!A:A)>2, "VENCIDO", IF( NETWORKDAYS(L29,IF(M29<>"",M29,TODAY()),FESTIVOS_CO!A:A)=2, "ALERTA", "A TIEMPO" ))) -> VENCIDO | I29: NOTIFICADO ELECTRÓNICAMENTE | J29: 20254100108557CS | K29: 46009 | L29: 46030 | M29: 46041 | Q29: SI | U29: 410 GRUPO DE PERMISOS DE ESTADO EMPRESARIALES | V29: 2025015099CE | W29: NO APARECE | Y29: 800010866 | Z29: EXPERTOS SEGURIDAD LTDA | AA29: CIRCULAR 4 69 18 | AB29: MEDELLIN | AC29: notificaciones@expertoseguridad.com.co contacto@expertoseguridad.com.co | AD29: REGISTRO / MODIFICACIÓN DE UNIFORMES PARA LOS SERVICIOS DE VIGILANCIA Y SEGURIDAD PRIVADA. | AE29: NO APLICA | AF29: AUTORIZA | AG29: NO | AI29: =IF(AL29="NO", "REALIZAR CITACIÓN", IF(AND(AJ29="SI",AL29<>"SI",AL29<>"NO"), "PENDIENTE ENTREGA NOTIFICACIÓN ELECTRÓNICA", IF(AND(AJ29="SI",AL29="SI",AN29="SI"), "NOTIFICACIÓN ELECTRÓNICA EFECTIVA", IF(AND(AJ29="",AK29="",AL29="",AM29="",AN29="",AO29=""), "PENDIENTE NOTIFICACIÓN ELECTRÓNICA", IF(AJ29="NO", "NO PROCEDE NOTIFICACIÓN ELECTRÓNICA", IF(AND(AJ29="SI",F29=""), "PENDIENTE ENVÍO NOTIFICACIÓN ELECTRÓNICA", IF(AND(AJ29="SI",TODAY()-F29<=5), "EN ESPERA DE NOTIFICACIÓN ELECTRÓNICA (5 DÍAS)", "NOTIFICACIÓN ELECTRÓNICA NO EFECTIVA" ))))))) -> NOTIFICACIÓN ELECTRÓNICA EFECTIVA | AJ29: SI | AK29: 46041 | AL29: SI | AM29: =IF(AK29="","",WORKDAY(AK29,5,FESTIVOS_CO!A:A)) -> 46048 | AN29: SI | AP29: =IF( ISNUMBER(SEARCH("PENDIENTE",UPPER(AI29))), "NO APLICA", IF( COUNTBLANK(AJ29:AL29)=COUNTA(AJ29:AL29), "NO APLICA", IF( UPPER(AN29)="SI", "NO PROCEDE CITACION", "NOTIFICAR POR CITACION" ) ) ) -> NO PROCEDE CITACION | AY29: =IF(AU29="","",WORKDAY(AU29,5,FESTIVOS_CO!A:A)) | AZ29: =IF( AND(BB29="SI",BC29<>"",BD29<>""), "NOTIFICACIÓN PERSONAL COMPLETA", IF( AND(AO29="",AX29="",BQ29="",BC29<>"",BD29<>""), "NOTIFICADO POR CONDUCTA CONCLUYENTE", IF(AP29="NO PROCEDE CITACION", "NO PROCEDE", IF(AP29="NO APLICA", "NO APLICA", IF(AW29="NO", "HACER AVISO", IF(AQ29="", "PENDIENTE GESTIONAR CITACIÓN", IF(AS29="", "PENDIENTE FIRMA", IF(AR29="", "PENDIENTE REVISIÓN", IF(AT29="", "PENDIENTE RADICAR", "CITACIÓN COMPLETA EN ESPERA PRESENTACION PERSONAL" ))))))))) -> NO PROCEDE | BA29: =IF(AX29="","",WORKDAY(AX29,5,FESTIVOS_CO!A:A)) | BE29: =IF(AZ29="NO PROCEDE", "NO PROCEDE",IF(OR(AZ29="HACER AVISO",BB29="NO"), "HACER AVISO", "NO APLICA")) -> NO PROCEDE | BM29: =IF(BJ29="","",WORKDAY(BJ29,5,FESTIVOS_CO!A:A)) | BN29: =IF( AND(AZ29="CITACIÓN COMPLETA EN ESPERA DE NOTIFICACION PERSONAL",BB29="NO"), "PENDIENTE HACER AVISO", IF(AND(BC29<>"",BD29<>""), "NOTIFICACIÓN PERSONAL COMPLETA", IF(BR29="SI", "NOTIFICACIÓN POR AVISO TERMINADA", IF(BE29="NO PROCEDE", "NO PROCEDE", IF(BF29="", "PENDIENTE HACER AVISO", IF(BG29="", "PENDIENTE REVISIÓN AVISO", IF(BH29="", "PENDIENTE FIRMA AVISO", IF(BI29="", "PENDIENTE RADICAR AVISO", IF(BL29="", "EN TRÁMITE DE ENTREGA AVISO", IF(BL29="NO", "PUBLICAR AVISO CARTELERA", IF(BL29="SI", "VERIFICAR SI PROCEDE RECURSO", IF(BE29="HACER AVISO", "HACER AVISO", "NO APLICA" )))))))))))) -> NO PROCEDE | BO29: =IF(BN29="NOTIFICACIÓN PERSONAL COMPLETA", "NO PROCEDE AVISO", IF(BR29="SI", "NOTIFICACION POR AVISO TERMINADA", IF(BE29="NO PROCEDE", "NO PROCEDE AVISO", IF(BN29="VERIFICAR SI PROCEDE RECURSO", "NOTIFICACIÓN POR AVISO COMPLETA", "EN TRÁMITE NOTIF. POR AVISO" )))) -> NO PROCEDE AVISO | BQ29: =IF(BP29="","",WORKDAY(BP29,5,FESTIVOS_CO!A:A)) | BS29: SI | BT29: RECURSO DE REPOSICION | BU29: =VLOOKUP(BT29,Hoja2!$C:$D,2,0) -> 10 | BV29: =IF( AND(AO29="",BD29="",BQ29=""), "EN PROCESO NOTIFICACION / COMUNICACION", IF( BT29="", "NO APLICA", IF( BU29=60, IF(AO29<>"",AO29,IF(BD29<>"",BD29,BQ29))+60, WORKDAY( IF(AO29<>"",AO29,IF(BD29<>"",BD29,BQ29)), BU29, FESTIVOS_CO!A:A ) ) )) -> EN PROCESO NOTIFICACION / COMUNICACION | CA29: =IF(BW29<>"SI", "PENDIENTE EJECUTORIA", IF(AND(BX29="",BY29="",BZ29=""), "PENDIENTE HACER EJECUTORIA", IF(AND(BX29<>"",BY29="",BZ29=""), "PENDIENTE REVISION EJECUTORIA", IF(AND(BX29<>"",BY29<>"",BZ29=""), "PENDIENTE FIRMA EJECUTORIA", "PROCESO EJECUTORIA TERMINADO" )))) -> PENDIENTE EJECUTORIA | CB29: =IF(CC29="NO", "NO APLICA", IF(CC29="SI", IF(COUNTBLANK(CC29:CH29)>0, "PENDIENTE MEMORANDO", "MEMORANDOS ENVIADOS" ), IF(CI29="NO", "NO APLICA", IF(CI29="SI", IF(COUNTBLANK(CJ29:CN29)>0, "PENDIENTES OFICIOS", "OFICIOS ENVIADOS" ), "" ) ) )) -> NO APLICA | CC29: NO | CI29: NO
A30: =IF( AND(Q30="NO",S30<>"SI"), "TERMINADO PRODUCTO NO CONFORME", IF( AND( COUNTBLANK(AJ30:AO30)=COLUMNS(AJ30:AO30), COUNTBLANK(AQ30:AY30)=COLUMNS(AQ30:AY30), COUNTBLANK(BC30:BD30)=COLUMNS(BC30:BD30), COUNTBLANK(BF30:BM30)=COLUMNS(BF30:BM30), COUNTBLANK(BP30:BR30)=COLUMNS(BP30:BR30) ), "SIN GESTIÓN", IF( AND(BC30<>"",BD30<>"",AO30="",AX30="",BQ30=""), "NOTIFICADO POR CONDUCTA CONCLUYENTE", IF( AI30="NOTIFICACIÓN ELECTRÓNICA EFECTIVA", CA30, IF( OR( AI30="NO PROCEDE NOTIFICACIÓN ELECTRÓNICA", AI30="REALIZAR CITACIÓN", AI30="NOTIFICACIÓN ELECTRÓNICA NO EFECTIVA" ), IF( AZ30="HACER AVISO", IF( OR( BN30="NOTIFICACIÓN POR AVISO TERMINADA", BN30="NOTIFICACIÓN PERSONAL COMPLETA" ), CA30, BN30 ), AZ30 ), AI30 ) ) ) )) -> PENDIENTE EJECUTORIA | B30: Andrés Maestre | C30: 46041 | E30: =IF(AN30="SI", "NOTIFICACIÓN ELECTRÓNICA", IF(AND(BC30<>"",BD30<>""), "NOTIFICACIÓN PERSONAL", IF(BL30="SI", "NOTIFICACIÓN POR AVISO", "PENDIENTE NOTIFICACIÓN" ))) -> NOTIFICACIÓN ELECTRÓNICA | F30: =IF( AND(AN30<>"SI",AW30<>"SI",BL30<>"SI",BC30="",BD30=""), "PENDIENTE NOTIFICACIÓN", IF(AN30="SI", AO30, IF(AW30="SI", AX30, IF(AND(BC30<>"",BD30<>""), BD30, IF(BL30="SI", BQ30, "PENDIENTE NOTIFICACIÓN" ))))) -> 0 | G30: =IF( OR( C30="", F30="PENDIENTE NOTIFICACIÓN", NOT(ISNUMBER(C30)), NOT(ISNUMBER(F30)), F30<C30 ), "", F30-C30 ) | H30: =IF( L30="", "", IF( NETWORKDAYS(L30,IF(M30<>"",M30,TODAY()),FESTIVOS_CO!A:A)>2, "VENCIDO", IF( NETWORKDAYS(L30,IF(M30<>"",M30,TODAY()),FESTIVOS_CO!A:A)=2, "ALERTA", "A TIEMPO" ))) -> VENCIDO | I30: NOTIFICADO ELECTRÓNICAMENTE | J30: 20254100108567CS | K30: 46009 | L30: 46030 | M30: 46041 | Q30: SI | U30: 410 GRUPO DE PERMISOS DE ESTADO EMPRESARIALES | V30: 2025016067CE | W30: 45944 | Y30: 800238372 | Z30: PROTEGER SEGURIDAD LIMITADA | AA30: CL 72 No 39 - 123 | AB30: BARRANQUILLA | AC30: gerencia@protegerseguridad.com | AD30: CORRIGE ACTO ADMINISTRATIVO | AE30: NO APLICA | AF30: MODIFICA | AG30: NO | AI30: =IF(AL30="NO", "REALIZAR CITACIÓN", IF(AND(AJ30="SI",AL30<>"SI",AL30<>"NO"), "PENDIENTE ENTREGA NOTIFICACIÓN ELECTRÓNICA", IF(AND(AJ30="SI",AL30="SI",AN30="SI"), "NOTIFICACIÓN ELECTRÓNICA EFECTIVA", IF(AND(AJ30="",AK30="",AL30="",AM30="",AN30="",AO30=""), "PENDIENTE NOTIFICACIÓN ELECTRÓNICA", IF(AJ30="NO", "NO PROCEDE NOTIFICACIÓN ELECTRÓNICA", IF(AND(AJ30="SI",F30=""), "PENDIENTE ENVÍO NOTIFICACIÓN ELECTRÓNICA", IF(AND(AJ30="SI",TODAY()-F30<=5), "EN ESPERA DE NOTIFICACIÓN ELECTRÓNICA (5 DÍAS)", "NOTIFICACIÓN ELECTRÓNICA NO EFECTIVA" ))))))) -> NOTIFICACIÓN ELECTRÓNICA EFECTIVA | AJ30: SI | AK30: 46041 | AL30: SI | AM30: =IF(AK30="","",WORKDAY(AK30,5,FESTIVOS_CO!A:A)) -> 46048 | AN30: SI | AP30: =IF( ISNUMBER(SEARCH("PENDIENTE",UPPER(AI30))), "NO APLICA", IF( COUNTBLANK(AJ30:AL30)=COUNTA(AJ30:AL30), "NO APLICA", IF( UPPER(AN30)="SI", "NO PROCEDE CITACION", "NOTIFICAR POR CITACION" ) ) ) -> NO PROCEDE CITACION | AY30: =IF(AU30="","",WORKDAY(AU30,5,FESTIVOS_CO!A:A)) | AZ30: =IF( AND(BB30="SI",BC30<>"",BD30<>""), "NOTIFICACIÓN PERSONAL COMPLETA", IF( AND(AO30="",AX30="",BQ30="",BC30<>"",BD30<>""), "NOTIFICADO POR CONDUCTA CONCLUYENTE", IF(AP30="NO PROCEDE CITACION", "NO PROCEDE", IF(AP30="NO APLICA", "NO APLICA", IF(AW30="NO", "HACER AVISO", IF(AQ30="", "PENDIENTE GESTIONAR CITACIÓN", IF(AS30="", "PENDIENTE FIRMA", IF(AR30="", "PENDIENTE REVISIÓN", IF(AT30="", "PENDIENTE RADICAR", "CITACIÓN COMPLETA EN ESPERA PRESENTACION PERSONAL" ))))))))) -> NO PROCEDE | BA30: =IF(AX30="","",WORKDAY(AX30,5,FESTIVOS_CO!A:A)) | BE30: =IF(AZ30="NO PROCEDE", "NO PROCEDE",IF(OR(AZ30="HACER AVISO",BB30="NO"), "HACER AVISO", "NO APLICA")) -> NO PROCEDE | BM30: =IF(BJ30="","",WORKDAY(BJ30,5,FESTIVOS_CO!A:A)) | BN30: =IF( AND(AZ30="CITACIÓN COMPLETA EN ESPERA DE NOTIFICACION PERSONAL",BB30="NO"), "PENDIENTE HACER AVISO", IF(AND(BC30<>"",BD30<>""), "NOTIFICACIÓN PERSONAL COMPLETA", IF(BR30="SI", "NOTIFICACIÓN POR AVISO TERMINADA", IF(BE30="NO PROCEDE", "NO PROCEDE", IF(BF30="", "PENDIENTE HACER AVISO", IF(BG30="", "PENDIENTE REVISIÓN AVISO", IF(BH30="", "PENDIENTE FIRMA AVISO", IF(BI30="", "PENDIENTE RADICAR AVISO", IF(BL30="", "EN TRÁMITE DE ENTREGA AVISO", IF(BL30="NO", "PUBLICAR AVISO CARTELERA", IF(BL30="SI", "VERIFICAR SI PROCEDE RECURSO", IF(BE30="HACER AVISO", "HACER AVISO", "NO APLICA" )))))))))))) -> NO PROCEDE | BO30: =IF(BN30="NOTIFICACIÓN PERSONAL COMPLETA", "NO PROCEDE AVISO", IF(BR30="SI", "NOTIFICACION POR AVISO TERMINADA", IF(BE30="NO PROCEDE", "NO PROCEDE AVISO", IF(BN30="VERIFICAR SI PROCEDE RECURSO", "NOTIFICACIÓN POR AVISO COMPLETA", "EN TRÁMITE NOTIF. POR AVISO" )))) -> NO PROCEDE AVISO | BQ30: =IF(BP30="","",WORKDAY(BP30,5,FESTIVOS_CO!A:A)) | BS30: NO | BT30: NO APLICA | BU30: =VLOOKUP(BT30,Hoja2!$C:$D,2,0) -> 0 | BV30: =IF( AND(AO30="",BD30="",BQ30=""), "EN PROCESO NOTIFICACION / COMUNICACION", IF( BT30="", "NO APLICA", IF( BU30=60, IF(AO30<>"",AO30,IF(BD30<>"",BD30,BQ30))+60, WORKDAY( IF(AO30<>"",AO30,IF(BD30<>"",BD30,BQ30)), BU30, FESTIVOS_CO!A:A ) ) )) -> EN PROCESO NOTIFICACION / COMUNICACION | CA30: =IF(BW30<>"SI", "PENDIENTE EJECUTORIA", IF(AND(BX30="",BY30="",BZ30=""), "PENDIENTE HACER EJECUTORIA", IF(AND(BX30<>"",BY30="",BZ30=""), "PENDIENTE REVISION EJECUTORIA", IF(AND(BX30<>"",BY30<>"",BZ30=""), "PENDIENTE FIRMA EJECUTORIA", "PROCESO EJECUTORIA TERMINADO" )))) -> PENDIENTE EJECUTORIA | CB30: =IF(CC30="NO", "NO APLICA", IF(CC30="SI", IF(COUNTBLANK(CC30:CH30)>0, "PENDIENTE MEMORANDO", "MEMORANDOS ENVIADOS" ), IF(CI30="NO", "NO APLICA", IF(CI30="SI", IF(COUNTBLANK(CJ30:CN30)>0, "PENDIENTES OFICIOS", "OFICIOS ENVIADOS" ), "" ) ) )) -> NO APLICA | CC30: NO | CI30: NO
A31: =IF( AND(Q31="NO",S31<>"SI"), "TERMINADO PRODUCTO NO CONFORME", IF( AND( COUNTBLANK(AJ31:AO31)=COLUMNS(AJ31:AO31), COUNTBLANK(AQ31:AY31)=COLUMNS(AQ31:AY31), COUNTBLANK(BC31:BD31)=COLUMNS(BC31:BD31), COUNTBLANK(BF31:BM31)=COLUMNS(BF31:BM31), COUNTBLANK(BP31:BR31)=COLUMNS(BP31:BR31) ), "SIN GESTIÓN", IF( AND(BC31<>"",BD31<>"",AO31="",AX31="",BQ31=""), "NOTIFICADO POR CONDUCTA CONCLUYENTE", IF( AI31="NOTIFICACIÓN ELECTRÓNICA EFECTIVA", CA31, IF( OR( AI31="NO PROCEDE NOTIFICACIÓN ELECTRÓNICA", AI31="REALIZAR CITACIÓN", AI31="NOTIFICACIÓN ELECTRÓNICA NO EFECTIVA" ), IF( AZ31="HACER AVISO", IF( OR( BN31="NOTIFICACIÓN POR AVISO TERMINADA", BN31="NOTIFICACIÓN PERSONAL COMPLETA" ), CA31, BN31 ), AZ31 ), AI31 ) ) ) )) -> CITACIÓN COMPLETA EN ESPERA PRESENTACION PERSONAL | B31: Daniel Torres | C31: 46031 | D31: 46031 | E31: =IF(AN31="SI", "NOTIFICACIÓN ELECTRÓNICA", IF(AND(BC31<>"",BD31<>""), "NOTIFICACIÓN PERSONAL", IF(BL31="SI", "NOTIFICACIÓN POR AVISO", "PENDIENTE NOTIFICACIÓN" ))) -> NOTIFICACIÓN POR AVISO | F31: =IF( AND(AN31<>"SI",AW31<>"SI",BL31<>"SI",BC31="",BD31=""), "PENDIENTE NOTIFICACIÓN", IF(AN31="SI", AO31, IF(AW31="SI", AX31, IF(AND(BC31<>"",BD31<>""), BD31, IF(BL31="SI", BQ31, "PENDIENTE NOTIFICACIÓN" ))))) -> 46037 | G31: =IF( OR( C31="", F31="PENDIENTE NOTIFICACIÓN", NOT(ISNUMBER(C31)), NOT(ISNUMBER(F31)), F31<C31 ), "", F31-C31 ) -> 6 | H31: =IF( L31="", "", IF( NETWORKDAYS(L31,IF(M31<>"",M31,TODAY()),FESTIVOS_CO!A:A)>2, "VENCIDO", IF( NETWORKDAYS(L31,IF(M31<>"",M31,TODAY()),FESTIVOS_CO!A:A)=2, "ALERTA", "A TIEMPO" ))) -> ALERTA | I31: 12/02/2026 - EJECUTORIA | J31: 20254100108577CS | K31: 46009 | L31: 46030 | M31: 46031 | Q31: SI | U31: 410 GRUPO DE PERMISOS DE ESTADO EMPRESARIALES | V31: 2025014735CE | W31: 45929 | Y31: 830092726 | Z31: SINAT LTDA. | AA31: CLL 59 NO. 47 - 21 | AB31: BOGOTÁ, D.C. | AC31: segsinat@gmail.com | AD31: CESIÓN E INCLUSIÓN DE NUEVOS SOCIOS, FUSIÓN, LIQUIDACIÓN Y VENTA DE EMPRESA | AE31: NO APLICA | AF31: AUTORIZA | AG31: NO | AI31: =IF(AL31="NO", "REALIZAR CITACIÓN", IF(AND(AJ31="SI",AL31<>"SI",AL31<>"NO"), "PENDIENTE ENTREGA NOTIFICACIÓN ELECTRÓNICA", IF(AND(AJ31="SI",AL31="SI",AN31="SI"), "NOTIFICACIÓN ELECTRÓNICA EFECTIVA", IF(AND(AJ31="",AK31="",AL31="",AM31="",AN31="",AO31=""), "PENDIENTE NOTIFICACIÓN ELECTRÓNICA", IF(AJ31="NO", "NO PROCEDE NOTIFICACIÓN ELECTRÓNICA", IF(AND(AJ31="SI",F31=""), "PENDIENTE ENVÍO NOTIFICACIÓN ELECTRÓNICA", IF(AND(AJ31="SI",TODAY()-F31<=5), "EN ESPERA DE NOTIFICACIÓN ELECTRÓNICA (5 DÍAS)", "NOTIFICACIÓN ELECTRÓNICA NO EFECTIVA" ))))))) -> NO PROCEDE NOTIFICACIÓN ELECTRÓNICA | AJ31: NO | AM31: =IF(AK31="","",WORKDAY(AK31,5,FESTIVOS_CO!A:A)) | AP31: =IF( ISNUMBER(SEARCH("PENDIENTE",UPPER(AI31))), "NO APLICA", IF( COUNTBLANK(AJ31:AL31)=COUNTA(AJ31:AL31), "NO APLICA", IF( UPPER(AN31)="SI", "NO PROCEDE CITACION", "NOTIFICAR POR CITACION" ) ) ) -> NOTIFICAR POR CITACION | AQ31: AMBAS | AR31: 46035 | AS31: 46036 | AT31: 20263700001431CS | AU31: 46036 | AV31: RA551729738CO | AW31: SI | AX31: 46037 | AY31: =IF(AU31="","",WORKDAY(AU31,5,FESTIVOS_CO!A:A)) -> 46043 | AZ31: =IF( AND(BB31="SI",BC31<>"",BD31<>""), "NOTIFICACIÓN PERSONAL COMPLETA", IF( AND(AO31="",AX31="",BQ31="",BC31<>"",BD31<>""), "NOTIFICADO POR CONDUCTA CONCLUYENTE", IF(AP31="NO PROCEDE CITACION", "NO PROCEDE", IF(AP31="NO APLICA", "NO APLICA", IF(AW31="NO", "HACER AVISO", IF(AQ31="", "PENDIENTE GESTIONAR CITACIÓN", IF(AS31="", "PENDIENTE FIRMA", IF(AR31="", "PENDIENTE REVISIÓN", IF(AT31="", "PENDIENTE RADICAR", "CITACIÓN COMPLETA EN ESPERA PRESENTACION PERSONAL" ))))))))) -> CITACIÓN COMPLETA EN ESPERA PRESENTACION PERSONAL | BA31: =IF(AX31="","",WORKDAY(AX31,5,FESTIVOS_CO!A:A)) -> 46044 | BB31: NO | BE31: =IF(AZ31="NO PROCEDE", "NO PROCEDE",IF(OR(AZ31="HACER AVISO",BB31="NO"), "HACER AVISO", "NO APLICA")) -> HACER AVISO | BF31: 46048 | BG31: 46048 | BH31: 46049 | BI31: 20263700013191CS | BJ31: 46050 | BK31: RA552723011CO | BL31: SI | BM31: =IF(BJ31="","",WORKDAY(BJ31,5,FESTIVOS_CO!A:A)) -> 46057 | BN31: =IF( AND(AZ31="CITACIÓN COMPLETA EN ESPERA DE NOTIFICACION PERSONAL",BB31="NO"), "PENDIENTE HACER AVISO", IF(AND(BC31<>"",BD31<>""), "NOTIFICACIÓN PERSONAL COMPLETA", IF(BR31="SI", "NOTIFICACIÓN POR AVISO TERMINADA", IF(BE31="NO PROCEDE", "NO PROCEDE", IF(BF31="", "PENDIENTE HACER AVISO", IF(BG31="", "PENDIENTE REVISIÓN AVISO", IF(BH31="", "PENDIENTE FIRMA AVISO", IF(BI31="", "PENDIENTE RADICAR AVISO", IF(BL31="", "EN TRÁMITE DE ENTREGA AVISO", IF(BL31="NO", "PUBLICAR AVISO CARTELERA", IF(BL31="SI", "VERIFICAR SI PROCEDE RECURSO", IF(BE31="HACER AVISO", "HACER AVISO", "NO APLICA" )))))))))))) -> VERIFICAR SI PROCEDE RECURSO | BO31: =IF(BN31="NOTIFICACIÓN PERSONAL COMPLETA", "NO PROCEDE AVISO", IF(BR31="SI", "NOTIFICACION POR AVISO TERMINADA", IF(BE31="NO PROCEDE", "NO PROCEDE AVISO", IF(BN31="VERIFICAR SI PROCEDE RECURSO", "NOTIFICACIÓN POR AVISO COMPLETA", "EN TRÁMITE NOTIF. POR AVISO" )))) -> NOTIFICACIÓN POR AVISO COMPLETA | BQ31: =IF(BP31="","",WORKDAY(BP31,5,FESTIVOS_CO!A:A)) | BS31: SI | BT31: RECURSO DE REPOSICION | BU31: =VLOOKUP(BT31,Hoja2!$C:$D,2,0) -> 10 | BV31: =IF( AND(AO31="",BD31="",BQ31=""), "EN PROCESO NOTIFICACION / COMUNICACION", IF( BT31="", "NO APLICA", IF( BU31=60, IF(AO31<>"",AO31,IF(BD31<>"",BD31,BQ31))+60, WORKDAY( IF(AO31<>"",AO31,IF(BD31<>"",BD31,BQ31)), BU31, FESTIVOS_CO!A:A ) ) )) -> EN PROCESO NOTIFICACION / COMUNICACION | BW31: SI | CA31: =IF(BW31<>"SI", "PENDIENTE EJECUTORIA", IF(AND(BX31="",BY31="",BZ31=""), "PENDIENTE HACER EJECUTORIA", IF(AND(BX31<>"",BY31="",BZ31=""), "PENDIENTE REVISION EJECUTORIA", IF(AND(BX31<>"",BY31<>"",BZ31=""), "PENDIENTE FIRMA EJECUTORIA", "PROCESO EJECUTORIA TERMINADO" )))) -> PENDIENTE HACER EJECUTORIA | CB31: =IF(CC31="NO", "NO APLICA", IF(CC31="SI", IF(COUNTBLANK(CC31:CH31)>0, "PENDIENTE MEMORANDO", "MEMORANDOS ENVIADOS" ), IF(CI31="NO", "NO APLICA", IF(CI31="SI", IF(COUNTBLANK(CJ31:CN31)>0, "PENDIENTES OFICIOS", "OFICIOS ENVIADOS" ), "" ) ) ))
A32: =IF( AND(Q32="NO",S32<>"SI"), "TERMINADO PRODUCTO NO CONFORME", IF( AND( COUNTBLANK(AJ32:AO32)=COLUMNS(AJ32:AO32), COUNTBLANK(AQ32:AY32)=COLUMNS(AQ32:AY32), COUNTBLANK(BC32:BD32)=COLUMNS(BC32:BD32), COUNTBLANK(BF32:BM32)=COLUMNS(BF32:BM32), COUNTBLANK(BP32:BR32)=COLUMNS(BP32:BR32) ), "SIN GESTIÓN", IF( AND(BC32<>"",BD32<>"",AO32="",AX32="",BQ32=""), "NOTIFICADO POR CONDUCTA CONCLUYENTE", IF( AI32="NOTIFICACIÓN ELECTRÓNICA EFECTIVA", CA32, IF( OR( AI32="NO PROCEDE NOTIFICACIÓN ELECTRÓNICA", AI32="REALIZAR CITACIÓN", AI32="NOTIFICACIÓN ELECTRÓNICA NO EFECTIVA" ), IF( AZ32="HACER AVISO", IF( OR( BN32="NOTIFICACIÓN POR AVISO TERMINADA", BN32="NOTIFICACIÓN PERSONAL COMPLETA" ), CA32, BN32 ), AZ32 ), AI32 ) ) ) )) -> TERMINADO PRODUCTO NO CONFORME | B32: Daniel Torres | C32: 46031 | D32: 46031 | E32: =IF(AN32="SI", "NOTIFICACIÓN ELECTRÓNICA", IF(AND(BC32<>"",BD32<>""), "NOTIFICACIÓN PERSONAL", IF(BL32="SI", "NOTIFICACIÓN POR AVISO", "PENDIENTE NOTIFICACIÓN" ))) -> PENDIENTE NOTIFICACIÓN | F32: =IF( AND(AN32<>"SI",AW32<>"SI",BL32<>"SI",BC32="",BD32=""), "PENDIENTE NOTIFICACIÓN", IF(AN32="SI", AO32, IF(AW32="SI", AX32, IF(AND(BC32<>"",BD32<>""), BD32, IF(BL32="SI", BQ32, "PENDIENTE NOTIFICACIÓN" ))))) -> PENDIENTE NOTIFICACIÓN | G32: =IF( OR( C32="", F32="PENDIENTE NOTIFICACIÓN", NOT(ISNUMBER(C32)), NOT(ISNUMBER(F32)), F32<C32 ), "", F32-C32 ) | H32: =IF( L32="", "", IF( NETWORKDAYS(L32,IF(M32<>"",M32,TODAY()),FESTIVOS_CO!A:A)>2, "VENCIDO", IF( NETWORKDAYS(L32,IF(M32<>"",M32,TODAY()),FESTIVOS_CO!A:A)=2, "ALERTA", "A TIEMPO" ))) -> ALERTA | I32: PRODUCTO NO CONFORME - FUE AJUSTADA CON EL RADICADO 20264100000507CS Y ASIGNADA A ANDRÉS MAESTRE. | J32: 20254100108587CS | K32: 46009 | L32: 46030 | M32: 46031 | Q32: NO | R32: DATOS DE NOTIFICACIÓN ERRÓNEOS | U32: 410 GRUPO DE PERMISOS DE ESTADO EMPRESARIALES | V32: 2025002482CE | W32: 45785 | Y32: 804011987 | Z32: VIGILANCIA Y SEGURIDAD PRIVADA DINAPOWER LTDA. | AA32: Calle 55 71 54 | AC32: dinapowerltda@gmail.com | AD32: CESIÓN E INCLUSIÓN DE NUEVOS SOCIOS, FUSIÓN, LIQUIDACIÓN Y VENTA DE EMPRESA | AE32: NO APLICA | AF32: AUTORIZA | AG32: NO | AI32: =IF(AL32="NO", "REALIZAR CITACIÓN", IF(AND(AJ32="SI",AL32<>"SI",AL32<>"NO"), "PENDIENTE ENTREGA NOTIFICACIÓN ELECTRÓNICA", IF(AND(AJ32="SI",AL32="SI",AN32="SI"), "NOTIFICACIÓN ELECTRÓNICA EFECTIVA", IF(AND(AJ32="",AK32="",AL32="",AM32="",AN32="",AO32=""), "PENDIENTE NOTIFICACIÓN ELECTRÓNICA", IF(AJ32="NO", "NO PROCEDE NOTIFICACIÓN ELECTRÓNICA", IF(AND(AJ32="SI",F32=""), "PENDIENTE ENVÍO NOTIFICACIÓN ELECTRÓNICA", IF(AND(AJ32="SI",TODAY()-F32<=5), "EN ESPERA DE NOTIFICACIÓN ELECTRÓNICA (5 DÍAS)", "NOTIFICACIÓN ELECTRÓNICA NO EFECTIVA" ))))))) -> PENDIENTE NOTIFICACIÓN ELECTRÓNICA | AM32: =IF(AK32="","",WORKDAY(AK32,5,FESTIVOS_CO!A:A)) | AP32: =IF( ISNUMBER(SEARCH("PENDIENTE",UPPER(AI32))), "NO APLICA", IF( COUNTBLANK(AJ32:AL32)=COUNTA(AJ32:AL32), "NO APLICA", IF( UPPER(AN32)="SI", "NO PROCEDE CITACION", "NOTIFICAR POR CITACION" ) ) ) -> NO APLICA | AY32: =IF(AU32="","",WORKDAY(AU32,5,FESTIVOS_CO!A:A)) | AZ32: =IF( AND(BB32="SI",BC32<>"",BD32<>""), "NOTIFICACIÓN PERSONAL COMPLETA", IF( AND(AO32="",AX32="",BQ32="",BC32<>"",BD32<>""), "NOTIFICADO POR CONDUCTA CONCLUYENTE", IF(AP32="NO PROCEDE CITACION", "NO PROCEDE", IF(AP32="NO APLICA", "NO APLICA", IF(AW32="NO", "HACER AVISO", IF(AQ32="", "PENDIENTE GESTIONAR CITACIÓN", IF(AS32="", "PENDIENTE FIRMA", IF(AR32="", "PENDIENTE REVISIÓN", IF(AT32="", "PENDIENTE RADICAR", "CITACIÓN COMPLETA EN ESPERA PRESENTACION PERSONAL" ))))))))) -> NO APLICA | BA32: =IF(AX32="","",WORKDAY(AX32,5,FESTIVOS_CO!A:A)) | BE32: =IF(AZ32="NO PROCEDE", "NO PROCEDE",IF(OR(AZ32="HACER AVISO",BB32="NO"), "HACER AVISO", "NO APLICA")) -> NO APLICA | BM32: =IF(BJ32="","",WORKDAY(BJ32,5,FESTIVOS_CO!A:A)) | BN32: =IF( AND(AZ32="CITACIÓN COMPLETA EN ESPERA DE NOTIFICACION PERSONAL",BB32="NO"), "PENDIENTE HACER AVISO", IF(AND(BC32<>"",BD32<>""), "NOTIFICACIÓN PERSONAL COMPLETA", IF(BR32="SI", "NOTIFICACIÓN POR AVISO TERMINADA", IF(BE32="NO PROCEDE", "NO PROCEDE", IF(BF32="", "PENDIENTE HACER AVISO", IF(BG32="", "PENDIENTE REVISIÓN AVISO", IF(BH32="", "PENDIENTE FIRMA AVISO", IF(BI32="", "PENDIENTE RADICAR AVISO", IF(BL32="", "EN TRÁMITE DE ENTREGA AVISO", IF(BL32="NO", "PUBLICAR AVISO CARTELERA", IF(BL32="SI", "VERIFICAR SI PROCEDE RECURSO", IF(BE32="HACER AVISO", "HACER AVISO", "NO APLICA" )))))))))))) -> PENDIENTE HACER AVISO | BO32: =IF(BN32="NOTIFICACIÓN PERSONAL COMPLETA", "NO PROCEDE AVISO", IF(BR32="SI", "NOTIFICACION POR AVISO TERMINADA", IF(BE32="NO PROCEDE", "NO PROCEDE AVISO", IF(BN32="VERIFICAR SI PROCEDE RECURSO", "NOTIFICACIÓN POR AVISO COMPLETA", "EN TRÁMITE NOTIF. POR AVISO" )))) -> EN TRÁMITE NOTIF. POR AVISO | BQ32: =IF(BP32="","",WORKDAY(BP32,5,FESTIVOS_CO!A:A)) | BU32: =VLOOKUP(BT32,Hoja2!$C:$D,2,0) -> #N/A | BV32: =IF( AND(AO32="",BD32="",BQ32=""), "EN PROCESO NOTIFICACION / COMUNICACION", IF( BT32="", "NO APLICA", IF( BU32=60, IF(AO32<>"",AO32,IF(BD32<>"",BD32,BQ32))+60, WORKDAY( IF(AO32<>"",AO32,IF(BD32<>"",BD32,BQ32)), BU32, FESTIVOS_CO!A:A ) ) )) -> EN PROCESO NOTIFICACION / COMUNICACION | CA32: =IF(BW32<>"SI", "PENDIENTE EJECUTORIA", IF(AND(BX32="",BY32="",BZ32=""), "PENDIENTE HACER EJECUTORIA", IF(AND(BX32<>"",BY32="",BZ32=""), "PENDIENTE REVISION EJECUTORIA", IF(AND(BX32<>"",BY32<>"",BZ32=""), "PENDIENTE FIRMA EJECUTORIA", "PROCESO EJECUTORIA TERMINADO" )))) -> PENDIENTE EJECUTORIA | CB32: =IF(CC32="NO", "NO APLICA", IF(CC32="SI", IF(COUNTBLANK(CC32:CH32)>0, "PENDIENTE MEMORANDO", "MEMORANDOS ENVIADOS" ), IF(CI32="NO", "NO APLICA", IF(CI32="SI", IF(COUNTBLANK(CJ32:CN32)>0, "PENDIENTES OFICIOS", "OFICIOS ENVIADOS" ), "" ) ) ))
